Workbook

Sheet IO Table 2015 OECD
A3: Dataset: Input-Output Tables 2018 edition
A4: Variable | C4: DOMIMP: Domestic output and imports
A5: Country | C5: TUN: Tunisia
A6: Time | C6: 2015
A7: Unit | C7: US Dollar, Millions
A8: To: (sector in column) | C8: D01T03: Agriculture, forestry and fishing | D8: D05T06: Mining and extraction of energy producing products | E8: D07T08: Mining and quarrying of non-energy producing products | F8: D09: Mining support service activities | G8: D10T12: Food products, beverages and tobacco | H8: D13T15: Textiles, wearing apparel, leather and related products | I8: D16: Wood and products of wood and cork | J8: D17T18: Paper products and printing | K8: D19: Coke and refined petroleum products | L8: D20T21: Chemicals and pharmaceutical products | M8: D22: Rubber and plastic products | N8: D23: Other non-metallic mineral products | O8: D24: Basic metals | P8: D25: Fabricated metal products | Q8: D26: Computer, electronic and optical products | R8: D27: Electrical equipment | S8: D28: Machinery and equipment, nec | T8: D29: Motor vehicles, trailers and semi-trailers | U8: D30: Other transport equipment | V8: D31T33: Other manufacturing; repair and installation of machinery and equipment | W8: D35T39: Electricity, gas, water supply, sewerage, waste and remediation services | X8: D41T43: Construction | Y8: D45T47: Wholesale and retail trade; repair of motor vehicles | Z8: D49T53: Transportation and storage | AA8: D55T56: Accomodation and food services | AB8: D58T60: Publishing, audiovisual and broadcasting activities | AC8: D61: Telecommunications | AD8: D62T63: IT and other information services | AE8: D64T66: Financial and insurance activities | AF8: D68: Real estate activities | AG8: D69T82: Other business sector services | AH8: D84: Public admin. and defence; compulsory social security | AI8: D85: Education | AJ8: D86T88: Human health and social work | AK8: D90T96: Arts, entertainment, recreation and other service activities | AL8: D97T98: Private households with employed persons | AM8: HFCE: Final consumption expenditure of households | AN8: NPISH: Final consumption expenditure of non-profit institutions serving households | AO8: GGFC: Final consumption expenditure of general government | AP8: GFCF: Gross Fixed Capital Formation | AQ8: INVNT: Changes in inventories | AR8: CONS_ABR: Direct purchases abroad by residents (imports) | AS8: CONS_NONRES: Direct purchases by non-residents (exports) | AT8: EXPO: Exports (cross border) | AU8: IMPO: Imports (cross border) | AV8: TOTAL: Total
A9: From: (sector in row)
A10: DOM_01T03: Agriculture, forestry and fishing | C10: 854 | D10: 1.7 | E10: 1.3 | F10: 0.5 | G10: 1704.7 | H10: 119.5 | I10: 75.5 | J10: 43.2 | K10: 0.7 | L10: 41 | M10: 10.9 | N10: 1 | O10: 2.4 | P10: 0.5 | Q10: 0.4 | R10: 1.5 | S10: 0.6 | T10: 0.4 | U10: 0.2 | V10: 12.1 | W10: 2.9 | X10: 15.4 | Y10: 53.1 | Z10: 4.2 | AA10: 192.1 | AB10: 1.4 | AC10: 0.1 | AD10: 0.1 | AE10: 0.5 | AF10: 1.2 | AG10: 4.2 | AH10: 72.5 | AI10: 7.4 | AJ10: 51.6 | AK10: 10.8 | AL10: 0 | AM10: 2463.2 | AN10: 0.2 | AO10: 104.5 | AP10: 77.4 | AQ10: -21.7 | AR10: 0 | AS10: 3.6 | AT10: 451.7 | AU10: 0 | AV10: 6368.4
A11: DOM_05T06: Mining and extraction of energy producing products | C11: 13.5 | D11: 240.3 | E11: 1.2 | F11: 33.9 | G11: 12.6 | H11: 4.9 | I11: 0.4 | J11: 6.8 | K11: 778.7 | L11: 123.3 | M11: 5 | N11: 15.6 | O11: 16.7 | P11: 1.2 | Q11: 0.8 | R11: 4.1 | S11: 1.5 | T11: 5.1 | U11: 0.6 | V11: 1.7 | W11: 165.6 | X11: 4.5 | Y11: 13.5 | Z11: 19.9 | AA11: 22.9 | AB11: 0.9 | AC11: 2.6 | AD11: 0.1 | AE11: 0.9 | AF11: 2.9 | AG11: 2.1 | AH11: 18.4 | AI11: 4.1 | AJ11: 70.1 | AK11: 16.7 | AL11: 0 | AM11: 65.9 | AN11: 0 | AO11: 1.3 | AP11: 22.4 | AQ11: -16.8 | AR11: 0 | AS11: 0 | AT11: 681.6 | AU11: 0 | AV11: 2367.2
A12: DOM_07T08: Mining and quarrying of non-energy producing products | C12: 9 | D12: 5.1 | E12: 49.3 | F12: 3.8 | G12: 2.1 | H12: 2.4 | I12: 0.2 | J12: 3.7 | K12: 1.3 | L12: 67.9 | M12: 0.6 | N12: 153.3 | O12: 45.8 | P12: 1.5 | Q12: 0.7 | R12: 2.7 | S12: 1.5 | T12: 0.3 | U12: 0.3 | V12: 6.6 | W12: 3.8 | X12: 134 | Y12: 3.2 | Z12: 2.3 | AA12: 0.1 | AB12: 0 | AC12: 0 | AD12: 0 | AE12: 0 | AF12: 2.7 | AG12: 0.4 | AH12: 17.1 | AI12: 0.2 | AJ12: 0.7 | AK12: 1 | AL12: 0 | AM12: 6.5 | AN12: 0 | AO12: 0.1 | AP12: 2.2 | AQ12: -0.5 | AR12: 0 | AS12: 0 | AT12: 38.1 | AU12: 0 | AV12: 570
A13: DOM_09: Mining support service activities | C13: 33.7 | D13: 195.8 | E13: 23.6 | F13: 29.3 | G13: 2 | H13: 0 | I13: 0.1 | J13: 1 | K13: 0.7 | L13: 1 | M13: 1.1 | N13: 1 | O13: 0.2 | P13: 0 | Q13: 0 | R13: 0 | S13: 0.6 | T13: 0 | U13: 0 | V13: 0.5 | W13: 4.7 | X13: 20.1 | Y13: 0 | Z13: 0.9 | AA13: 0 | AB13: 0 | AC13: 0 | AD13: 0 | AE13: 0 | AF13: 0 | AG13: 0.2 | AH13: 8.1 | AI13: 0.6 | AJ13: 0.1 | AK13: 0 | AL13: 0 | AM13: 0 | AN13: 0 | AO13: 24.6 | AP13: 0 | AQ13: 0 | AR13: 0 | AS13: 0 | AT13: 1.6 | AU13: 0 | AV13: 351.6
A14: DOM_10T12: Food products, beverages and tobacco | C14: 554.8 | D14: 0.1 | E14: 0.2 | F14: 0.2 | G14: 780.3 | H14: 52.4 | I14: 0.6 | J14: 5.1 | K14: 0.8 | L14: 43.6 | M14: 0.9 | N14: 1.5 | O14: 0.2 | P14: 0.2 | Q14: 0.4 | R14: 0.7 | S14: 0.3 | T14: 0.3 | U14: 0.2 | V14: 1.7 | W14: 3.4 | X14: 4.9 | Y14: 36.7 | Z14: 4 | AA14: 731.8 | AB14: 2 | AC14: 0.5 | AD14: 0.1 | AE14: 1.2 | AF14: 1.1 | AG14: 3.5 | AH14: 161.6 | AI14: 16.4 | AJ14: 307.3 | AK14: 44.1 | AL14: 0 | AM14: 901 | AN14: 0.5 | AO14: 53.5 | AP14: 0.1 | AQ14: 8.7 | AR14: 0 | AS14: 16.5 | AT14: 1528.4 | AU14: 0 | AV14: 5271.9
A15: DOM_13T15: Textiles, wearing apparel, leather and related products | C15: 8.2 | D15: 2.5 | E15: 0.7 | F15: 0.6 | G15: 3 | H15: 954.6 | I15: 1.1 | J15: 4.8 | K15: 0.2 | L15: 8.8 | M15: 6.8 | N15: 2.4 | O15: 0.3 | P15: 0.9 | Q15: 2.9 | R15: 4.4 | S15: 1.4 | T15: 10.4 | U15: 1.3 | V15: 27.6 | W15: 2.2 | X15: 8.1 | Y15: 18.4 | Z15: 5.1 | AA15: 9.9 | AB15: 2.4 | AC15: 0.7 | AD15: 0.2 | AE15: 1.9 | AF15: 0.2 | AG15: 2.3 | AH15: 47.8 | AI15: 2.6 | AJ15: 105.4 | AK15: 12.3 | AL15: 0 | AM15: 1410.3 | AN15: 0 | AO15: 5.7 | AP15: 4.5 | AQ15: 2.6 | AR15: 0 | AS15: 10.5 | AT15: 2246.3 | AU15: 0 | AV15: 4942.7
A16: DOM_16: Wood and of products of wood and cork (except furniture) | C16: 5.3 | D16: 1.9 | E16: 0.9 | F16: 0.3 | G16: 2.1 | H16: 3.4 | I16: 40.9 | J16: 7.7 | K16: 0.2 | L16: 3.3 | M16: 1.4 | N16: 4.2 | O16: 0.3 | P16: 1.7 | Q16: 1.7 | R16: 4 | S16: 1.5 | T16: 3.8 | U16: 1.2 | V16: 57.8 | W16: 1.7 | X16: 91.7 | Y16: 5.8 | Z16: 1.7 | AA16: 2.6 | AB16: 1.2 | AC16: 0.4 | AD16: 0.1 | AE16: 0.2 | AF16: 7.4 | AG16: 1.2 | AH16: 5.5 | AI16: 1.1 | AJ16: 2.5 | AK16: 4.1 | AL16: 0 | AM16: 35.3 | AN16: 0 | AO16: 0.1 | AP16: 11.7 | AQ16: -6.7 | AR16: 0 | AS16: 0.4 | AT16: 23.4 | AU16: 0 | AV16: 335.3
A17: DOM_17T18: Paper products and printing | C17: 0.2 | D17: 0.1 | E17: 0.1 | F17: 0 | G17: 0.6 | H17: 0.6 | I17: 0 | J17: 5 | K17: 0 | L17: 0.4 | M17: 0.1 | N17: 0.2 | O17: 0 | P17: 0.1 | Q17: 0.2 | R17: 0.2 | S17: 0.1 | T17: 0.1 | U17: 0 | V17: 0.2 | W17: 0.2 | X17: 0.2 | Y17: 2.1 | Z17: 0.5 | AA17: 0.4 | AB17: 6.6 | AC17: 0.9 | AD17: 0.2 | AE17: 0.9 | AF17: 0.1 | AG17: 0.6 | AH17: 5.8 | AI17: 1.2 | AJ17: 3.4 | AK17: 1.4 | AL17: 0 | AM17: 202.9 | AN17: 0 | AO17: 0.1 | AP17: 99.6 | AQ17: -97.3 | AR17: 0 | AS17: 1.4 | AT17: 221.5 | AU17: 0 | AV17: 461
A18: DOM_19: Coke and refined petroleum products | C18: 67.2 | D18: 24.7 | E18: 15.1 | F18: 5.5 | G18: 11.2 | H18: 12.9 | I18: 1.6 | J18: 4.8 | K18: 30.5 | L18: 65.6 | M18: 2.9 | N18: 19.3 | O18: 16.9 | P18: 2.6 | Q18: 3.6 | R18: 9.6 | S18: 3.3 | T18: 3.5 | U18: 0.8 | V18: 4.8 | W18: 23.3 | X18: 42.9 | Y18: 36 | Z18: 209.9 | AA18: 11.4 | AB18: 2.5 | AC18: 5.5 | AD18: 0.9 | AE18: 5.5 | AF18: 3.6 | AG18: 7.4 | AH18: 91.4 | AI18: 6 | AJ18: 61.7 | AK18: 10.7 | AL18: 0 | AM18: 528 | AN18: 0 | AO18: 5 | AP18: 71.9 | AQ18: -54.6 | AR18: 0 | AS18: 3.4 | AT18: 376.8 | AU18: 0 | AV18: 1755.8
A19: DOM_20T21: Chemicals and pharmaceutical products | C19: 30.1 | D19: 4.1 | E19: 2 | F19: 0.6 | G19: 4.9 | H19: 27.8 | I19: 1.6 | J19: 8.6 | K19: 4.2 | L19: 95.8 | M19: 26 | N19: 7 | O19: 4.9 | P19: 2.3 | Q19: 6.1 | R19: 12.7 | S19: 1.9 | T19: 3.8 | U19: 0.8 | V19: 4.9 | W19: 2.2 | X19: 8.1 | Y19: 3.4 | Z19: 1.6 | AA19: 1.7 | AB19: 1.4 | AC19: 0.2 | AD19: 0 | AE19: 0.3 | AF19: 1.1 | AG19: 1.3 | AH19: 8.2 | AI19: 1.4 | AJ19: 117.5 | AK19: 4.3 | AL19: 0 | AM19: 463.2 | AN19: 0 | AO19: 43.2 | AP19: 1.6 | AQ19: 4.9 | AR19: 0 | AS19: 2.9 | AT19: 896.2 | AU19: 0 | AV19: 1814.6
A20: DOM_22: Rubber and plastics products | C20: 2 | D20: 1.5 | E20: 0.7 | F20: 0.3 | G20: 7 | H20: 6.4 | I20: 0.4 | J20: 2.1 | K20: 0.2 | L20: 4.5 | M20: 10.2 | N20: 1.9 | O20: 0.8 | P20: 1.1 | Q20: 6 | R20: 11.8 | S20: 3 | T20: 8.7 | U20: 0.6 | V20: 4 | W20: 1 | X20: 13.8 | Y20: 5.6 | Z20: 3.8 | AA20: 1.9 | AB20: 0.4 | AC20: 1.1 | AD20: 0.1 | AE20: 0.3 | AF20: 0.4 | AG20: 0.7 | AH20: 4 | AI20: 0.4 | AJ20: 10 | AK20: 1.2 | AL20: 0 | AM20: 23.9 | AN20: 0 | AO20: 0.3 | AP20: 1.7 | AQ20: -2.3 | AR20: 0 | AS20: 0 | AT20: 301.6 | AU20: 0 | AV20: 443.1
A21: DOM_23: Other non-metallic mineral products | C21: 8.3 | D21: 5.2 | E21: 9.5 | F21: 1.6 | G21: 16.9 | H21: 5.2 | I21: 2.5 | J21: 1.1 | K21: 0.4 | L21: 10.8 | M21: 4.3 | N21: 142.8 | O21: 7.1 | P21: 5.1 | Q21: 22.8 | R21: 23.9 | S21: 5.5 | T21: 12.4 | U21: 1.5 | V21: 6.3 | W21: 3.6 | X21: 417.6 | Y21: 10.7 | Z21: 3.8 | AA21: 7.5 | AB21: 0.6 | AC21: 1.5 | AD21: 0.1 | AE21: 0.7 | AF21: 6.2 | AG21: 1.8 | AH21: 18.6 | AI21: 2.7 | AJ21: 30.6 | AK21: 3.9 | AL21: 0 | AM21: 126.4 | AN21: 0 | AO21: 0.3 | AP21: 12.4 | AQ21: -3.1 | AR21: 0 | AS21: 0 | AT21: 267.6 | AU21: 0 | AV21: 1206.8
... A86: OUTPUT: Output at basic prices | C86: 6368.4 | D86: 2367.2 | E86: 570 | F86: 351.6 | G86: 5271.9 | H86: 4942.7 | I86: 335.3 | J86: 461 | K86: 1755.8 | L86: 1814.6 | M86: 443.1 | N86: 1206.8 | O86: 853.1 | P86: 625.1 | Q86: 1594.3 | R86: 2338.2 | S86: 919.1 | T86: 1652.5 | U86: 203.5 | V86: 886.6 | W86: 1224.3 | X86: 3595 | Y86: 5021.6 | Z86: 5080.2 | AA86: 3418.7 | AB86: 756.9 | AC86: 1369.9 | AD86: 216.4 | AE86: 1568.5 | AF86: 856.3 | AG86: 1026.4 | AH86: 6456.2 | AI86: 765 | AJ86: 9286.1 | AK86: 2036.1 | AL86: 150.2 | AM86: 0 | AN86: 0 | AO86: 0 | AP86: 0 | AQ86: 0 | AR86: 0 | AS86: 0 | AT86: 0 | AU86: 0 | AV86: 77788.9
A87: Data extracted on 28 Oct 2019 14:28 UTC (GMT) from OECD.Stat
A90: Weited average for multiplier averages
C91: =C8 -> D01T03: Agriculture, forestry and fishing | D91: =D8 -> D05T06: Mining and extraction of energy producing products | E91: =E8 -> D07T08: Mining and quarrying of non-energy producing products | F91: =F8 -> D09: Mining support service activities | G91: =G8 -> D10T12: Food products, beverages and tobacco | H91: =H8 -> D13T15: Textiles, wearing apparel, leather and related products | I91: =I8 -> D16: Wood and products of wood and cork | J91: =J8 -> D17T18: Paper products and printing | ... AV91: =AV8 -> TOTAL: Total
A92: Industry | B92: =SUM(C92:X92) -> 216.8 | C92: =C30 -> 13.4 | D92: =D30 -> 13.1 | E92: =E30 -> 4 | F92: =F30 -> 1.5 | G92: =G30 -> 10.7 | H92: =H30 -> 15.2 | I92: =I30 -> 1.4 | J92: =J30 -> 10.5 | ... X92: =X30 -> 8.4
A93: Fraction | C93: =C92/$B92 -> 0.061808118 | D93: =D92/$B92 -> 0.060424354 | E93: =E92/$B92 -> 0.018450185 | F93: =F92/$B92 -> 0.0069188192 | G93: =G92/$B92 -> 0.049354244 | H93: =H92/$B92 -> 0.070110701 | I93: =I92/$B92 -> 0.0064575646 | J93: =J92/$B92 -> 0.048431734 | ... X93: =X92/$B92 -> 0.038745387
A94: Multiplier | C94: ='Leontief Inverse'!B39 -> 1.5098059 | D94: ='Leontief Inverse'!C39 -> 1.428431 | E94: ='Leontief Inverse'!D39 -> 1.440121 | F94: ='Leontief Inverse'!E39 -> 1.4459221 | G94: ='Leontief Inverse'!F39 -> 1.9610848 | H94: ='Leontief Inverse'!G39 -> 1.5094898 | I94: ='Leontief Inverse'!H39 -> 1.7394876 | J94: ='Leontief Inverse'!I39 -> 1.6469248 | ... AV94: ='Leontief Inverse'!AU39 -> 0
A95: Average | B95: =SUM(C95:AL95) -> 1.5584495 | C95: =C94*C93 -> 0.093318263 | D95: =D94*D93 -> 0.08631202 | E95: =E94*E93 -> 0.026570498 | F95: =F94*F93 -> 0.010004074 | G95: =G94*G93 -> 0.096787859 | H95: =H94*H93 -> 0.10583139 | I95: =I94*I93 -> 0.011232854 | J95: =J94*J93 -> 0.079763424 | ... AL95: =AL94*AL93 -> 0
A96: Commerce | B96: =SUM(Y96:AK96) -> 307.5 | Y96: =Y30 -> 17.3 | Z96: =Z30 -> 11.4 | AA96: =AA30 -> 16.1 | AB96: =AB30 -> 3 | AC96: =AC30 -> 6 | AD96: =AD30 -> 0.7 | AE96: =AE30 -> 4 | AF96: =AF30 -> 11.4 | ... AK96: =AK30 -> 12.4 | AL96: =AL92 -> 0 | AM96: =AM92 -> 0 | AN96: =AN92 -> 0 | AO96: =AO92 -> 0 | AP96: =AP92 -> 0 | AQ96: =AQ92 -> 0 | AR96: =AR92 -> 0 | AS96: =AS92 -> 0 | ... AV96: =AV92 -> 0
A97: Fraction | Y97: =Y96/$B96 -> 0.056260163 | Z97: =Z96/$B96 -> 0.037073171 | AA97: =AA96/$B96 -> 0.052357724 | AB97: =AB96/$B96 -> 0.0097560976 | AC97: =AC96/$B96 -> 0.019512195 | AD97: =AD96/$B96 -> 0.0022764228 | AE97: =AE96/$B96 -> 0.01300813 | AF97: =AF96/$B96 -> 0.037073171 | ... AK97: =AK96/$B96 -> 0.040325203
A98: Multiplier | C98: ='Leontief Inverse'!B39 -> 1.5098059 | D98: ='Leontief Inverse'!C39 -> 1.428431 | E98: ='Leontief Inverse'!D39 -> 1.440121 | F98: ='Leontief Inverse'!E39 -> 1.4459221 | G98: ='Leontief Inverse'!F39 -> 1.9610848 | H98: ='Leontief Inverse'!G39 -> 1.5094898 | I98: ='Leontief Inverse'!H39 -> 1.7394876 | J98: ='Leontief Inverse'!I39 -> 1.6469248 | ... AL98: ='Leontief Inverse'!AK39 -> 1
A99: Average | B99: =SUM(C99:AL99) -> 1.4315957 | C99: =C98*C97 -> 0 | D99: =D98*D97 -> 0 | E99: =E98*E97 -> 0 | F99: =F98*F97 -> 0 | G99: =G98*G97 -> 0 | H99: =H98*H97 -> 0 | I99: =I98*I97 -> 0 | J99: =J98*J97 -> 0 | ... AL99: =AL98*AL97 -> 0
A100: Household (assumed consumption is the economic driver of everything so an average accorss the economy is used)
A101: Fraction | C101: =C86/SUM($C86:$AL86) -> 0.081868037 | D101: =D86/SUM($C86:$AL86) -> 0.030431194 | E101: =E86/SUM($C86:$AL86) -> 0.0073275519 | F101: =F86/SUM($C86:$AL86) -> 0.0045199425 | G101: =G86/SUM($C86:$AL86) -> 0.067772141 | H101: =H86/SUM($C86:$AL86) -> 0.063540159 | I101: =I86/SUM($C86:$AL86) -> 0.0043104002 | J101: =J86/SUM($C86:$AL86) -> 0.0059263183 | ... AL101: =AL86/SUM($C86:$AL86) -> 0.0019308742
A102: Multiplier | C102: ='Leontief Inverse'!B39 -> 1.5098059 | D102: ='Leontief Inverse'!C39 -> 1.428431 | E102: ='Leontief Inverse'!D39 -> 1.440121 | F102: ='Leontief Inverse'!E39 -> 1.4459221 | G102: ='Leontief Inverse'!F39 -> 1.9610848 | H102: ='Leontief Inverse'!G39 -> 1.5094898 | I102: ='Leontief Inverse'!H39 -> 1.7394876 | J102: ='Leontief Inverse'!I39 -> 1.6469248 | ... AL102: ='Leontief Inverse'!AK39 -> 1
A103: Average | B103: =SUM(C103:AL103) -> 1.524173 | C103: =C102*C101 -> 0.12360485 | D103: =D102*D101 -> 0.043468861 | E103: =E102*E101 -> 0.010552561 | F103: =F102*F101 -> 0.0065354849 | G103: =G102*G101 -> 0.13290692 | H103: =H102*H101 -> 0.095913219 | I103: =I102*I101 -> 0.0074978878 | J103: =J102*J101 -> 0.0097602004 | ... AL103: =AL102*AL101 -> 0.0019308742

Sheet A-Matrix
B2: D01T03: Agriculture, forestry and fishing | C2: D05T06: Mining and extraction of energy producing products | D2: D07T08: Mining and quarrying of non-energy producing products | E2: D09: Mining support service activities | F2: D10T12: Food products, beverages and tobacco | G2: D13T15: Textiles, wearing apparel, leather and related products | H2: D16: Wood and products of wood and cork | I2: D17T18: Paper products and printing | J2: D19: Coke and refined petroleum products | K2: D20T21: Chemicals and pharmaceutical products | L2: D22: Rubber and plastic products | M2: D23: Other non-metallic mineral products | N2: D24: Basic metals | O2: D25: Fabricated metal products | P2: D26: Computer, electronic and optical products | Q2: D27: Electrical equipment | R2: D28: Machinery and equipment, nec | S2: D29: Motor vehicles, trailers and semi-trailers | T2: D30: Other transport equipment | U2: D31T33: Other manufacturing; repair and installation of machinery and equipment | V2: D35T39: Electricity, gas, water supply, sewerage, waste and remediation services | W2: D41T43: Construction | X2: D45T47: Wholesale and retail trade; repair of motor vehicles | Y2: D49T53: Transportation and storage | Z2: D55T56: Accomodation and food services | AA2: D58T60: Publishing, audiovisual and broadcasting activities | AB2: D61: Telecommunications | AC2: D62T63: IT and other information services | AD2: D64T66: Financial and insurance activities | AE2: D68: Real estate activities | AF2: D69T82: Other business sector services | AG2: D84: Public admin. and defence; compulsory social security | AH2: D85: Education | AI2: D86T88: Human health and social work | AJ2: D90T96: Arts, entertainment, recreation and other service activities | AK2: D97T98: Private households with employed persons
A3: DOM_01T03: Agriculture, forestry and fishing | B3: ='IO Table 2015 OECD'!C10/'IO Table 2015 OECD'!C$86 -> 0.13409962 | C3: ='IO Table 2015 OECD'!D10/'IO Table 2015 OECD'!D$86 -> 0.00071814802 | D3: ='IO Table 2015 OECD'!E10/'IO Table 2015 OECD'!E$86 -> 0.0022807018 | E3: ='IO Table 2015 OECD'!F10/'IO Table 2015 OECD'!F$86 -> 0.0014220705 | F3: ='IO Table 2015 OECD'!G10/'IO Table 2015 OECD'!G$86 -> 0.32335591 | G3: ='IO Table 2015 OECD'!H10/'IO Table 2015 OECD'!H$86 -> 0.024177069 | H3: ='IO Table 2015 OECD'!I10/'IO Table 2015 OECD'!I$86 -> 0.22517149 | I3: ='IO Table 2015 OECD'!J10/'IO Table 2015 OECD'!J$86 -> 0.093709328 | ... AK3: ='IO Table 2015 OECD'!AL10/'IO Table 2015 OECD'!AL$86 -> 0
A4: DOM_05T06: Mining and extraction of energy producing products | B4: ='IO Table 2015 OECD'!C11/'IO Table 2015 OECD'!C$86 -> 0.0021198417 | C4: ='IO Table 2015 OECD'!D11/'IO Table 2015 OECD'!D$86 -> 0.10151234 | D4: ='IO Table 2015 OECD'!E11/'IO Table 2015 OECD'!E$86 -> 0.0021052632 | E4: ='IO Table 2015 OECD'!F11/'IO Table 2015 OECD'!F$86 -> 0.096416382 | F4: ='IO Table 2015 OECD'!G11/'IO Table 2015 OECD'!G$86 -> 0.0023900302 | G4: ='IO Table 2015 OECD'!H11/'IO Table 2015 OECD'!H$86 -> 0.000991361 | H4: ='IO Table 2015 OECD'!I11/'IO Table 2015 OECD'!I$86 -> 0.0011929615 | I4: ='IO Table 2015 OECD'!J11/'IO Table 2015 OECD'!J$86 -> 0.014750542 | ... AK4: ='IO Table 2015 OECD'!AL11/'IO Table 2015 OECD'!AL$86 -> 0
A5: DOM_07T08: Mining and quarrying of non-energy producing products | B5: ='IO Table 2015 OECD'!C12/'IO Table 2015 OECD'!C$86 -> 0.0014132278 | C5: ='IO Table 2015 OECD'!D12/'IO Table 2015 OECD'!D$86 -> 0.0021544441 | D5: ='IO Table 2015 OECD'!E12/'IO Table 2015 OECD'!E$86 -> 0.086491228 | E5: ='IO Table 2015 OECD'!F12/'IO Table 2015 OECD'!F$86 -> 0.010807736 | F5: ='IO Table 2015 OECD'!G12/'IO Table 2015 OECD'!G$86 -> 0.00039833836 | G5: ='IO Table 2015 OECD'!H12/'IO Table 2015 OECD'!H$86 -> 0.00048556457 | H5: ='IO Table 2015 OECD'!I12/'IO Table 2015 OECD'!I$86 -> 0.00059648076 | I5: ='IO Table 2015 OECD'!J12/'IO Table 2015 OECD'!J$86 -> 0.0080260304 | ... AK5: ='IO Table 2015 OECD'!AL12/'IO Table 2015 OECD'!AL$86 -> 0
A6: DOM_09: Mining support service activities | B6: ='IO Table 2015 OECD'!C13/'IO Table 2015 OECD'!C$86 -> 0.005291753 | C6: ='IO Table 2015 OECD'!D13/'IO Table 2015 OECD'!D$86 -> 0.082713755 | D6: ='IO Table 2015 OECD'!E13/'IO Table 2015 OECD'!E$86 -> 0.041403509 | E6: ='IO Table 2015 OECD'!F13/'IO Table 2015 OECD'!F$86 -> 0.083333333 | F6: ='IO Table 2015 OECD'!G13/'IO Table 2015 OECD'!G$86 -> 0.00037936987 | G6: ='IO Table 2015 OECD'!H13/'IO Table 2015 OECD'!H$86 -> 0 | H6: ='IO Table 2015 OECD'!I13/'IO Table 2015 OECD'!I$86 -> 0.00029824038 | I6: ='IO Table 2015 OECD'!J13/'IO Table 2015 OECD'!J$86 -> 0.0021691974 | ... AK6: ='IO Table 2015 OECD'!AL13/'IO Table 2015 OECD'!AL$86 -> 0
A7: DOM_10T12: Food products, beverages and tobacco | B7: ='IO Table 2015 OECD'!C14/'IO Table 2015 OECD'!C$86 -> 0.087117643 | C7: ='IO Table 2015 OECD'!D14/'IO Table 2015 OECD'!D$86 -> 4.2244001e-05 | D7: ='IO Table 2015 OECD'!E14/'IO Table 2015 OECD'!E$86 -> 0.00035087719 | E7: ='IO Table 2015 OECD'!F14/'IO Table 2015 OECD'!F$86 -> 0.00056882821 | F7: ='IO Table 2015 OECD'!G14/'IO Table 2015 OECD'!G$86 -> 0.14801115 | G7: ='IO Table 2015 OECD'!H14/'IO Table 2015 OECD'!H$86 -> 0.010601493 | H7: ='IO Table 2015 OECD'!I14/'IO Table 2015 OECD'!I$86 -> 0.0017894423 | I7: ='IO Table 2015 OECD'!J14/'IO Table 2015 OECD'!J$86 -> 0.011062907 | ... AK7: ='IO Table 2015 OECD'!AL14/'IO Table 2015 OECD'!AL$86 -> 0
A8: DOM_13T15: Textiles, wearing apparel, leather and related products | B8: ='IO Table 2015 OECD'!C15/'IO Table 2015 OECD'!C$86 -> 0.0012876076 | C8: ='IO Table 2015 OECD'!D15/'IO Table 2015 OECD'!D$86 -> 0.0010561 | D8: ='IO Table 2015 OECD'!E15/'IO Table 2015 OECD'!E$86 -> 0.0012280702 | E8: ='IO Table 2015 OECD'!F15/'IO Table 2015 OECD'!F$86 -> 0.0017064846 | F8: ='IO Table 2015 OECD'!G15/'IO Table 2015 OECD'!G$86 -> 0.0005690548 | G8: ='IO Table 2015 OECD'!H15/'IO Table 2015 OECD'!H$86 -> 0.19313331 | H8: ='IO Table 2015 OECD'!I15/'IO Table 2015 OECD'!I$86 -> 0.0032806442 | I8: ='IO Table 2015 OECD'!J15/'IO Table 2015 OECD'!J$86 -> 0.010412148 | ... AK8: ='IO Table 2015 OECD'!AL15/'IO Table 2015 OECD'!AL$86 -> 0
A9: DOM_16: Wood and of products of wood and cork (except furniture) | B9: ='IO Table 2015 OECD'!C16/'IO Table 2015 OECD'!C$86 -> 0.00083223416 | C9: ='IO Table 2015 OECD'!D16/'IO Table 2015 OECD'!D$86 -> 0.00080263603 | D9: ='IO Table 2015 OECD'!E16/'IO Table 2015 OECD'!E$86 -> 0.0015789474 | E9: ='IO Table 2015 OECD'!F16/'IO Table 2015 OECD'!F$86 -> 0.00085324232 | F9: ='IO Table 2015 OECD'!G16/'IO Table 2015 OECD'!G$86 -> 0.00039833836 | G9: ='IO Table 2015 OECD'!H16/'IO Table 2015 OECD'!H$86 -> 0.00068788314 | H9: ='IO Table 2015 OECD'!I16/'IO Table 2015 OECD'!I$86 -> 0.12198032 | I9: ='IO Table 2015 OECD'!J16/'IO Table 2015 OECD'!J$86 -> 0.01670282 | ... AK9: ='IO Table 2015 OECD'!AL16/'IO Table 2015 OECD'!AL$86 -> 0
A10: DOM_17T18: Paper products and printing | B10: ='IO Table 2015 OECD'!C17/'IO Table 2015 OECD'!C$86 -> 3.1405062e-05 | C10: ='IO Table 2015 OECD'!D17/'IO Table 2015 OECD'!D$86 -> 4.2244001e-05 | D10: ='IO Table 2015 OECD'!E17/'IO Table 2015 OECD'!E$86 -> 0.0001754386 | E10: ='IO Table 2015 OECD'!F17/'IO Table 2015 OECD'!F$86 -> 0 | F10: ='IO Table 2015 OECD'!G17/'IO Table 2015 OECD'!G$86 -> 0.00011381096 | G10: ='IO Table 2015 OECD'!H17/'IO Table 2015 OECD'!H$86 -> 0.00012139114 | H10: ='IO Table 2015 OECD'!I17/'IO Table 2015 OECD'!I$86 -> 0 | I10: ='IO Table 2015 OECD'!J17/'IO Table 2015 OECD'!J$86 -> 0.010845987 | ... AK10: ='IO Table 2015 OECD'!AL17/'IO Table 2015 OECD'!AL$86 -> 0
A11: DOM_19: Coke and refined petroleum products | B11: ='IO Table 2015 OECD'!C18/'IO Table 2015 OECD'!C$86 -> 0.010552101 | C11: ='IO Table 2015 OECD'!D18/'IO Table 2015 OECD'!D$86 -> 0.010434268 | D11: ='IO Table 2015 OECD'!E18/'IO Table 2015 OECD'!E$86 -> 0.026491228 | E11: ='IO Table 2015 OECD'!F18/'IO Table 2015 OECD'!F$86 -> 0.015642776 | F11: ='IO Table 2015 OECD'!G18/'IO Table 2015 OECD'!G$86 -> 0.0021244713 | G11: ='IO Table 2015 OECD'!H18/'IO Table 2015 OECD'!H$86 -> 0.0026099096 | H11: ='IO Table 2015 OECD'!I18/'IO Table 2015 OECD'!I$86 -> 0.0047718461 | I11: ='IO Table 2015 OECD'!J18/'IO Table 2015 OECD'!J$86 -> 0.010412148 | ... AK11: ='IO Table 2015 OECD'!AL18/'IO Table 2015 OECD'!AL$86 -> 0
A12: DOM_20T21: Chemicals and pharmaceutical products | B12: ='IO Table 2015 OECD'!C19/'IO Table 2015 OECD'!C$86 -> 0.0047264619 | C12: ='IO Table 2015 OECD'!D19/'IO Table 2015 OECD'!D$86 -> 0.0017320041 | D12: ='IO Table 2015 OECD'!E19/'IO Table 2015 OECD'!E$86 -> 0.0035087719 | E12: ='IO Table 2015 OECD'!F19/'IO Table 2015 OECD'!F$86 -> 0.0017064846 | F12: ='IO Table 2015 OECD'!G19/'IO Table 2015 OECD'!G$86 -> 0.00092945617 | G12: ='IO Table 2015 OECD'!H19/'IO Table 2015 OECD'!H$86 -> 0.0056244563 | H12: ='IO Table 2015 OECD'!I19/'IO Table 2015 OECD'!I$86 -> 0.0047718461 | I12: ='IO Table 2015 OECD'!J19/'IO Table 2015 OECD'!J$86 -> 0.018655098 | ... AK12: ='IO Table 2015 OECD'!AL19/'IO Table 2015 OECD'!AL$86 -> 0
A13: DOM_22: Rubber and plastics products | B13: ='IO Table 2015 OECD'!C20/'IO Table 2015 OECD'!C$86 -> 0.00031405062 | C13: ='IO Table 2015 OECD'!D20/'IO Table 2015 OECD'!D$86 -> 0.00063366002 | D13: ='IO Table 2015 OECD'!E20/'IO Table 2015 OECD'!E$86 -> 0.0012280702 | E13: ='IO Table 2015 OECD'!F20/'IO Table 2015 OECD'!F$86 -> 0.00085324232 | F13: ='IO Table 2015 OECD'!G20/'IO Table 2015 OECD'!G$86 -> 0.0013277945 | G13: ='IO Table 2015 OECD'!H20/'IO Table 2015 OECD'!H$86 -> 0.0012948389 | H13: ='IO Table 2015 OECD'!I20/'IO Table 2015 OECD'!I$86 -> 0.0011929615 | I13: ='IO Table 2015 OECD'!J20/'IO Table 2015 OECD'!J$86 -> 0.0045553145 | ... AK13: ='IO Table 2015 OECD'!AL20/'IO Table 2015 OECD'!AL$86 -> 0
A14: DOM_23: Other non-metallic mineral products | B14: ='IO Table 2015 OECD'!C21/'IO Table 2015 OECD'!C$86 -> 0.0013033101 | C14: ='IO Table 2015 OECD'!D21/'IO Table 2015 OECD'!D$86 -> 0.0021966881 | D14: ='IO Table 2015 OECD'!E21/'IO Table 2015 OECD'!E$86 -> 0.016666667 | E14: ='IO Table 2015 OECD'!F21/'IO Table 2015 OECD'!F$86 -> 0.0045506257 | F14: ='IO Table 2015 OECD'!G21/'IO Table 2015 OECD'!G$86 -> 0.0032056754 | G14: ='IO Table 2015 OECD'!H21/'IO Table 2015 OECD'!H$86 -> 0.0010520566 | H14: ='IO Table 2015 OECD'!I21/'IO Table 2015 OECD'!I$86 -> 0.0074560095 | I14: ='IO Table 2015 OECD'!J21/'IO Table 2015 OECD'!J$86 -> 0.0023861171 | ... AK14: ='IO Table 2015 OECD'!AL21/'IO Table 2015 OECD'!AL$86 -> 0
... A38: DOM_97T98: Private households with employed persons | B38: ='IO Table 2015 OECD'!C45/'IO Table 2015 OECD'!C$86 -> 0 | C38: ='IO Table 2015 OECD'!D45/'IO Table 2015 OECD'!D$86 -> 0 | D38: ='IO Table 2015 OECD'!E45/'IO Table 2015 OECD'!E$86 -> 0 | E38: ='IO Table 2015 OECD'!F45/'IO Table 2015 OECD'!F$86 -> 0 | F38: ='IO Table 2015 OECD'!G45/'IO Table 2015 OECD'!G$86 -> 0 | G38: ='IO Table 2015 OECD'!H45/'IO Table 2015 OECD'!H$86 -> 0 | H38: ='IO Table 2015 OECD'!I45/'IO Table 2015 OECD'!I$86 -> 0 | I38: ='IO Table 2015 OECD'!J45/'IO Table 2015 OECD'!J$86 -> 0 | ... AK38: ='IO Table 2015 OECD'!AL45/'IO Table 2015 OECD'!AL$86 -> 0
A39: Domestic Intermediate | B39: =SUM(B3:B38) -> 0.31226054 | C39: =SUM(C3:C38) -> 0.29321561 | D39: =SUM(D3:D38) -> 0.29473684 | E39: =SUM(E3:E38) -> 0.30261661 | F39: =SUM(F3:F38) -> 0.59693849 | G39: =SUM(G3:G38) -> 0.33730552 | H39: =SUM(H3:H38) -> 0.47271101 | I39: =SUM(I3:I38) -> 0.42516269 | ... AK39: =SUM(AK3:AK38) -> 0
A40: Imports | B40: =SUM('IO Table 2015 OECD'!C46:C81)/'IO Table 2015 OECD'!C86 -> 0.079140757 | C40: =SUM('IO Table 2015 OECD'!D46:D81)/'IO Table 2015 OECD'!D86 -> 0.10658162 | D40: =SUM('IO Table 2015 OECD'!E46:E81)/'IO Table 2015 OECD'!E86 -> 0.12508772 | E40: =SUM('IO Table 2015 OECD'!F46:F81)/'IO Table 2015 OECD'!F86 -> 0.10978385 | F40: =SUM('IO Table 2015 OECD'!G46:G81)/'IO Table 2015 OECD'!G86 -> 0.12166392 | G40: =SUM('IO Table 2015 OECD'!H46:H81)/'IO Table 2015 OECD'!H86 -> 0.22750723 | H40: =SUM('IO Table 2015 OECD'!I46:I81)/'IO Table 2015 OECD'!I86 -> 0.10796302 | I40: =SUM('IO Table 2015 OECD'!J46:J81)/'IO Table 2015 OECD'!J86 -> 0.17462039 | ... AK40: =SUM('IO Table 2015 OECD'!AL46:AL81)/'IO Table 2015 OECD'!AL86 -> 0
A41: Value-Added | B41: ='IO Table 2015 OECD'!C85/'IO Table 2015 OECD'!C86 -> 0.60534828 | C41: ='IO Table 2015 OECD'!D85/'IO Table 2015 OECD'!D86 -> 0.595049 | D41: ='IO Table 2015 OECD'!E85/'IO Table 2015 OECD'!E86 -> 0.56912281 | E41: ='IO Table 2015 OECD'!F85/'IO Table 2015 OECD'!F86 -> 0.57906712 | F41: ='IO Table 2015 OECD'!G85/'IO Table 2015 OECD'!G86 -> 0.28361691 | G41: ='IO Table 2015 OECD'!H85/'IO Table 2015 OECD'!H86 -> 0.42517248 | H41: ='IO Table 2015 OECD'!I85/'IO Table 2015 OECD'!I86 -> 0.41574709 | I41: ='IO Table 2015 OECD'!J85/'IO Table 2015 OECD'!J86 -> 0.39392625 | ... AK41: ='IO Table 2015 OECD'!AL85/'IO Table 2015 OECD'!AL86 -> 1
A42: Total (with rounding errors) | B42: =B41+B40+B39 -> 0.99674958 | C42: =C41+C40+C39 -> 0.99484623 | D42: =D41+D40+D39 -> 0.98894737 | E42: =E41+E40+E39 -> 0.99146758 | F42: =F41+F40+F39 -> 1.0022193 | G42: =G41+G40+G39 -> 0.98998523 | H42: =H41+H40+H39 -> 0.99642112 | I42: =I41+I40+I39 -> 0.99370933 | ... AK42: =AK41+AK40+AK39 -> 1

Sheet Identity-Matrix
B2: D01T03: Agriculture, forestry and fishing | C2: D05T06: Mining and extraction of energy producing products | D2: D07T08: Mining and quarrying of non-energy producing products | E2: D09: Mining support service activities | F2: D10T12: Food products, beverages and tobacco | G2: D13T15: Textiles, wearing apparel, leather and related products | H2: D16: Wood and products of wood and cork | I2: D17T18: Paper products and printing | J2: D19: Coke and refined petroleum products | K2: D20T21: Chemicals and pharmaceutical products | L2: D22: Rubber and plastic products | M2: D23: Other non-metallic mineral products | N2: D24: Basic metals | O2: D25: Fabricated metal products | P2: D26: Computer, electronic and optical products | Q2: D27: Electrical equipment | R2: D28: Machinery and equipment, nec | S2: D29: Motor vehicles, trailers and semi-trailers | T2: D30: Other transport equipment | U2: D31T33: Other manufacturing; repair and installation of machinery and equipment | V2: D35T39: Electricity, gas, water supply, sewerage, waste and remediation services | W2: D41T43: Construction | X2: D45T47: Wholesale and retail trade; repair of motor vehicles | Y2: D49T53: Transportation and storage | Z2: D55T56: Accomodation and food services | AA2: D58T60: Publishing, audiovisual and broadcasting activities | AB2: D61: Telecommunications | AC2: D62T63: IT and other information services | AD2: D64T66: Financial and insurance activities | AE2: D68: Real estate activities | AF2: D69T82: Other business sector services | AG2: D84: Public admin. and defence; compulsory social security | AH2: D85: Education | AI2: D86T88: Human health and social work | AJ2: D90T96: Arts, entertainment, recreation and other service activities | AK2: D97T98: Private households with employed persons
A3: DOM_01T03: Agriculture, forestry and fishing | B3: 1
A4: DOM_05T06: Mining and extraction of energy producing products | C4: 1
A5: DOM_07T08: Mining and quarrying of non-energy producing products | D5: 1
A6: DOM_09: Mining support service activities | E6: 1
A7: DOM_10T12: Food products, beverages and tobacco | F7: 1
A8: DOM_13T15: Textiles, wearing apparel, leather and related products | G8: 1
A9: DOM_16: Wood and of products of wood and cork (except furniture) | H9: 1
A10: DOM_17T18: Paper products and printing | I10: 1
A11: DOM_19: Coke and refined petroleum products | J11: 1
A12: DOM_20T21: Chemicals and pharmaceutical products | K12: 1
A13: DOM_22: Rubber and plastics products | L13: 1
A14: DOM_23: Other non-metallic mineral products | M14: 1
A15: DOM_24: Manufacture of basic metals | N15: 1
A16: DOM_25: Fabricated metal products, except machinery and equipment | O16: 1
A17: DOM_26: Computer, electronic and optical products | P17: 1
A18: DOM_27: Electrical equipment | Q18: 1
A19: DOM_28: Machinery and equipment n.e.c. | R19: 1
A20: DOM_29: Motor vehicles, trailers and semi-trailers | S20: 1
A21: DOM_30: Other transport equipment | T21: 1
A22: DOM_31T33: Other manufacturing; repair and installation of machinery and equipment | U22: 1
A23: DOM_35T39: Electricity, gas, water supply, sewerage, waste and remediation services | V23: 1
A24: DOM_41T43: Construction | W24: 1
A25: DOM_45T47: Wholesale and retail trade; repair of motor vehicles | X25: 1
A26: DOM_49T53: Transportation and storage | Y26: 1
A27: DOM_55T56: Accomodation and food services | Z27: 1
A28: DOM_58T60: Publishing, audiovisual and broadcasting activities | AA28: 1
A29: DOM_61: Telecommunications | AB29: 1
A30: DOM_62T63: IT and other information services | AC30: 1
A31: DOM_64T66: Financial and insurance activities | AD31: 1
A32: DOM_68: Real estate activities | AE32: 1
A33: DOM_69T82: Other business sector services | AF33: 1
A34: DOM_84: Public administration and defence; compulsory social security | AG34: 1
A35: DOM_85: Education | AH35: 1
A36: DOM_86T88: Human health and social work | AI36: 1
A37: DOM_90T96: Arts, entertainment, recreation and other service activities | AJ37: 1
A38: DOM_97T98: Private households with employed persons | AK38: 1

Sheet Id-A Matrix
B2: D01T03: Agriculture, forestry and fishing | C2: D05T06: Mining and extraction of energy producing products | D2: D07T08: Mining and quarrying of non-energy producing products | E2: D09: Mining support service activities | F2: D10T12: Food products, beverages and tobacco | G2: D13T15: Textiles, wearing apparel, leather and related products | H2: D16: Wood and products of wood and cork | I2: D17T18: Paper products and printing | J2: D19: Coke and refined petroleum products | K2: D20T21: Chemicals and pharmaceutical products | L2: D22: Rubber and plastic products | M2: D23: Other non-metallic mineral products | N2: D24: Basic metals | O2: D25: Fabricated metal products | P2: D26: Computer, electronic and optical products | Q2: D27: Electrical equipment | R2: D28: Machinery and equipment, nec | S2: D29: Motor vehicles, trailers and semi-trailers | T2: D30: Other transport equipment | U2: D31T33: Other manufacturing; repair and installation of machinery and equipment | V2: D35T39: Electricity, gas, water supply, sewerage, waste and remediation services | W2: D41T43: Construction | X2: D45T47: Wholesale and retail trade; repair of motor vehicles | Y2: D49T53: Transportation and storage | Z2: D55T56: Accomodation and food services | AA2: D58T60: Publishing, audiovisual and broadcasting activities | AB2: D61: Telecommunications | AC2: D62T63: IT and other information services | AD2: D64T66: Financial and insurance activities | AE2: D68: Real estate activities | AF2: D69T82: Other business sector services | AG2: D84: Public admin. and defence; compulsory social security | AH2: D85: Education | AI2: D86T88: Human health and social work | AJ2: D90T96: Arts, entertainment, recreation and other service activities | AK2: D97T98: Private households with employed persons
A3: DOM_01T03: Agriculture, forestry and fishing | B3: ='Identity-Matrix'!B3-'A-Matrix'!B3 -> 0.86590038 | C3: ='Identity-Matrix'!C3-'A-Matrix'!C3 -> -0.00071814802 | D3: ='Identity-Matrix'!D3-'A-Matrix'!D3 -> -0.0022807018 | E3: ='Identity-Matrix'!E3-'A-Matrix'!E3 -> -0.0014220705 | F3: ='Identity-Matrix'!F3-'A-Matrix'!F3 -> -0.32335591 | G3: ='Identity-Matrix'!G3-'A-Matrix'!G3 -> -0.024177069 | H3: ='Identity-Matrix'!H3-'A-Matrix'!H3 -> -0.22517149 | I3: ='Identity-Matrix'!I3-'A-Matrix'!I3 -> -0.093709328 | ... AK3: ='Identity-Matrix'!AK3-'A-Matrix'!AK3 -> 0
A4: DOM_05T06: Mining and extraction of energy producing products | B4: ='Identity-Matrix'!B4-'A-Matrix'!B4 -> -0.0021198417 | C4: ='Identity-Matrix'!C4-'A-Matrix'!C4 -> 0.89848766 | D4: ='Identity-Matrix'!D4-'A-Matrix'!D4 -> -0.0021052632 | E4: ='Identity-Matrix'!E4-'A-Matrix'!E4 -> -0.096416382 | F4: ='Identity-Matrix'!F4-'A-Matrix'!F4 -> -0.0023900302 | G4: ='Identity-Matrix'!G4-'A-Matrix'!G4 -> -0.000991361 | H4: ='Identity-Matrix'!H4-'A-Matrix'!H4 -> -0.0011929615 | I4: ='Identity-Matrix'!I4-'A-Matrix'!I4 -> -0.014750542 | ... AK4: ='Identity-Matrix'!AK4-'A-Matrix'!AK4 -> 0
A5: DOM_07T08: Mining and quarrying of non-energy producing products | B5: ='Identity-Matrix'!B5-'A-Matrix'!B5 -> -0.0014132278 | C5: ='Identity-Matrix'!C5-'A-Matrix'!C5 -> -0.0021544441 | D5: ='Identity-Matrix'!D5-'A-Matrix'!D5 -> 0.91350877 | E5: ='Identity-Matrix'!E5-'A-Matrix'!E5 -> -0.010807736 | F5: ='Identity-Matrix'!F5-'A-Matrix'!F5 -> -0.00039833836 | G5: ='Identity-Matrix'!G5-'A-Matrix'!G5 -> -0.00048556457 | H5: ='Identity-Matrix'!H5-'A-Matrix'!H5 -> -0.00059648076 | I5: ='Identity-Matrix'!I5-'A-Matrix'!I5 -> -0.0080260304 | ... AK5: ='Identity-Matrix'!AK5-'A-Matrix'!AK5 -> 0
A6: DOM_09: Mining support service activities | B6: ='Identity-Matrix'!B6-'A-Matrix'!B6 -> -0.005291753 | C6: ='Identity-Matrix'!C6-'A-Matrix'!C6 -> -0.082713755 | D6: ='Identity-Matrix'!D6-'A-Matrix'!D6 -> -0.041403509 | E6: ='Identity-Matrix'!E6-'A-Matrix'!E6 -> 0.91666667 | F6: ='Identity-Matrix'!F6-'A-Matrix'!F6 -> -0.00037936987 | G6: ='Identity-Matrix'!G6-'A-Matrix'!G6 -> 0 | H6: ='Identity-Matrix'!H6-'A-Matrix'!H6 -> -0.00029824038 | I6: ='Identity-Matrix'!I6-'A-Matrix'!I6 -> -0.0021691974 | ... AK6: ='Identity-Matrix'!AK6-'A-Matrix'!AK6 -> 0
A7: DOM_10T12: Food products, beverages and tobacco | B7: ='Identity-Matrix'!B7-'A-Matrix'!B7 -> -0.087117643 | C7: ='Identity-Matrix'!C7-'A-Matrix'!C7 -> -4.2244001e-05 | D7: ='Identity-Matrix'!D7-'A-Matrix'!D7 -> -0.00035087719 | E7: ='Identity-Matrix'!E7-'A-Matrix'!E7 -> -0.00056882821 | F7: ='Identity-Matrix'!F7-'A-Matrix'!F7 -> 0.85198885 | G7: ='Identity-Matrix'!G7-'A-Matrix'!G7 -> -0.010601493 | H7: ='Identity-Matrix'!H7-'A-Matrix'!H7 -> -0.0017894423 | I7: ='Identity-Matrix'!I7-'A-Matrix'!I7 -> -0.011062907 | ... AK7: ='Identity-Matrix'!AK7-'A-Matrix'!AK7 -> 0
A8: DOM_13T15: Textiles, wearing apparel, leather and related products | B8: ='Identity-Matrix'!B8-'A-Matrix'!B8 -> -0.0012876076 | C8: ='Identity-Matrix'!C8-'A-Matrix'!C8 -> -0.0010561 | D8: ='Identity-Matrix'!D8-'A-Matrix'!D8 -> -0.0012280702 | E8: ='Identity-Matrix'!E8-'A-Matrix'!E8 -> -0.0017064846 | F8: ='Identity-Matrix'!F8-'A-Matrix'!F8 -> -0.0005690548 | G8: ='Identity-Matrix'!G8-'A-Matrix'!G8 -> 0.80686669 | H8: ='Identity-Matrix'!H8-'A-Matrix'!H8 -> -0.0032806442 | I8: ='Identity-Matrix'!I8-'A-Matrix'!I8 -> -0.010412148 | ... AK8: ='Identity-Matrix'!AK8-'A-Matrix'!AK8 -> 0
A9: DOM_16: Wood and of products of wood and cork (except furniture) | B9: ='Identity-Matrix'!B9-'A-Matrix'!B9 -> -0.00083223416 | C9: ='Identity-Matrix'!C9-'A-Matrix'!C9 -> -0.00080263603 | D9: ='Identity-Matrix'!D9-'A-Matrix'!D9 -> -0.0015789474 | E9: ='Identity-Matrix'!E9-'A-Matrix'!E9 -> -0.00085324232 | F9: ='Identity-Matrix'!F9-'A-Matrix'!F9 -> -0.00039833836 | G9: ='Identity-Matrix'!G9-'A-Matrix'!G9 -> -0.00068788314 | H9: ='Identity-Matrix'!H9-'A-Matrix'!H9 -> 0.87801968 | I9: ='Identity-Matrix'!I9-'A-Matrix'!I9 -> -0.01670282 | ... AK9: ='Identity-Matrix'!AK9-'A-Matrix'!AK9 -> 0
A10: DOM_17T18: Paper products and printing | B10: ='Identity-Matrix'!B10-'A-Matrix'!B10 -> -3.1405062e-05 | C10: ='Identity-Matrix'!C10-'A-Matrix'!C10 -> -4.2244001e-05 | D10: ='Identity-Matrix'!D10-'A-Matrix'!D10 -> -0.0001754386 | E10: ='Identity-Matrix'!E10-'A-Matrix'!E10 -> 0 | F10: ='Identity-Matrix'!F10-'A-Matrix'!F10 -> -0.00011381096 | G10: ='Identity-Matrix'!G10-'A-Matrix'!G10 -> -0.00012139114 | H10: ='Identity-Matrix'!H10-'A-Matrix'!H10 -> 0 | I10: ='Identity-Matrix'!I10-'A-Matrix'!I10 -> 0.98915401 | ... AK10: ='Identity-Matrix'!AK10-'A-Matrix'!AK10 -> 0
A11: DOM_19: Coke and refined petroleum products | B11: ='Identity-Matrix'!B11-'A-Matrix'!B11 -> -0.010552101 | C11: ='Identity-Matrix'!C11-'A-Matrix'!C11 -> -0.010434268 | D11: ='Identity-Matrix'!D11-'A-Matrix'!D11 -> -0.026491228 | E11: ='Identity-Matrix'!E11-'A-Matrix'!E11 -> -0.015642776 | F11: ='Identity-Matrix'!F11-'A-Matrix'!F11 -> -0.0021244713 | G11: ='Identity-Matrix'!G11-'A-Matrix'!G11 -> -0.0026099096 | H11: ='Identity-Matrix'!H11-'A-Matrix'!H11 -> -0.0047718461 | I11: ='Identity-Matrix'!I11-'A-Matrix'!I11 -> -0.010412148 | ... AK11: ='Identity-Matrix'!AK11-'A-Matrix'!AK11 -> 0
A12: DOM_20T21: Chemicals and pharmaceutical products | B12: ='Identity-Matrix'!B12-'A-Matrix'!B12 -> -0.0047264619 | C12: ='Identity-Matrix'!C12-'A-Matrix'!C12 -> -0.0017320041 | D12: ='Identity-Matrix'!D12-'A-Matrix'!D12 -> -0.0035087719 | E12: ='Identity-Matrix'!E12-'A-Matrix'!E12 -> -0.0017064846 | F12: ='Identity-Matrix'!F12-'A-Matrix'!F12 -> -0.00092945617 | G12: ='Identity-Matrix'!G12-'A-Matrix'!G12 -> -0.0056244563 | H12: ='Identity-Matrix'!H12-'A-Matrix'!H12 -> -0.0047718461 | I12: ='Identity-Matrix'!I12-'A-Matrix'!I12 -> -0.018655098 | ... AK12: ='Identity-Matrix'!AK12-'A-Matrix'!AK12 -> 0
A13: DOM_22: Rubber and plastics products | B13: ='Identity-Matrix'!B13-'A-Matrix'!B13 -> -0.00031405062 | C13: ='Identity-Matrix'!C13-'A-Matrix'!C13 -> -0.00063366002 | D13: ='Identity-Matrix'!D13-'A-Matrix'!D13 -> -0.0012280702 | E13: ='Identity-Matrix'!E13-'A-Matrix'!E13 -> -0.00085324232 | F13: ='Identity-Matrix'!F13-'A-Matrix'!F13 -> -0.0013277945 | G13: ='Identity-Matrix'!G13-'A-Matrix'!G13 -> -0.0012948389 | H13: ='Identity-Matrix'!H13-'A-Matrix'!H13 -> -0.0011929615 | I13: ='Identity-Matrix'!I13-'A-Matrix'!I13 -> -0.0045553145 | ... AK13: ='Identity-Matrix'!AK13-'A-Matrix'!AK13 -> 0
A14: DOM_23: Other non-metallic mineral products | B14: ='Identity-Matrix'!B14-'A-Matrix'!B14 -> -0.0013033101 | C14: ='Identity-Matrix'!C14-'A-Matrix'!C14 -> -0.0021966881 | D14: ='Identity-Matrix'!D14-'A-Matrix'!D14 -> -0.016666667 | E14: ='Identity-Matrix'!E14-'A-Matrix'!E14 -> -0.0045506257 | F14: ='Identity-Matrix'!F14-'A-Matrix'!F14 -> -0.0032056754 | G14: ='Identity-Matrix'!G14-'A-Matrix'!G14 -> -0.0010520566 | H14: ='Identity-Matrix'!H14-'A-Matrix'!H14 -> -0.0074560095 | I14: ='Identity-Matrix'!I14-'A-Matrix'!I14 -> -0.0023861171 | ... AK14: ='Identity-Matrix'!AK14-'A-Matrix'!AK14 -> 0
... A38: DOM_97T98: Private households with employed persons | B38: ='Identity-Matrix'!B38-'A-Matrix'!B38 -> 0 | C38: ='Identity-Matrix'!C38-'A-Matrix'!C38 -> 0 | D38: ='Identity-Matrix'!D38-'A-Matrix'!D38 -> 0 | E38: ='Identity-Matrix'!E38-'A-Matrix'!E38 -> 0 | F38: ='Identity-Matrix'!F38-'A-Matrix'!F38 -> 0 | G38: ='Identity-Matrix'!G38-'A-Matrix'!G38 -> 0 | H38: ='Identity-Matrix'!H38-'A-Matrix'!H38 -> 0 | I38: ='Identity-Matrix'!I38-'A-Matrix'!I38 -> 0 | ... AK38: ='Identity-Matrix'!AK38-'A-Matrix'!AK38 -> 1

Sheet Leontief Inverse
B2: D01T03: Agriculture, forestry and fishing | C2: D05T06: Mining and extraction of energy producing products | D2: D07T08: Mining and quarrying of non-energy producing products | E2: D09: Mining support service activities | F2: D10T12: Food products, beverages and tobacco | G2: D13T15: Textiles, wearing apparel, leather and related products | H2: D16: Wood and products of wood and cork | I2: D17T18: Paper products and printing | J2: D19: Coke and refined petroleum products | K2: D20T21: Chemicals and pharmaceutical products | L2: D22: Rubber and plastic products | M2: D23: Other non-metallic mineral products | N2: D24: Basic metals | O2: D25: Fabricated metal products | P2: D26: Computer, electronic and optical products | Q2: D27: Electrical equipment | R2: D28: Machinery and equipment, nec | S2: D29: Motor vehicles, trailers and semi-trailers | T2: D30: Other transport equipment | U2: D31T33: Other manufacturing; repair and installation of machinery and equipment | V2: D35T39: Electricity, gas, water supply, sewerage, waste and remediation services | W2: D41T43: Construction | X2: D45T47: Wholesale and retail trade; repair of motor vehicles | Y2: D49T53: Transportation and storage | Z2: D55T56: Accomodation and food services | AA2: D58T60: Publishing, audiovisual and broadcasting activities | AB2: D61: Telecommunications | AC2: D62T63: IT and other information services | AD2: D64T66: Financial and insurance activities | AE2: D68: Real estate activities | AF2: D69T82: Other business sector services | AG2: D84: Public admin. and defence; compulsory social security | AH2: D85: Education | AI2: D86T88: Human health and social work | AJ2: D90T96: Arts, entertainment, recreation and other service activities | AK2: D97T98: Private households with employed persons
A3: DOM_01T03: Agriculture, forestry and fishing | B3: {=MINVERSE('Id-A Matrix'!B3:AK38)} -> 1.203622 | C3: 0.0035631889 | D3: 0.0062891732 | E3: 0.0053583137 | F3: 0.46028257 | G3: 0.045382059 | H3: 0.31279248 | I3: 0.1317483 | J3: 0.0032408283 | K3: 0.046940834 | L3: 0.039748143 | M3: 0.0073942059 | N3: 0.0076289025 | O3: 0.0061941553 | P3: 0.0048641454 | Q3: 0.0058429419 | R3: 0.0055419118 | S3: 0.005031743 | T3: 0.0077374322 | U3: 0.043990672 | V3: 0.0096984284 | W3: 0.018728264 | X3: 0.023316575 | Y3: 0.0070673845 | Z3: 0.1701879 | AA3: 0.016038776 | AB3: 0.0078644749 | AC3: 0.011389262 | AD3: 0.011096094 | AE3: 0.0093320685 | AF3: 0.017477882 | AG3: 0.03207199 | AH3: 0.028875576 | AI3: 0.035096122 | AJ3: 0.029340543 | AK3: 0
A4: DOM_05T06: Mining and extraction of energy producing products | B4: 0.01354717 | C4: 1.1346205 | D4: 0.028625318 | E4: 0.1316558 | F4: 0.012686342 | G4: 0.007170776 | H4: 0.011791687 | I4: 0.034846564 | J4: 0.51358197 | K4: 0.10836156 | L4: 0.028749404 | M4: 0.035787646 | N4: 0.047403305 | O4: 0.014460487 | P4: 0.0069995969 | Q4: 0.011072797 | R4: 0.010866537 | S4: 0.010461866 | T4: 0.011672657 | U4: 0.012225997 | V4: 0.17492645 | W4: 0.018778004 | X4: 0.012175634 | Y4: 0.032650277 | Z4: 0.015483004 | AA4: 0.010370239 | AB4: 0.010177919 | AC4: 0.0081302892 | AD4: 0.0082557114 | AE4: 0.010643912 | AF4: 0.011596527 | AG4: 0.016777044 | AH4: 0.015544376 | AI4: 0.019253062 | AJ4: 0.019720469 | AK4: 0
A5: DOM_07T08: Mining and quarrying of non-energy producing products | B5: 0.0029032948 | C5: 0.0054077111 | D5: 1.0991205 | E5: 0.015854121 | F5: 0.0025963004 | G5: 0.0016048476 | H5: 0.003515577 | I5: 0.011560975 | J5: 0.00352834 | K5: 0.045610208 | L5: 0.0069227089 | M5: 0.15975028 | N5: 0.070236752 | O5: 0.013850572 | P5: 0.0049350119 | Q5: 0.0075084488 | R5: 0.0084081556 | S5: 0.004839437 | T5: 0.0072616367 | U5: 0.012868994 | V5: 0.0057600399 | W5: 0.063566181 | X5: 0.0017197925 | Y5: 0.0013023413 | Z5: 0.0014128646 | AA5: 0.0010496872 | AB5: 0.0010172899 | AC5: 0.00075344668 | AD5: 0.00067240096 | AE5: 0.0055147129 | AF5: 0.001442774 | AG5: 0.0043374653 | AH5: 0.0015502365 | AI5: 0.0019294395 | AJ5: 0.0018542763 | AK5: 0
A6: DOM_09: Mining support service activities | B6: 0.0083980741 | C6: 0.10272662 | D6: 0.052384969 | E6: 1.103623 | F6: 0.004482708 | G6: 0.001041766 | H6: 0.0034899082 | I6: 0.0070306654 | J6: 0.047016784 | K6: 0.01288203 | L6: 0.0060498718 | M6: 0.011633704 | N6: 0.0079845646 | O6: 0.0021044034 | P6: 0.00097243569 | Q6: 0.0014794205 | R6: 0.002248114 | S6: 0.0012875272 | T6: 0.0015300422 | U6: 0.0026826671 | V6: 0.020561486 | W6: 0.011040707 | X6: 0.0013825049 | Y6: 0.0033342267 | Z6: 0.002613727 | AA6: 0.0011787565 | AB6: 0.0010895159 | AC6: 0.00090065582 | AD6: 0.00090332518 | AE6: 0.0014035728 | AF6: 0.001501657 | AG6: 0.0034162758 | AH6: 0.0026244728 | AI6: 0.0021739825 | AJ6: 0.0021358847 | AK6: 0
A7: DOM_10T12: Food products, beverages and tobacco | B7: 0.12587021 | C7: 0.0028005615 | D7: 0.0037316098 | E7: 0.0044574765 | F7: 1.2253386 | G7: 0.022965 | H7: 0.038657758 | I7: 0.035735663 | J7: 0.0028469152 | K7: 0.042191414 | L7: 0.014197566 | M7: 0.0068379304 | N7: 0.004593693 | O7: 0.0054311139 | P7: 0.0051926464 | Q7: 0.0055364062 | R7: 0.0053047393 | S7: 0.0044904883 | T7: 0.0061265863 | U7: 0.013322116 | V7: 0.010687002 | W7: 0.008706978 | X7: 0.019054677 | Y7: 0.009407209 | Z7: 0.27457542 | AA7: 0.019059994 | AB7: 0.011124479 | AC7: 0.016373408 | AD7: 0.017758913 | AE7: 0.0084436687 | AF7: 0.021104305 | AG7: 0.041527685 | AH7: 0.037485234 | AI7: 0.060347422 | AJ7: 0.046553753 | AK7: 0
A8: DOM_13T15: Textiles, wearing apparel, leather and related products | B8: 0.0028663143 | C8: 0.0023581873 | D8: 0.0026186672 | E8: 0.0031282902 | F8: 0.0030349044 | G8: 1.2403447 | H8: 0.0063760273 | I8: 0.015756333 | J8: 0.0015010848 | K8: 0.0088023802 | L8: 0.021494948 | M8: 0.0043456151 | N8: 0.0017780859 | O8: 0.0031511076 | P8: 0.0040582763 | Q8: 0.0040879696 | R8: 0.0034389386 | S8: 0.010208651 | T8: 0.0095453948 | U8: 0.040953398 | V8: 0.0042060109 | W8: 0.0048055676 | X8: 0.0066908923 | Y8: 0.0031434738 | Z8: 0.0053468196 | AA8: 0.0078265678 | AB8: 0.0035522117 | AC8: 0.0043343403 | AD8: 0.0052718714 | AE8: 0.0015261267 | AF8: 0.0057464973 | AG8: 0.010463714 | AH8: 0.0051969918 | AI8: 0.01612808 | AJ8: 0.0117928 | AK8: 0
A9: DOM_16: Wood and of products of wood and cork (except furniture) | B9: 0.0014548157 | C9: 0.0014719831 | D9: 0.002465701 | E9: 0.0015744144 | F9: 0.0013625774 | G9: 0.0013300889 | H9: 1.1396202 | I9: 0.020067226 | J9: 0.00088512125 | K9: 0.0028712601 | L9: 0.0043256719 | M9: 0.0052341597 | N9: 0.0012308804 | O9: 0.0037048481 | P9: 0.0019650746 | Q9: 0.0026951204 | R9: 0.002588786 | S9: 0.0035023527 | T9: 0.0076669 | U9: 0.075300147 | V9: 0.0022771854 | W9: 0.030422535 | X9: 0.0018143195 | Y9: 0.00082051865 | Z9: 0.0014803448 | AA9: 0.0028738163 | AB9: 0.0010305658 | AC9: 0.0010701126 | AD9: 0.00059680986 | AE9: 0.010481387 | AF9: 0.0018649006 | AG9: 0.0016232916 | AH9: 0.0021566722 | AI9: 0.0012215944 | AJ9: 0.0030215125 | AK9: 0
A10: DOM_17T18: Paper products and printing | B10: 9.930099e-05 | C10: 9.0919711e-05 | D10: 0.0002467842 | E10: 4.5219281e-05 | F10: 0.00024302922 | G10: 0.0002210801 | H10: 8.4017069e-05 | I10: 1.0111337 | J10: 6.0384928e-05 | K10: 0.00035664549 | L10: 0.00033545657 | M10: 0.00028818442 | N10: 7.9849987e-05 | O10: 0.00023257415 | P10: 0.0002304338 | Q10: 0.00017318369 | R10: 0.00018851015 | S10: 0.00013873518 | T10: 7.2126661e-05 | U10: 0.00032576263 | V10: 0.00026109345 | W10: 0.00016838417 | X10: 0.00056255057 | Y10: 0.00018940209 | Z10: 0.00023648416 | AA10: 0.010239855 | AB10: 0.0010277529 | AC10: 0.0011604357 | AD10: 0.00077959944 | AE10: 0.00020068849 | AF10: 0.00080194208 | AG10: 0.0010244564 | AH10: 0.0017081147 | AI10: 0.00049276866 | AJ10: 0.00097062524 | AK10: 0
A11: DOM_19: Coke and refined petroleum products | B11: 0.015639093 | C11: 0.016811345 | D11: 0.035309484 | E11: 0.021994748 | F11: 0.011316319 | G11: 0.0069061672 | H11: 0.012662825 | I11: 0.018988759 | J11: 1.0266243 | K11: 0.046315589 | L11: 0.013793117 | M11: 0.027941538 | N11: 0.030133622 | O11: 0.010996039 | P11: 0.0064721302 | Q11: 0.0093459807 | R11: 0.0088090029 | S11: 0.0065090112 | T11: 0.0088956991 | U11: 0.011236414 | V11: 0.025587549 | W11: 0.021039983 | X11: 0.012537926 | Y11: 0.051067105 | Z11: 0.0086689135 | AA11: 0.009054219 | AB11: 0.008777254 | AC11: 0.0081035324 | AD11: 0.0074985035 | AE11: 0.0066040211 | AF11: 0.011339287 | AG11: 0.018543466 | AH11: 0.011059711 | AI11: 0.010851834 | AJ11: 0.01020517 | AK11: 0
A12: DOM_20T21: Chemicals and pharmaceutical products | B12: 0.0067859355 | C12: 0.0028850847 | D12: 0.005019617 | E12: 0.0029391955 | F12: 0.0045529261 | G12: 0.0081395219 | H12: 0.0083505667 | I12: 0.022877953 | J12: 0.0040507163 | K12: 1.0584048 | L12: 0.065111777 | M12: 0.0087495672 | N12: 0.0082230681 | O12: 0.0060977381 | P12: 0.0062584314 | Q12: 0.0081584193 | R12: 0.0042107156 | S12: 0.0044777179 | T12: 0.0058964747 | U12: 0.0086038884 | V12: 0.0038286549 | W12: 0.0053417251 | X12: 0.0023564722 | Y12: 0.0019729855 | Z12: 0.0026139863 | AA12: 0.0048895037 | AB12: 0.0025629892 | AC12: 0.0026330797 | AD12: 0.0034935271 | AE12: 0.0024064414 | AF12: 0.0038810043 | AG12: 0.0024591067 | AH12: 0.0027498807 | AI12: 0.014966884 | AJ12: 0.0059449584 | AK12: 0
A13: DOM_22: Rubber and plastics products | B13: 0.00075167729 | C13: 0.0010576166 | D13: 0.0017461319 | E13: 0.001321471 | F13: 0.0021081098 | G13: 0.0019124957 | H13: 0.0018263116 | I13: 0.0053328128 | J13: 0.00067258834 | K13: 0.0032439886 | L13: 1.0241297 | M13: 0.0023782075 | N13: 0.0015513735 | O13: 0.0023272495 | P13: 0.0049255304 | Q13: 0.0061209126 | R13: 0.0040836966 | S13: 0.0066152682 | T13: 0.0036948509 | U13: 0.0052494059 | V13: 0.0013372936 | W13: 0.0047486032 | X13: 0.0015915968 | Y13: 0.0011764354 | Z13: 0.0012440029 | AA13: 0.0011991706 | AB13: 0.0014842346 | AC13: 0.0009982633 | AD13: 0.00064885709 | AE13: 0.00073571653 | AF13: 0.0011539859 | AG13: 0.001059119 | AH13: 0.00082942621 | AI13: 0.0015914908 | AJ13: 0.0012193783 | AK13: 0
A14: DOM_23: Other non-metallic mineral products | B14: 0.0028384169 | C14: 0.0041453886 | D14: 0.021859575 | E14: 0.0071526777 | F14: 0.0059572058 | G14: 0.0022248162 | H14: 0.011068156 | I14: 0.0049251378 | J14: 0.0023424113 | K14: 0.0095630125 | L14: 0.012979958 | M14: 1.138336 | N14: 0.013192329 | O14: 0.01210691 | P14: 0.020096701 | Q14: 0.014619711 | R14: 0.0094343885 | S14: 0.011377495 | T14: 0.010694743 | U14: 0.01062354 | V14: 0.0052165454 | W14: 0.13574963 | X14: 0.003656068 | Y14: 0.001913331 | Z14: 0.0044672781 | AA14: 0.0026462191 | AB14: 0.0033027669 | AC14: 0.0021923272 | AD14: 0.0019935557 | AE14: 0.0099435886 | AF14: 0.0034477446 | AG14: 0.0048518586 | AH14: 0.0050545114 | AI14: 0.0053128659 | AJ14: 0.004175109 | AK14: 0
A15: DOM_24: Manufacture of basic metals | B15: 0.0012042779 | C15: 0.010928058 | D15: 0.00474383 | E15: 0.020060148 | F15: 0.0014236936 | G15: 0.00090213298 | H15: 0.0025796836 | I15: 0.0060057386 | J15: 0.0053714401 | K15: 0.0032512329 | L15: 0.0088256115 | M15: 0.010790367 | N15: 1.1492096 | O15: 0.15229617 | P15: 0.018316978 | Q15: 0.059513264 | R15: 0.080303148 | S15: 0.043820664 | T15: 0.06011229 | U15: 0.041401584 | V15: 0.0074612921 | W15: 0.049973726 | X15: 0.0017016758 | Y15: 0.0015996422 | Z15: 0.00090008568 | AA15: 0.0013099739 | AB15: 0.0021950232 | AC15: 0.0012607322 | AD15: 0.00067520315 | AE15: 0.0015888532 | AF15: 0.0017085092 | AG15: 0.0029225478 | AH15: 0.001454731 | AI15: 0.0015026255 | AJ15: 0.0019252405 | AK15: 0
... A38: DOM_97T98: Private households with employed persons | B38: 0 | C38: 0 | D38: 0 | E38: 0 | F38: 0 | G38: 0 | H38: 0 | I38: 0 | J38: 0 | K38: 0 | L38: 0 | M38: 0 | N38: 0 | O38: 0 | P38: 0 | Q38: 0 | R38: 0 | S38: 0 | T38: 0 | U38: 0 | V38: 0 | W38: 0 | X38: 0 | Y38: 0 | Z38: 0 | AA38: 0 | AB38: 0 | AC38: 0 | AD38: 0 | AE38: 0 | AF38: 0 | AG38: 0 | AH38: 0 | AI38: 0 | AJ38: 0 | AK38: 1
B39: =SUM(B3:B38) -> 1.5098059 | C39: =SUM(C3:C38) -> 1.428431 | D39: =SUM(D3:D38) -> 1.440121 | E39: =SUM(E3:E38) -> 1.4459221 | F39: =SUM(F3:F38) -> 1.9610848 | G39: =SUM(G3:G38) -> 1.5094898 | H39: =SUM(H3:H38) -> 1.7394876 | I39: =SUM(I3:I38) -> 1.6469248 | ... AK39: =SUM(AK3:AK38) -> 1

Sheet EE Potentials
A1: Source: OECD, World Energy Balances 2017 - For reference year 2015. More updated data exists, if base year is later.
A2: https://www.oecd-ilibrary.org/docserver/world_energy_bal-2017-en.pdf?expires=1586244712&id=id&accname=oid023441&checksum=C0377DFD5E7A8C5A3AC96720BD031033
A4: Total Electricity Final Consumption (ktoe) | B4: 1328 | C4: Share | D4: Share in savings | E4: Total savings | H4: *Capital Cost (M$/PJ) | I4: Capital cost (M$/GW) | J4: Life Time (years)
A5: Industry | B5: 471 | C5: =B5/B$4 -> 0.35466867 | D5: 0.32 | E5: =D5*C5 -> 0.11349398 | G5: EEI | H5: ='EE- Industry'!C6*'EE- Industry'!C7 -> 0 | I5: =H5*31.56 -> 0 | J5: 10
A6: Commerce | B6: 358 | C6: =B6/B$4 -> 0.26957831 | D6: 0.32 | E6: =D6*C6 -> 0.08626506 | G6: EEC | H6: ='EE - Commerce'!C6*'EE - Commerce'!C7 -> 69.25 | I6: =H6*31.56 -> 2185.53 | J6: 10
A7: Residential | B7: 400 | C7: =B7/B$4 -> 0.30120482 | D7: 0.32 | E7: =D7*C7 -> 0.096385542 | G7: EER | H7: ='EE - Residential'!B6*'EE - Residential'!B7 -> 83.1 | I7: =H7*31.56 -> 2622.636 | J7: 10
E8: =SUM(E5:E7) -> 0.29614458 | H8: *Calculated, assuming payback period and energy tariff from RES4MED - assumption from Paper part 1
H11: EE in each sector up to 1.3% saving every year relative to 2015
B13: 2015 | C13: 2016 | D13: 2017 | E13: 2018 | F13: 2019 | G13: 2020 | H13: 2021 | I13: 2022 | J13: 2023 | K13: 2024 | L13: 2025 | M13: 2026 | N13: 2027 | O13: 2028 | P13: 2029 | Q13: 2030 | R13: 2031 | S13: 2032 | T13: 2033 | U13: 2034 | V13: 2035 | W13: 2036 | X13: 2037 | Y13: 2038 | Z13: 2039 | AA13: 2040 | AB13: 2041 | AC13: 2042 | AD13: 2043 | AE13: 2044 | AF13: 2045 | AG13: 2046
A15: EEI | B15: =B$14*$E5*B$12 -> 0 | C15: =C$14*$E5*C$12 -> 0 | D15: =D$14*$E5*D$12 -> 0 | E15: =E$14*$E5*E$12 -> 0 | F15: =F$14*$E5*F$12 -> 0 | G15: =G$14*$E5*G$12 -> 0 | H15: =0.008*B5*0.041868 -> 0.15775862 | I15: =$H15+H15 -> 0.31551725 | J15: =$H15+I15 -> 0.47327587 | K15: =$H15+J15 -> 0.6310345 | L15: =$H15+K15 -> 0.78879312 | M15: =$H15+L15 -> 0.94655174 | N15: =$H15+M15 -> 1.1043104 | O15: =$H15+N15 -> 1.262069 | P15: =$H15+O15 -> 1.4198276 | ... AG15: =$H15+AF15 -> 4.1017242
A16: EEC | B16: =B$14*$E6*B$12 -> 0 | C16: =C$14*$E6*C$12 -> 0 | D16: =D$14*$E6*D$12 -> 0 | E16: =E$14*$E6*E$12 -> 0 | F16: =F$14*$E6*F$12 -> 0 | G16: =G$14*$E6*G$12 -> 0 | H16: =0.008*B6*0.041868 -> 0.11990995 | I16: =$H16+H16 -> 0.2398199 | J16: =$H16+I16 -> 0.35972986 | K16: =$H16+J16 -> 0.47963981 | L16: =$H16+K16 -> 0.59954976 | M16: =$H16+L16 -> 0.71945971 | N16: =$H16+M16 -> 0.83936966 | O16: =$H16+N16 -> 0.95927962 | P16: =$H16+O16 -> 1.0791896 | ... AG16: =$H16+AF16 -> 3.1176588
A17: EER | B17: =B$14*$E7*B$12 -> 0 | C17: =C$14*$E7*C$12 -> 0 | D17: =D$14*$E7*D$12 -> 0 | E17: =E$14*$E7*E$12 -> 0 | F17: =F$14*$E7*F$12 -> 0 | G17: =G$14*$E7*G$12 -> 0 | H17: =0.008*B7*0.041868 -> 0.1339776 | I17: =$H17+H17 -> 0.2679552 | J17: =$H17+I17 -> 0.4019328 | K17: =$H17+J17 -> 0.5359104 | L17: =$H17+K17 -> 0.669888 | M17: =$H17+L17 -> 0.8038656 | N17: =$H17+M17 -> 0.9378432 | O17: =$H17+N17 -> 1.0718208 | P17: =$H17+O17 -> 1.2057984 | ... AG17: =$H17+AF17 -> 3.4834176

Sheet EE - Residential
E1: Construction | F1: Services | G1: Sector x | H1: Sector x to Finance | I1: Sector x | J1: Finance | K1: Finance | L1: Electricity
A2: Generic Energy Efficency Intervention | C2: Source | E2: Invest | F2: Program | G2: Down | H2: Loan | I2: Annual | J2: Invest | L2: Annual
A3: Impact on Electricity Company | E3: (Cost of a PJ* | F3: Spend | G3: Payment | H3: Payment | I3: Save | J3: Cost of a PJ* | L3: Losses
A4: Fraction of Reduced Sales as Exports / Growth | B4: 0.5 | C4: Assumed | E4: Payback)* | F4: (Cost of a PJ* | G4: (Invest* | H4: (Invest* | I4: (Cost of a PJ) | J4: Payback* | L4: If not export (!)
A5: Invesment Required to Meet 2010 Savings | E5: Local content | F5: Prg cost) | G5: 1-Borrowed%) | H5: Loan%* Payment factor) | J5: (Borrowed%)
A6: Assumed Payback Period (Years) | B6: 6 | C6: Elaborated from Spalding-Fecher, R.
A7: Avoided cost of electricity (MUSD/PJ) | B7: =B20*B22 -> 13.85 | C7: Calculated
A8: Financial Assumptions for Investments | E8: Implementation | F8: Gov costs | G8: Down payment | H8: Repayment | I8: Saving | J8: Loan | K8: Financing | L8: Loss of sales
A9: Fraction Borrowed | B9: 0.6 | C9: Assumed | D9: 0 | E9: =B7*B6*B19 -> 16.62 | F9: =-B$7*B18 -> -1.385 | G9: =-B7*B6*(1-B9) -> -33.24 | H9: =-B$6*B$7*B$12*B9 -> -11.516403 | I9: =B$7 -> 13.85 | J9: =-B7*B6*B9 -> -49.86 | K9: =B$12*B$7*B$6*B$9 -> 11.516403 | L9: =-B$7*(1-B4) -> -6.925
A10: Interest Rate | B10: 0.05 | C10: Assumed | D10: 1 | F10: =F9 -> -1.385 | H10: =H9 -> -11.516403 | I10: =I9 -> 13.85 | K10: =K9 -> 11.516403 | L10: =L9 -> -6.925
A11: Period of Loan (Years) | B11: 5 | C11: Assumed | D11: 2 | F11: =F10 -> -1.385 | H11: =H10 -> -11.516403 | I11: =I10 -> 13.85 | K11: =K10 -> 11.516403 | L11: =L10 -> -6.925
A12: Payment Factor | B12: =-PMT(B10,B11,1,0,0) -> 0.2309748 | C12: Calculated | D12: 3 | F12: =F11 -> -1.385 | H12: =H11 -> -11.516403 | I12: =I11 -> 13.85 | K12: =K11 -> 11.516403 | L12: =L11 -> -6.925
A13: Economic Impact Assumptions | D13: 4 | F13: =F12 -> -1.385 | H13: =H12 -> -11.516403 | I13: =I12 -> 13.85 | K13: =K12 -> 11.516403 | L13: =L12 -> -6.925
A14: Assumed Average Wage (TND) | B14: 32876 | C14: Assumed | D14: 5 | F14: =F13 -> -1.385 | I14: =I13 -> 13.85 | L14: =L13 -> -6.925
A15: Assumed Average Wage (USD) | B15: =B14/1.9615 -> 16760.642 | C15: Average exchange rate 2015 | D15: 6 | F15: =F14 -> -1.385 | I15: =I14 -> 13.85 | L15: =L14 -> -6.925
A16: Wage share of value added. | B16: 0.4 | C16: Assumed | D16: 7 | F16: =F15 -> -1.385 | I16: =I15 -> 13.85 | L16: =L15 -> -6.925
A17: Program Assumptions | D17: 8 | F17: =F16 -> -1.385 | I17: =I16 -> 13.85 | L17: =L16 -> -6.925
A18: Cost as Percent of annual saving | B18: 0.1 | C18: Assumed | D18: 9 | F18: =F17 -> -1.385 | I18: =I17 -> 13.85 | L18: =L17 -> -6.925
A19: Local content | B19: 0.2 | C19: Assumed | D19: 10 | F19: =F18 -> -1.385 | I19: =I18 -> 13.85 | L19: =L18 -> -6.925
A20: Tariff (USD/kWh) | B20: 0.05 | C20: Res4Med
B21: 1 | C21: GJ
B22: 277 | C22: kWh
E23: ='Leontief Inverse'!W39 -> 1.6071591 | F23: ='Leontief Inverse'!U39 -> 1.517092 | G23: ='IO Table 2015 OECD'!B103 -> 1.524173 | H23: =G23 -> 1.524173 | I23: =H23 -> 1.524173 | J23: ='Leontief Inverse'!AD39 -> 1.486012 | K23: ='Leontief Inverse'!AD39 -> 1.486012 | L23: ='Leontief Inverse'!V39 -> 1.5230427
D24: =SUM(E25:L35) -> -7.1653857 | E24: Implementation | F24: Gov costs | G24: Down payment | H24: Repayment | I24: Saving | J24: Loan | K24: Financing | L24: Loss of sales
D25: 0 | E25: =E$23*E9 -> 26.710984 | F25: =F$23*F9 -> -2.1011724 | G25: =G$23*G9 -> -50.663511 | H25: =H$23*H9 -> -17.552991 | I25: =I$23*I9 -> 21.109796 | J25: =J$23*J9 -> -74.092556 | K25: =K$23*K9 -> 17.113513 | L25: =L$23*L9 -> -10.54707
A26: Job/PJ/Yr | B26: =D38/10 -> -17.100504 | D26: 1 | E26: =E$23*E10 -> 0 | F26: =F$23*F10 -> -2.1011724 | G26: =G$23*G10 -> 0 | H26: =H$23*H10 -> -17.552991 | I26: =I$23*I10 -> 21.109796 | J26: =J$23*J10 -> 0 | K26: =K$23*K10 -> 17.113513 | L26: =L$23*L10 -> -10.54707
A27: Excluding loss of sales (this will be captured in Gas and Elc prod in OSeMOSYS) | D27: 2 | E27: =E$23*E11 -> 0 | F27: =F$23*F11 -> -2.1011724 | G27: =G$23*G11 -> 0 | H27: =H$23*H11 -> -17.552991 | I27: =I$23*I11 -> 21.109796 | J27: =J$23*J11 -> 0 | K27: =K$23*K11 -> 17.113513 | L27: =L$23*L11 -> -10.54707
A28: Job losses | B28: =SUM(F39:F49,G39:G49,H39:H49,J39:J49)/20 -> -281.17529 | D28: 3 | E28: =E$23*E12 -> 0 | F28: =F$23*F12 -> -2.1011724 | G28: =G$23*G12 -> 0 | H28: =H$23*H12 -> -17.552991 | I28: =I$23*I12 -> 21.109796 | J28: =J$23*J12 -> 0 | K28: =K$23*K12 -> 17.113513 | L28: =L$23*L12 -> -10.54707
A29: Job gains | B29: =SUM(E39:E49,I39:I49,K39:K49)/20 -> 411.06576 | D29: 4 | E29: =E$23*E13 -> 0 | F29: =F$23*F13 -> -2.1011724 | G29: =G$23*G13 -> 0 | H29: =H$23*H13 -> -17.552991 | I29: =I$23*I13 -> 21.109796 | J29: =J$23*J13 -> 0 | K29: =K$23*K13 -> 17.113513 | L29: =L$23*L13 -> -10.54707
D30: 5 | E30: =E$23*E14 -> 0 | F30: =F$23*F14 -> -2.1011724 | G30: =G$23*G14 -> 0 | H30: =H$23*H14 -> 0 | I30: =I$23*I14 -> 21.109796 | J30: =J$23*J14 -> 0 | K30: =K$23*K14 -> 0 | L30: =L$23*L14 -> -10.54707
D31: 6 | E31: =E$23*E15 -> 0 | F31: =F$23*F15 -> -2.1011724 | G31: =G$23*G15 -> 0 | H31: =H$23*H15 -> 0 | I31: =I$23*I15 -> 21.109796 | J31: =J$23*J15 -> 0 | K31: =K$23*K15 -> 0 | L31: =L$23*L15 -> -10.54707
D32: 7 | E32: =E$23*E16 -> 0 | F32: =F$23*F16 -> -2.1011724 | G32: =G$23*G16 -> 0 | H32: =H$23*H16 -> 0 | I32: =I$23*I16 -> 21.109796 | J32: =J$23*J16 -> 0 | K32: =K$23*K16 -> 0 | L32: =L$23*L16 -> -10.54707
D33: 8 | E33: =E$23*E17 -> 0 | F33: =F$23*F17 -> -2.1011724 | G33: =G$23*G17 -> 0 | H33: =H$23*H17 -> 0 | I33: =I$23*I17 -> 21.109796 | J33: =J$23*J17 -> 0 | K33: =K$23*K17 -> 0 | L33: =L$23*L17 -> -10.54707
D34: 9 | E34: =E$23*E18 -> 0 | F34: =F$23*F18 -> -2.1011724 | G34: =G$23*G18 -> 0 | H34: =H$23*H18 -> 0 | I34: =I$23*I18 -> 21.109796 | J34: =J$23*J18 -> 0 | K34: =K$23*K18 -> 0 | L34: =L$23*L18 -> -10.54707
D35: 10 | E35: =E$23*E19 -> 0 | F35: =F$23*F19 -> -2.1011724 | G35: =G$23*G19 -> 0 | H35: =H$23*H19 -> 0 | I35: =I$23*I19 -> 21.109796 | J35: =J$23*J19 -> 0 | K35: =K$23*K19 -> 0 | L35: =L$23*L19 -> -10.54707
E37: =$B16*1000*1000/$B15 -> 23.865434 | F37: =$B16*1000*1000/$B15 -> 23.865434 | G37: =$B16*1000*1000/$B15 -> 23.865434 | H37: =$B16*1000*1000/$B15 -> 23.865434 | I37: =$B16*1000*1000/$B15 -> 23.865434 | J37: =$B16*1000*1000/$B15 -> 23.865434 | K37: =$B16*1000*1000/$B15 -> 23.865434 | L37: =$B16*1000*1000/$B15 -> 23.865434
D38: =SUM(E39:L49) -> -171.00504 | E38: Implementation | F38: Gov costs | G38: Down payment | H38: Repayment | I38: Saving | J38: Loan | K38: Financing | L38: Loss of sales
D39: 0 | E39: =E25*E$37 -> 637.46923 | F39: =F25*F$37 -> -50.145391 | G39: =G25*G$37 -> -1209.1067 | H39: =H25*H$37 -> -418.90975 | I39: =I25*I$37 -> 503.79445 | J39: =J25*J$37 -> -1768.251 | K39: =K25*K$37 -> 408.42142 | L39: =L25*L$37 -> -251.71041
D40: 1 | E40: =E26*E$37 -> 0 | F40: =F26*F$37 -> -50.145391 | G40: =G26*G$37 -> 0 | H40: =H26*H$37 -> -418.90975 | I40: =I26*I$37 -> 503.79445 | J40: =J26*J$37 -> 0 | K40: =K26*K$37 -> 408.42142 | L40: =L26*L$37 -> -251.71041
D41: 2 | E41: =E27*E$37 -> 0 | F41: =F27*F$37 -> -50.145391 | G41: =G27*G$37 -> 0 | H41: =H27*H$37 -> -418.90975 | I41: =I27*I$37 -> 503.79445 | J41: =J27*J$37 -> 0 | K41: =K27*K$37 -> 408.42142 | L41: =L27*L$37 -> -251.71041
D42: 3 | E42: =E28*E$37 -> 0 | F42: =F28*F$37 -> -50.145391 | G42: =G28*G$37 -> 0 | H42: =H28*H$37 -> -418.90975 | I42: =I28*I$37 -> 503.79445 | J42: =J28*J$37 -> 0 | K42: =K28*K$37 -> 408.42142 | L42: =L28*L$37 -> -251.71041
D43: 4 | E43: =E29*E$37 -> 0 | F43: =F29*F$37 -> -50.145391 | G43: =G29*G$37 -> 0 | H43: =H29*H$37 -> -418.90975 | I43: =I29*I$37 -> 503.79445 | J43: =J29*J$37 -> 0 | K43: =K29*K$37 -> 408.42142 | L43: =L29*L$37 -> -251.71041
D44: 5 | E44: =E30*E$37 -> 0 | F44: =F30*F$37 -> -50.145391 | G44: =G30*G$37 -> 0 | H44: =H30*H$37 -> 0 | I44: =I30*I$37 -> 503.79445 | J44: =J30*J$37 -> 0 | K44: =K30*K$37 -> 0 | L44: =L30*L$37 -> -251.71041
D45: 6 | E45: =E31*E$37 -> 0 | F45: =F31*F$37 -> -50.145391 | G45: =G31*G$37 -> 0 | H45: =H31*H$37 -> 0 | I45: =I31*I$37 -> 503.79445 | J45: =J31*J$37 -> 0 | K45: =K31*K$37 -> 0 | L45: =L31*L$37 -> -251.71041
D46: 7 | E46: =E32*E$37 -> 0 | F46: =F32*F$37 -> -50.145391 | G46: =G32*G$37 -> 0 | H46: =H32*H$37 -> 0 | I46: =I32*I$37 -> 503.79445 | J46: =J32*J$37 -> 0 | K46: =K32*K$37 -> 0 | L46: =L32*L$37 -> -251.71041
D47: 8 | E47: =E33*E$37 -> 0 | F47: =F33*F$37 -> -50.145391 | G47: =G33*G$37 -> 0 | H47: =H33*H$37 -> 0 | I47: =I33*I$37 -> 503.79445 | J47: =J33*J$37 -> 0 | K47: =K33*K$37 -> 0 | L47: =L33*L$37 -> -251.71041
D48: 9 | E48: =E34*E$37 -> 0 | F48: =F34*F$37 -> -50.145391 | G48: =G34*G$37 -> 0 | H48: =H34*H$37 -> 0 | I48: =I34*I$37 -> 503.79445 | J48: =J34*J$37 -> 0 | K48: =K34*K$37 -> 0 | L48: =L34*L$37 -> -251.71041
D49: 10 | E49: =E35*E$37 -> 0 | F49: =F35*F$37 -> -50.145391 | G49: =G35*G$37 -> 0 | H49: =H35*H$37 -> 0 | I49: =I35*I$37 -> 503.79445 | J49: =J35*J$37 -> 0 | K49: =K35*K$37 -> 0 | L49: =L35*L$37 -> -251.71041

Sheet EE- Industry
F1: Construction | G1: Services | H1: Sector x | I1: Sector x to Finance | J1: Sector x | K1: Finance | L1: Finance | M1: Electricity
B2: Generic Energy Efficency Intervention | F2: Invest | G2: Program | H2: Down | I2: Loan | J2: Annual | K2: Invest | M2: Annual
B3: Impact on Electricity Company | F3: (Cost of a PJ* | G3: Spend | H3: Payment | I3: Payment | J3: Save | K3: Cost of a PJ* | M3: Losses
B4: Fraction of Reduced Sales as Exports / Growth | C4: 0.5 | D4: Assumed | F4: Payback)* | G4: (Cost of a PJ* | H4: (Invest* | I4: (Invest* | J4: (Cost of a PJ) | K4: Payback* | M4: If not export (!)
B5: Invesment Required to Meet 2010 Savings | F5: Local content | G5: Prg cost) | H5: 1-Borrowed%) | I5: Loan%* Pyment factor) | K5: (Borrowed%)
B6: Assumed Payback Period (Years) | C6: ='Results Part1'!Q2 -> 0 | D6: Elaborated from Spalding-Fecher, R.
B7: Avoided cost of electricity (MUSD/PJ) | C7: =C20*C22 -> 19.39 | D7: Calculated
B8: Financial Assumptions for Investments | F8: Implementation | G8: Gov costs | H8: Down payment | I8: Repayment | J8: Saving | K8: Loan | L8: Financing | M8: Loss of sales
B9: Fraction Borrowed | C9: 0.6 | D9: Assumed | E9: 0 | F9: =C7*C6*C19 -> 0 | G9: =-C$7*C18 -> -0.1939 | H9: =-C7*C6*(1-C9) -> 0 | I9: =-C$6*C$7*C$12*C9 -> 0 | J9: =C$7 -> 19.39 | K9: =-C7*C6*C9 -> 0 | L9: =C$12*C$7*C$6*C$9 -> 0 | M9: =-C$7*(1-C4) -> -9.695
B10: Interest Rate | C10: 0.05 | D10: Assumed | E10: 1 | G10: =G9 -> -0.1939 | I10: =I9 -> 0 | J10: =J9 -> 19.39 | L10: =L9 -> 0 | M10: =M9 -> -9.695
B11: Period of Loan (Years) | C11: 5 | D11: Assumed | E11: 2 | G11: =G10 -> -0.1939 | I11: =I10 -> 0 | J11: =J10 -> 19.39 | L11: =L10 -> 0 | M11: =M10 -> -9.695
B12: Payment Factor | C12: =-PMT(C10,C11,1,0,0) -> 0.2309748 | D12: Calculated | E12: 3 | G12: =G11 -> -0.1939 | I12: =I11 -> 0 | J12: =J11 -> 19.39 | L12: =L11 -> 0 | M12: =M11 -> -9.695
B13: Economic Impact Assumptions | E13: 4 | G13: =G12 -> -0.1939 | I13: =I12 -> 0 | J13: =J12 -> 19.39 | L13: =L12 -> 0 | M13: =M12 -> -9.695
B14: Assumed Average Wage (TND) | C14: 32876 | D14: Assumed | E14: 5 | G14: =G13 -> -0.1939 | J14: =J13 -> 19.39 | M14: =M13 -> -9.695
B15: Assumed Average Wage (USD) | C15: =C14/1.9615 -> 16760.642 | D15: Average exchange rate 2015 | E15: 6 | G15: =G14 -> -0.1939 | J15: =J14 -> 19.39 | M15: =M14 -> -9.695
B16: Wage share of value added. | C16: 0.4 | D16: Assumed | E16: 7 | G16: =G15 -> -0.1939 | J16: =J15 -> 19.39 | M16: =M15 -> -9.695
B17: Program Assumptions | E17: 8 | G17: =G16 -> -0.1939 | J17: =J16 -> 19.39 | M17: =M16 -> -9.695
B18: Cost as Percent of annual saving | C18: 0.01 | D18: Assumed | E18: 9 | G18: =G17 -> -0.1939 | J18: =J17 -> 19.39 | M18: =M17 -> -9.695
B19: Local content | C19: 0.2 | D19: Assumed | E19: 10 | G19: =G18 -> -0.1939 | J19: =J18 -> 19.39 | M19: =M18 -> -9.695
B20: Tariff (USD/kWh) | C20: 0.07 | D20: Res4Med
C21: 1 | D21: GJ
C22: 277 | D22: kWh
F23: ='Leontief Inverse'!W39 -> 1.6071591 | G23: ='Leontief Inverse'!U39 -> 1.517092 | H23: =AVERAGE('Leontief Inverse'!C39:Y39) -> 1.5387986 | I23: =H23 -> 1.5387986 | J23: =I23 -> 1.5387986 | K23: ='Leontief Inverse'!AD39 -> 1.486012 | L23: ='Leontief Inverse'!AD39 -> 1.486012 | M23: ='Leontief Inverse'!V39 -> 1.5230427
E24: =SUM(F25:M35) -> 162.54966 | F24: Implementation | G24: Gov costs | H24: Down payment | I24: Repayment | J24: Saving | K24: Loan | L24: Financing | M24: Loss of sales
E25: 0 | F25: =F$23*F9 -> 0 | G25: =G$23*G9 -> -0.29416414 | H25: =H$23*H9 -> 0 | I25: =I$23*I9 -> 0 | J25: =J$23*J9 -> 29.837305 | K25: =K$23*K9 -> 0 | L25: =L$23*L9 -> 0 | M25: =M$23*M9 -> -14.765899
B26: Job/PJ/Yr | C26: =E38/10 -> 387.93182 | E26: 1 | F26: =F$23*F10 -> 0 | G26: =G$23*G10 -> -0.29416414 | H26: =H$23*H10 -> 0 | I26: =I$23*I10 -> 0 | J26: =J$23*J10 -> 29.837305 | K26: =K$23*K10 -> 0 | L26: =L$23*L10 -> 0 | M26: =M$23*M10 -> -14.765899
B27: Excluding loss of sales (this will be captured in Gas and Elc prod in OSeMOSYS) | E27: 2 | F27: =F$23*F11 -> 0 | G27: =G$23*G11 -> -0.29416414 | H27: =H$23*H11 -> 0 | I27: =I$23*I11 -> 0 | J27: =J$23*J11 -> 29.837305 | K27: =K$23*K11 -> 0 | L27: =L$23*L11 -> 0 | M27: =M$23*M11 -> -14.765899
B28: Job losses | C28: =SUM(G39:G49,H39:H49,I39:I49,K39:K49)/20 -> -3.8611951 | E28: 3 | F28: =F$23*F12 -> 0 | G28: =G$23*G12 -> -0.29416414 | H28: =H$23*H12 -> 0 | I28: =I$23*I12 -> 0 | J28: =J$23*J12 -> 29.837305 | K28: =K$23*K12 -> 0 | L28: =L$23*L12 -> 0 | M28: =M$23*M12 -> -14.765899
B29: Job gains | C29: =SUM(F39:F49,J39:J49,L39:L49)/20 -> 391.64412 | E29: 4 | F29: =F$23*F13 -> 0 | G29: =G$23*G13 -> -0.29416414 | H29: =H$23*H13 -> 0 | I29: =I$23*I13 -> 0 | J29: =J$23*J13 -> 29.837305 | K29: =K$23*K13 -> 0 | L29: =L$23*L13 -> 0 | M29: =M$23*M13 -> -14.765899
E30: 5 | F30: =F$23*F14 -> 0 | G30: =G$23*G14 -> -0.29416414 | H30: =H$23*H14 -> 0 | I30: =I$23*I14 -> 0 | J30: =J$23*J14 -> 29.837305 | K30: =K$23*K14 -> 0 | L30: =L$23*L14 -> 0 | M30: =M$23*M14 -> -14.765899
E31: 6 | F31: =F$23*F15 -> 0 | G31: =G$23*G15 -> -0.29416414 | H31: =H$23*H15 -> 0 | I31: =I$23*I15 -> 0 | J31: =J$23*J15 -> 29.837305 | K31: =K$23*K15 -> 0 | L31: =L$23*L15 -> 0 | M31: =M$23*M15 -> -14.765899
E32: 7 | F32: =F$23*F16 -> 0 | G32: =G$23*G16 -> -0.29416414 | H32: =H$23*H16 -> 0 | I32: =I$23*I16 -> 0 | J32: =J$23*J16 -> 29.837305 | K32: =K$23*K16 -> 0 | L32: =L$23*L16 -> 0 | M32: =M$23*M16 -> -14.765899
E33: 8 | F33: =F$23*F17 -> 0 | G33: =G$23*G17 -> -0.29416414 | H33: =H$23*H17 -> 0 | I33: =I$23*I17 -> 0 | J33: =J$23*J17 -> 29.837305 | K33: =K$23*K17 -> 0 | L33: =L$23*L17 -> 0 | M33: =M$23*M17 -> -14.765899
E34: 9 | F34: =F$23*F18 -> 0 | G34: =G$23*G18 -> -0.29416414 | H34: =H$23*H18 -> 0 | I34: =I$23*I18 -> 0 | J34: =J$23*J18 -> 29.837305 | K34: =K$23*K18 -> 0 | L34: =L$23*L18 -> 0 | M34: =M$23*M18 -> -14.765899
E35: 10 | F35: =F$23*F19 -> 0 | G35: =G$23*G19 -> -0.29416414 | H35: =H$23*H19 -> 0 | I35: =I$23*I19 -> 0 | J35: =J$23*J19 -> 29.837305 | K35: =K$23*K19 -> 0 | L35: =L$23*L19 -> 0 | M35: =M$23*M19 -> -14.765899
F37: =$C16*1000*1000/$C15 -> 23.865434 | G37: =$C16*1000*1000/$C15 -> 23.865434 | H37: =$C16*1000*1000/$C15 -> 23.865434 | I37: =$C16*1000*1000/$C15 -> 23.865434 | J37: =$C16*1000*1000/$C15 -> 23.865434 | K37: =$C16*1000*1000/$C15 -> 23.865434 | L37: =$C16*1000*1000/$C15 -> 23.865434 | M37: =$C16*1000*1000/$C15 -> 23.865434
E38: =SUM(F39:M49) -> 3879.3182 | F38: Implementation | G38: Gov costs | H38: Down payment | I38: Repayment | J38: Saving | K38: Loan | L38: Financing | M38: Loss of sales
E39: 0 | F39: =F25*F$37 -> 0 | G39: =G25*G$37 -> -7.0203547 | H39: =H25*H$37 -> 0 | I39: =I25*I$37 -> 0 | J39: =J25*J$37 -> 712.08022 | K39: =K25*K$37 -> 0 | L39: =L25*L$37 -> 0 | M39: =M25*M$37 -> -352.39458
E40: 1 | F40: =F26*F$37 -> 0 | G40: =G26*G$37 -> -7.0203547 | H40: =H26*H$37 -> 0 | I40: =I26*I$37 -> 0 | J40: =J26*J$37 -> 712.08022 | K40: =K26*K$37 -> 0 | L40: =L26*L$37 -> 0 | M40: =M26*M$37 -> -352.39458
E41: 2 | F41: =F27*F$37 -> 0 | G41: =G27*G$37 -> -7.0203547 | H41: =H27*H$37 -> 0 | I41: =I27*I$37 -> 0 | J41: =J27*J$37 -> 712.08022 | K41: =K27*K$37 -> 0 | L41: =L27*L$37 -> 0 | M41: =M27*M$37 -> -352.39458
E42: 3 | F42: =F28*F$37 -> 0 | G42: =G28*G$37 -> -7.0203547 | H42: =H28*H$37 -> 0 | I42: =I28*I$37 -> 0 | J42: =J28*J$37 -> 712.08022 | K42: =K28*K$37 -> 0 | L42: =L28*L$37 -> 0 | M42: =M28*M$37 -> -352.39458
E43: 4 | F43: =F29*F$37 -> 0 | G43: =G29*G$37 -> -7.0203547 | H43: =H29*H$37 -> 0 | I43: =I29*I$37 -> 0 | J43: =J29*J$37 -> 712.08022 | K43: =K29*K$37 -> 0 | L43: =L29*L$37 -> 0 | M43: =M29*M$37 -> -352.39458
E44: 5 | F44: =F30*F$37 -> 0 | G44: =G30*G$37 -> -7.0203547 | H44: =H30*H$37 -> 0 | I44: =I30*I$37 -> 0 | J44: =J30*J$37 -> 712.08022 | K44: =K30*K$37 -> 0 | L44: =L30*L$37 -> 0 | M44: =M30*M$37 -> -352.39458
E45: 6 | F45: =F31*F$37 -> 0 | G45: =G31*G$37 -> -7.0203547 | H45: =H31*H$37 -> 0 | I45: =I31*I$37 -> 0 | J45: =J31*J$37 -> 712.08022 | K45: =K31*K$37 -> 0 | L45: =L31*L$37 -> 0 | M45: =M31*M$37 -> -352.39458
E46: 7 | F46: =F32*F$37 -> 0 | G46: =G32*G$37 -> -7.0203547 | H46: =H32*H$37 -> 0 | I46: =I32*I$37 -> 0 | J46: =J32*J$37 -> 712.08022 | K46: =K32*K$37 -> 0 | L46: =L32*L$37 -> 0 | M46: =M32*M$37 -> -352.39458
E47: 8 | F47: =F33*F$37 -> 0 | G47: =G33*G$37 -> -7.0203547 | H47: =H33*H$37 -> 0 | I47: =I33*I$37 -> 0 | J47: =J33*J$37 -> 712.08022 | K47: =K33*K$37 -> 0 | L47: =L33*L$37 -> 0 | M47: =M33*M$37 -> -352.39458
E48: 9 | F48: =F34*F$37 -> 0 | G48: =G34*G$37 -> -7.0203547 | H48: =H34*H$37 -> 0 | I48: =I34*I$37 -> 0 | J48: =J34*J$37 -> 712.08022 | K48: =K34*K$37 -> 0 | L48: =L34*L$37 -> 0 | M48: =M34*M$37 -> -352.39458
E49: 10 | F49: =F35*F$37 -> 0 | G49: =G35*G$37 -> -7.0203547 | H49: =H35*H$37 -> 0 | I49: =I35*I$37 -> 0 | J49: =J35*J$37 -> 712.08022 | K49: =K35*K$37 -> 0 | L49: =L35*L$37 -> 0 | M49: =M35*M$37 -> -352.39458

Sheet EE - Commerce
F1: Construction | G1: Services | H1: Sector x | I1: Sector x to Finance | J1: Sector x | K1: Finance | L1: Finance | M1: Electricity
B2: Generic Energy Efficency Intervention | F2: Invest | G2: Program | H2: Down | I2: Loan | J2: Annual | K2: Invest | M2: Annual
B3: Impact on Electricity Company | F3: (Cost of a PJ* | G3: Spend | H3: Payment | I3: Payment | J3: Save | K3: Cost of a PJ* | M3: Losses
B4: Fraction of Reduced Sales as Exports / Growth | C4: 0.5 | D4: Assumed | F4: Payback)* | G4: (Cost of a PJ* | H4: (Invest* | I4: (Invest* | J4: (Cost of a PJ) | K4: Payback* | M4: If not export (!)
B5: Invesment Required to Meet 2010 Savings | F5: Local content | G5: Prg cost) | H5: 1-Borrowed%) | I5: Loan%* Pyment factor) | K5: (Borrowed%)
B6: Assumed Payback Period (Years) | C6: 5 | D6: Elaborated from Spalding-Fecher, R.
B7: Avoided cost of electricity (MUSD/PJ) | C7: =C20*C22 -> 13.85 | D7: Calculated | J7: *** | M7: ***
B8: Financial Assumptions for Investments | F8: Implementation | G8: Gov costs | H8: Down payment | I8: Repayment | J8: Saving | K8: Loan | L8: Financing | M8: Loss of sales
B9: Fraction Borrowed | C9: 0.6 | D9: Assumed | E9: 0 | F9: =C7*C6*C19 -> 13.85 | G9: =-C$7*C18 -> -0.1385 | H9: =-C7*C6*(1-C9) -> -27.7 | I9: =-C$6*C$7*C$12*C9 -> -9.5970029 | J9: =C$7 -> 13.85 | K9: =-C7*C6*C9 -> -41.55 | L9: =C$12*C$7*C$6*C$9 -> 9.5970029 | M9: =-C$7*(1-C4) -> -6.925
B10: Interest Rate | C10: 0.05 | D10: Assumed | E10: 1 | G10: =G9 -> -0.1385 | I10: =I9 -> -9.5970029 | J10: =J9 -> 13.85 | L10: =L9 -> 9.5970029 | M10: =M9 -> -6.925
B11: Period of Loan (Years) | C11: 5 | D11: Assumed | E11: 2 | G11: =G10 -> -0.1385 | I11: =I10 -> -9.5970029 | J11: =J10 -> 13.85 | L11: =L10 -> 9.5970029 | M11: =M10 -> -6.925
B12: Payment Factor | C12: =-PMT(C10,C11,1,0,0) -> 0.2309748 | D12: Calculated | E12: 3 | G12: =G11 -> -0.1385 | I12: =I11 -> -9.5970029 | J12: =J11 -> 13.85 | L12: =L11 -> 9.5970029 | M12: =M11 -> -6.925
B13: Economic Impact Assumptions | E13: 4 | G13: =G12 -> -0.1385 | I13: =I12 -> -9.5970029 | J13: =J12 -> 13.85 | L13: =L12 -> 9.5970029 | M13: =M12 -> -6.925
B14: Assumed Average Wage (TND) | C14: 32876 | D14: Assumed | E14: 5 | G14: =G13 -> -0.1385 | J14: =J13 -> 13.85 | M14: =M13 -> -6.925
B15: Assumed Average Wage (USD) | C15: =C14/1.9615 -> 16760.642 | D15: Average exchange rate 2015
B16: Wage share of value added. | C16: 0.4 | E16: 6 | G16: =G14 -> -0.1385 | J16: =J14 -> 13.85 | M16: =M14 -> -6.925
B17: Program Assumptions | E17: 7 | G17: =G16 -> -0.1385 | J17: =J16 -> 13.85 | M17: =M16 -> -6.925
B18: Cost as Percent of annual saving | C18: 0.01 | D18: Assumed | E18: 8 | G18: =G17 -> -0.1385 | J18: =J17 -> 13.85 | M18: =M17 -> -6.925
B19: Local content | C19: 0.2 | D19: Assumed | E19: 9 | G19: =G18 -> -0.1385 | J19: =J18 -> 13.85 | M19: =M18 -> -6.925
B20: Tariff (USD/kWh) | C20: 0.05 | D20: Res4Med | E20: 10 | G20: =G19 -> -0.1385 | J20: =J19 -> 13.85 | M20: =M19 -> -6.925
C21: 1 | D21: GJ
C22: 277 | D22: kWh
H23: Average for services
F24: ='Leontief Inverse'!W39 -> 1.6071591 | G24: ='Leontief Inverse'!U39 -> 1.517092 | H24: ='IO Table 2015 OECD'!B99 -> 1.4315957 | I24: =H24 -> 1.4315957 | J24: =I24 -> 1.4315957 | K24: ='Leontief Inverse'!AD39 -> 1.486012 | L24: ='Leontief Inverse'!AD39 -> 1.486012 | M24: ='Leontief Inverse'!V39 -> 1.5230427
F25: Implementation | G25: Gov costs | H25: Down payment | I25: Repayment | J25: Saving | K25: Loan | L25: Financing | M25: Loss of sales
E26: 0 | F26: =F$24*F9 -> 22.259154 | G26: =G$24*G9 -> -0.21011724 | H26: =H$24*H9 -> -39.655202 | I26: =I$24*I9 -> -13.739028 | J26: =J$24*J9 -> 19.827601 | K26: =K$24*K9 -> -61.743797 | L26: =L$24*L9 -> 14.261261 | M26: =M$24*M9 -> -10.54707
B27: Job/PJ/Yr | C27: =E39/10 -> 55.477263 | E27: 1 | F27: =F$24*F10 -> 0 | G27: =G$24*G10 -> -0.21011724 | H27: =H$24*H10 -> 0 | I27: =I$24*I10 -> -13.739028 | J27: =J$24*J10 -> 19.827601 | K27: =K$24*K10 -> 0 | L27: =L$24*L10 -> 14.261261 | M27: =M$24*M10 -> -10.54707
B28: Excluding loss of sales (this will be captured in Gas and Elc prod in OSeMOSYS) | E28: 2 | F28: =F$24*F11 -> 0 | G28: =G$24*G11 -> -0.21011724 | H28: =H$24*H11 -> 0 | I28: =I$24*I11 -> -13.739028 | J28: =J$24*J11 -> 19.827601 | K28: =K$24*K11 -> 0 | L28: =L$24*L11 -> 14.261261 | M28: =M$24*M11 -> -10.54707
B29: Job losses | C29: =SUM(G40:G50,H40:H50,I40:I50,K40:K50)/20 -> -205.72652 | E29: 3 | F29: =F$24*F12 -> 0 | G29: =G$24*G12 -> -0.21011724 | H29: =H$24*H12 -> 0 | I29: =I$24*I12 -> -13.739028 | J29: =J$24*J12 -> 19.827601 | K29: =K$24*K12 -> 0 | L29: =L$24*L12 -> 14.261261 | M29: =M$24*M12 -> -10.54707
B30: Job gains | C30: =SUM(F40:F50,J40:J50,L40:L50)/20 -> 371.90588 | E30: 4 | F30: =F$24*F13 -> 0 | G30: =G$24*G13 -> -0.21011724 | H30: =H$24*H13 -> 0 | I30: =I$24*I13 -> -13.739028 | J30: =J$24*J13 -> 19.827601 | K30: =K$24*K13 -> 0 | L30: =L$24*L13 -> 14.261261 | M30: =M$24*M13 -> -10.54707
E31: 5 | F31: =F$24*F14 -> 0 | G31: =G$24*G14 -> -0.21011724 | H31: =H$24*H14 -> 0 | I31: =I$24*I14 -> 0 | J31: =J$24*J14 -> 19.827601 | K31: =K$24*K14 -> 0 | L31: =L$24*L14 -> 0 | M31: =M$24*M14 -> -10.54707
E32: 6 | F32: =F$24*F16 -> 0 | G32: =G$24*G16 -> -0.21011724 | H32: =H$24*H16 -> 0 | I32: =I$24*I16 -> 0 | J32: =J$24*J16 -> 19.827601 | K32: =K$24*K16 -> 0 | L32: =L$24*L16 -> 0 | M32: =M$24*M16 -> -10.54707
E33: 7 | F33: =F$24*F17 -> 0 | G33: =G$24*G17 -> -0.21011724 | H33: =H$24*H17 -> 0 | I33: =I$24*I17 -> 0 | J33: =J$24*J17 -> 19.827601 | K33: =K$24*K17 -> 0 | L33: =L$24*L17 -> 0 | M33: =M$24*M17 -> -10.54707
E34: 8 | F34: =F$24*F18 -> 0 | G34: =G$24*G18 -> -0.21011724 | H34: =H$24*H18 -> 0 | I34: =I$24*I18 -> 0 | J34: =J$24*J18 -> 19.827601 | K34: =K$24*K18 -> 0 | L34: =L$24*L18 -> 0 | M34: =M$24*M18 -> -10.54707
E35: 9 | F35: =F$24*F19 -> 0 | G35: =G$24*G19 -> -0.21011724 | H35: =H$24*H19 -> 0 | I35: =I$24*I19 -> 0 | J35: =J$24*J19 -> 19.827601 | K35: =K$24*K19 -> 0 | L35: =L$24*L19 -> 0 | M35: =M$24*M19 -> -10.54707
E36: 10 | F36: =F$24*F20 -> 0 | G36: =G$24*G20 -> -0.21011724 | H36: =H$24*H20 -> 0 | I36: =I$24*I20 -> 0 | J36: =J$24*J20 -> 19.827601 | K36: =K$24*K20 -> 0 | L36: =L$24*L20 -> 0 | M36: =M$24*M20 -> -10.54707
F38: =$C16*1000*1000/$C15 -> 23.865434 | G38: =$C16*1000*1000/$C15 -> 23.865434 | H38: =$C16*1000*1000/$C15 -> 23.865434 | I38: =$C16*1000*1000/$C15 -> 23.865434 | J38: =$C16*1000*1000/$C15 -> 23.865434 | K38: =$C16*1000*1000/$C15 -> 23.865434 | L38: =$C16*1000*1000/$C15 -> 23.865434 | M38: =$C16*1000*1000/$C15 -> 23.865434
E39: =SUM(F40:M50) -> 554.77263 | F39: Implementation | G39: Gov costs | H39: Down payment | I39: Repayment | J39: Saving | K39: Loan | L39: Financing | M39: Loss of sales
E40: 0 | F40: =F26*F$38 -> 531.22436 | G40: =G26*G$38 -> -5.0145391 | H40: =H26*H$38 -> -946.38859 | I40: =I26*I$38 -> -327.88787 | J40: =J26*J$38 -> 473.1943 | K40: =K26*K$38 -> -1473.5425 | L40: =L26*L$38 -> 340.35118 | M40: =M26*M$38 -> -251.71041
E41: 1 | F41: =F27*F$38 -> 0 | G41: =G27*G$38 -> -5.0145391 | H41: =H27*H$38 -> 0 | I41: =I27*I$38 -> -327.88787 | J41: =J27*J$38 -> 473.1943 | K41: =K27*K$38 -> 0 | L41: =L27*L$38 -> 340.35118 | M41: =M27*M$38 -> -251.71041
E42: 2 | F42: =F28*F$38 -> 0 | G42: =G28*G$38 -> -5.0145391 | H42: =H28*H$38 -> 0 | I42: =I28*I$38 -> -327.88787 | J42: =J28*J$38 -> 473.1943 | K42: =K28*K$38 -> 0 | L42: =L28*L$38 -> 340.35118 | M42: =M28*M$38 -> -251.71041
E43: 3 | F43: =F29*F$38 -> 0 | G43: =G29*G$38 -> -5.0145391 | H43: =H29*H$38 -> 0 | I43: =I29*I$38 -> -327.88787 | J43: =J29*J$38 -> 473.1943 | K43: =K29*K$38 -> 0 | L43: =L29*L$38 -> 340.35118 | M43: =M29*M$38 -> -251.71041
E44: 4 | F44: =F30*F$38 -> 0 | G44: =G30*G$38 -> -5.0145391 | H44: =H30*H$38 -> 0 | I44: =I30*I$38 -> -327.88787 | J44: =J30*J$38 -> 473.1943 | K44: =K30*K$38 -> 0 | L44: =L30*L$38 -> 340.35118 | M44: =M30*M$38 -> -251.71041
E45: 5 | F45: =F31*F$38 -> 0 | G45: =G31*G$38 -> -5.0145391 | H45: =H31*H$38 -> 0 | I45: =I31*I$38 -> 0 | J45: =J31*J$38 -> 473.1943 | K45: =K31*K$38 -> 0 | L45: =L31*L$38 -> 0 | M45: =M31*M$38 -> -251.71041
E46: 6 | F46: =F32*F$38 -> 0 | G46: =G32*G$38 -> -5.0145391 | H46: =H32*H$38 -> 0 | I46: =I32*I$38 -> 0 | J46: =J32*J$38 -> 473.1943 | K46: =K32*K$38 -> 0 | L46: =L32*L$38 -> 0 | M46: =M32*M$38 -> -251.71041
E47: 7 | F47: =F33*F$38 -> 0 | G47: =G33*G$38 -> -5.0145391 | H47: =H33*H$38 -> 0 | I47: =I33*I$38 -> 0 | J47: =J33*J$38 -> 473.1943 | K47: =K33*K$38 -> 0 | L47: =L33*L$38 -> 0 | M47: =M33*M$38 -> -251.71041
E48: 8 | F48: =F34*F$38 -> 0 | G48: =G34*G$38 -> -5.0145391 | H48: =H34*H$38 -> 0 | I48: =I34*I$38 -> 0 | J48: =J34*J$38 -> 473.1943 | K48: =K34*K$38 -> 0 | L48: =L34*L$38 -> 0 | M48: =M34*M$38 -> -251.71041
E49: 9 | F49: =F35*F$38 -> 0 | G49: =G35*G$38 -> -5.0145391 | H49: =H35*H$38 -> 0 | I49: =I35*I$38 -> 0 | J49: =J35*J$38 -> 473.1943 | K49: =K35*K$38 -> 0 | L49: =L35*L$38 -> 0 | M49: =M35*M$38 -> -251.71041
E50: 10 | F50: =F36*F$38 -> 0 | G50: =G36*G$38 -> -5.0145391 | H50: =H36*H$38 -> 0 | I50: =I36*I$38 -> 0 | J50: =J36*J$38 -> 473.1943 | K50: =K36*K$38 -> 0 | L50: =L36*L$38 -> 0 | M50: =M36*M$38 -> -251.71041

Sheet Solar PV utility
G1: Construction | H1: Maintenence | I1: Elect. (Constr) | J1: Elect.(O&M) | K1: Elec.(Fuel pay) | L1: Fin.(Constr) | M1: Finance | N1: Elec.(Repymnt) | O1: Gas.(Fuel buy) | P1: Electricity Bills a | Q1: Electricity Bills b | R1: Tariff Revenue a | S1: Tariff Revenue b
B2: Generic Power Plant Intervention | D2: Source | G2: GW* | H2: GW* | I2: % Equity* | J2: GW* | K2: 1/Efficiency* | L2: GW* | M2: GW* | N2: GW* | O2: 1/Efficiency* | P2: -Equity repayment | Q2: -Fuel payment | R2: -Equity repayment | S2: -Fuel payment
B3: Fuel Purchases and imports | G3: CapCost* | H3: O&M Cost | I3: GW* | J3: O&M Cost | K3: Fuel Price | L3: CapCost* | M3: CapCost* | N3: CapCost* | O3: Fuel Price* | P3: -Debt repayment | R3: -Debt repayment
B4: PJ Elc out (PJ) | C4: 1 | G4: LocalContent | I4: CapCost | L4: % Borrowed | M4: % Borrowed* | N4: % Equity* | O4: (1-%Import) | P4: -O&M costs | R4: -O&M costs
B5: Efficiency % | C5: 1 | M5: PaymentFactorF | N5: PaymentFactorE
B6: Fuel price MUSD/PJ | C6: 0
B7: % import | C7: 1 | D7: Assumed
B8: Capital Cost | G8: In Construction | H8: In Maintenence | I8: Out Equity Payment | J8: Out O&M Payment | K8: Out Fuel Payment | L8: Out Debt Payment | M8: In Debt Repayment | N8: In Equity Repayment | O8: In Domestic Fuel Sales | P8: Out Elec Bills | Q8: Out Elec Bills (fuel component) | R8: In Tariff Revenue | S8: In Tariff Revenue (fuel component)
B9: Cap:Act unit | C9: 31.536 | D9: Calculated | F9: 0 | G9: =C11*C12*C13 -> 16.911889 | H9: =C17 -> 4.2279723 | I9: =-C24*C11*C12 -> -42.279723 | J9: =-H9 -> -4.2279723 | K9: =-1/C5*C6 -> 0 | L9: =-C11*C12*C20 -> -126.83917 | M9: =C11*C12*C20*C22 -> 8.9995506 | N9: =C24*C11*C12*C26 -> 2.9998502 | O9: =1/C5*C6*(1-C7) -> 0 | P9: =-(N9+M9-J9) -> -16.227373 | Q9: =K9 -> 0 | R9: =(N9+M9-J9) -> 16.227373 | S9: =-K9 -> 0
B10: Load factor % | C10: 0.15 | D10: Tunisian utility | F10: 1 | H10: =H9 -> 4.2279723 | J10: =J9 -> -4.2279723 | K10: =K9 -> 0 | M10: =M9 -> 8.9995506 | N10: =N9 -> 2.9998502 | O10: =O9 -> 0 | P10: =-(N10+M10-J10) -> -16.227373 | Q10: =K10 -> 0 | R10: =(N10+M10-J10) -> 16.227373 | S10: =-K10 -> 0
B11: Capacity (GW) | C11: =C4/C10/C9 -> 0.21139861 | D11: Calculated | F11: 2 | H11: =H10 -> 4.2279723 | J11: =J10 -> -4.2279723 | K11: =K10 -> 0 | M11: =M10 -> 8.9995506 | N11: =N10 -> 2.9998502 | O11: =O10 -> 0 | P11: =-(N11+M11-J11) -> -16.227373 | Q11: =K11 -> 0 | R11: =(N11+M11-J11) -> 16.227373 | S11: =-K11 -> 0
B12: CapCost (MUSD/GW) | C12: 800 | D12: Tunisian utility | F12: 3 | H12: =H11 -> 4.2279723 | J12: =J11 -> -4.2279723 | K12: =K11 -> 0 | M12: =M11 -> 8.9995506 | N12: =N11 -> 2.9998502 | O12: =O11 -> 0 | P12: =-(N12+M12-J12) -> -16.227373 | Q12: =K12 -> 0 | R12: =(N12+M12-J12) -> 16.227373 | S12: =-K12 -> 0
B13: Local content | C13: 0.1 | D13: Assumed | F13: 4 | H13: =H12 -> 4.2279723 | J13: =J12 -> -4.2279723 | K13: =K12 -> 0 | M13: =M12 -> 8.9995506 | N13: =N12 -> 2.9998502 | O13: =O12 -> 0 | P13: =-(N13+M13-J13) -> -16.227373 | Q13: =K13 -> 0 | R13: =(N13+M13-J13) -> 16.227373 | S13: =-K13 -> 0
B14: O&M Costs | F14: 5 | H14: =H13 -> 4.2279723 | J14: =J13 -> -4.2279723 | K14: =K13 -> 0 | M14: =M13 -> 8.9995506 | N14: =N13 -> 2.9998502 | O14: =O13 -> 0 | P14: =-(N14+M14-J14) -> -16.227373 | Q14: =K14 -> 0 | R14: =(N14+M14-J14) -> 16.227373 | S14: =-K14 -> 0
B15: Fixed O&M costs (MUSD/GW) | C15: 20 | D15: Tunisian utility | F15: 6 | H15: =H14 -> 4.2279723 | J15: =J14 -> -4.2279723 | K15: =K14 -> 0 | M15: =M14 -> 8.9995506 | N15: =N14 -> 2.9998502 | O15: =O14 -> 0 | P15: =-(N15+M15-J15) -> -16.227373 | Q15: =K15 -> 0 | R15: =(N15+M15-J15) -> 16.227373 | S15: =-K15 -> 0
B16: Variable O&M costs (MUSD/PJ) | C16: 0 | D16: Tunisian utility | F16: 7 | H16: =H15 -> 4.2279723 | J16: =J15 -> -4.2279723 | K16: =K15 -> 0 | M16: =M15 -> 8.9995506 | N16: =N15 -> 2.9998502 | O16: =O15 -> 0 | P16: =-(N16+M16-J16) -> -16.227373 | Q16: =K16 -> 0 | R16: =(N16+M16-J16) -> 16.227373 | S16: =-K16 -> 0
B17: Total O&M Costs (MUSD/PJ) | C17: =C16+C15*C11 -> 4.2279723 | F17: 8 | H17: =H16 -> 4.2279723 | J17: =J16 -> -4.2279723 | K17: =K16 -> 0 | M17: =M16 -> 8.9995506 | N17: =N16 -> 2.9998502 | O17: =O16 -> 0 | P17: =-(N17+M17-J17) -> -16.227373 | Q17: =K17 -> 0 | R17: =(N17+M17-J17) -> 16.227373 | S17: =-K17 -> 0
B18: Repayment - Finance | F18: 9 | H18: =H17 -> 4.2279723 | J18: =J17 -> -4.2279723 | K18: =K17 -> 0 | M18: =M17 -> 8.9995506 | N18: =N17 -> 2.9998502 | O18: =O17 -> 0 | P18: =-(N18+M18-J18) -> -16.227373 | Q18: =K18 -> 0 | R18: =(N18+M18-J18) -> 16.227373 | S18: =-K18 -> 0
B19: Econ life (Years) | C19: 25 | D19: Dhakouani et al., 2017 | F19: 10 | H19: =H18 -> 4.2279723 | J19: =J18 -> -4.2279723 | K19: =K18 -> 0 | M19: =M18 -> 8.9995506 | N19: =N18 -> 2.9998502 | O19: =O18 -> 0 | P19: =-(N19+M19-J19) -> -16.227373 | Q19: =K19 -> 0 | R19: =(N19+M19-J19) -> 16.227373 | S19: =-K19 -> 0
B20: % borrowed | C20: 0.75 | D20: Assumed | F20: 11 | H20: =H19 -> 4.2279723 | J20: =J19 -> -4.2279723 | K20: =K19 -> 0 | M20: =M19 -> 8.9995506 | N20: =N19 -> 2.9998502 | O20: =O19 -> 0 | P20: =-(N20+M20-J20) -> -16.227373 | Q20: =K20 -> 0 | R20: =(N20+M20-J20) -> 16.227373 | S20: =-K20 -> 0
B21: Intereste rate | C21: 0.05 | D21: Assumed | F21: 12 | H21: =H20 -> 4.2279723 | J21: =J20 -> -4.2279723 | K21: =K20 -> 0 | M21: =M20 -> 8.9995506 | N21: =N20 -> 2.9998502 | O21: =O20 -> 0 | P21: =-(N21+M21-J21) -> -16.227373 | Q21: =K21 -> 0 | R21: =(N21+M21-J21) -> 16.227373 | S21: =-K21 -> 0
B22: Payment factor F | C22: =-PMT(C21,C$19,1) -> 0.070952457 | D22: Calculated | F22: 13 | H22: =H21 -> 4.2279723 | J22: =J21 -> -4.2279723 | K22: =K21 -> 0 | M22: =M21 -> 8.9995506 | N22: =N21 -> 2.9998502 | O22: =O21 -> 0 | P22: =-(N22+M22-J22) -> -16.227373 | Q22: =K22 -> 0 | R22: =(N22+M22-J22) -> 16.227373 | S22: =-K22 -> 0
B23: Repayment - Electricity company | F23: 14 | H23: =H22 -> 4.2279723 | J23: =J22 -> -4.2279723 | K23: =K22 -> 0 | M23: =M22 -> 8.9995506 | N23: =N22 -> 2.9998502 | O23: =O22 -> 0 | P23: =-(N23+M23-J23) -> -16.227373 | Q23: =K23 -> 0 | R23: =(N23+M23-J23) -> 16.227373 | S23: =-K23 -> 0
B24: % equity | C24: 0.25 | D24: Assumed | F24: 15 | H24: =H23 -> 4.2279723 | J24: =J23 -> -4.2279723 | K24: =K23 -> 0 | M24: =M23 -> 8.9995506 | N24: =N23 -> 2.9998502 | O24: =O23 -> 0 | P24: =-(N24+M24-J24) -> -16.227373 | Q24: =K24 -> 0 | R24: =(N24+M24-J24) -> 16.227373 | S24: =-K24 -> 0
B25: Interest rate | C25: 0.05 | D25: Assumed | F25: 16 | H25: =H24 -> 4.2279723 | J25: =J24 -> -4.2279723 | K25: =K24 -> 0 | M25: =M24 -> 8.9995506 | N25: =N24 -> 2.9998502 | O25: =O24 -> 0 | P25: =-(N25+M25-J25) -> -16.227373 | Q25: =K25 -> 0 | R25: =(N25+M25-J25) -> 16.227373 | S25: =-K25 -> 0
B26: Payment factor E | C26: =-PMT(C25,C$19,1) -> 0.070952457 | D26: Assumed | F26: 17 | H26: =H25 -> 4.2279723 | J26: =J25 -> -4.2279723 | K26: =K25 -> 0 | M26: =M25 -> 8.9995506 | N26: =N25 -> 2.9998502 | O26: =O25 -> 0 | P26: =-(N26+M26-J26) -> -16.227373 | Q26: =K26 -> 0 | R26: =(N26+M26-J26) -> 16.227373 | S26: =-K26 -> 0
B27: Global Assumptions | F27: 18 | H27: =H26 -> 4.2279723 | J27: =J26 -> -4.2279723 | K27: =K26 -> 0 | M27: =M26 -> 8.9995506 | N27: =N26 -> 2.9998502 | O27: =O26 -> 0 | P27: =-(N27+M27-J27) -> -16.227373 | Q27: =K27 -> 0 | R27: =(N27+M27-J27) -> 16.227373 | S27: =-K27 -> 0
B28: Assumed Average Wage (TND) | C28: 32876 | D28: Assumed | F28: 19 | H28: =H27 -> 4.2279723 | J28: =J27 -> -4.2279723 | K28: =K27 -> 0 | M28: =M27 -> 8.9995506 | N28: =N27 -> 2.9998502 | O28: =O27 -> 0 | P28: =-(N28+M28-J28) -> -16.227373 | Q28: =K28 -> 0 | R28: =(N28+M28-J28) -> 16.227373 | S28: =-K28 -> 0
B29: Assumed Average Wage (USD) | C29: =C28/1.9615 -> 16760.642 | D29: Average exchange rate 2015 | F29: 20 | H29: =H28 -> 4.2279723 | J29: =J28 -> -4.2279723 | K29: =K28 -> 0 | M29: =M28 -> 8.9995506 | N29: =N28 -> 2.9998502 | O29: =O28 -> 0 | P29: =-(N29+M29-J29) -> -16.227373 | Q29: =K29 -> 0 | R29: =(N29+M29-J29) -> 16.227373 | S29: =-K29 -> 0
B30: Wage share of value added. | C30: 0.4 | D30: Assumed
B31: Tariff (USD/kWh) | C31: 0.07 | D31: Res4Med | G31: ='Leontief Inverse'!W39 -> 1.6071591 | H31: ='Leontief Inverse'!U39 -> 1.517092 | I31: ='Leontief Inverse'!V39 -> 1.5230427 | J31: =I31 -> 1.5230427 | K31: =J31 -> 1.5230427 | L31: ='Leontief Inverse'!AD39 -> 1.486012 | M31: ='Leontief Inverse'!AD39 -> 1.486012 | N31: ='Leontief Inverse'!V39 -> 1.5230427 | O31: =N31 -> 1.5230427 | P31: ='IO Table 2015 OECD'!B103 -> 1.524173 | Q31: =P31 -> 1.524173 | R31: ='Leontief Inverse'!V39 -> 1.5230427 | S31: =R31 -> 1.5230427
C32: 1 | D32: PJ | F32: =SUM(G33:S53) -> 150.17735 | G32: In Construction | H32: In Maintenence | I32: Out Equity Payment | J32: Out O&M Payment | K32: Out Fuel Payment | L32: Out Debt Payment | M32: In Debt Repayment | N32: In Equity Repayment | O32: In Domestic Fuel Sales | P32: Out Elec Bills | Q32: Out Elec Bills (fuel component) | R32: In Tariff Revenue | S32: In Tariff Revenue (fuel component)
C33: 277777 | D33: MWh | F33: 0 | G33: =G$31*G9 -> 27.180097 | H33: =H$31*H9 -> 6.4142229 | I33: =I$31*I9 -> -64.393821 | J33: =J$31*J9 -> -6.4393821 | K33: =K$31*K9 -> 0 | L33: =L$31*L9 -> -188.48452 | M33: =M$31*M9 -> 13.37344 | N33: =N$31*N9 -> 4.5688999 | ... S33: =S$31*S9 -> 0
F34: 1 | G34: =G$31*G10 -> 0 | H34: =H$31*H10 -> 6.4142229 | I34: =I$31*I10 -> 0 | J34: =J$31*J10 -> -6.4393821 | K34: =K$31*K10 -> 0 | L34: =L$31*L10 -> 0 | M34: =M$31*M10 -> 13.37344 | N34: =N$31*N10 -> 4.5688999 | ... S34: =S$31*S10 -> 0
F35: 2 | G35: =G$31*G11 -> 0 | H35: =H$31*H11 -> 6.4142229 | I35: =I$31*I11 -> 0 | J35: =J$31*J11 -> -6.4393821 | K35: =K$31*K11 -> 0 | L35: =L$31*L11 -> 0 | M35: =M$31*M11 -> 13.37344 | N35: =N$31*N11 -> 4.5688999 | ... S35: =S$31*S11 -> 0
F36: 3 | G36: =G$31*G12 -> 0 | H36: =H$31*H12 -> 6.4142229 | I36: =I$31*I12 -> 0 | J36: =J$31*J12 -> -6.4393821 | K36: =K$31*K12 -> 0 | L36: =L$31*L12 -> 0 | M36: =M$31*M12 -> 13.37344 | N36: =N$31*N12 -> 4.5688999 | ... S36: =S$31*S12 -> 0
F37: 4 | G37: =G$31*G13 -> 0 | H37: =H$31*H13 -> 6.4142229 | I37: =I$31*I13 -> 0 | J37: =J$31*J13 -> -6.4393821 | K37: =K$31*K13 -> 0 | L37: =L$31*L13 -> 0 | M37: =M$31*M13 -> 13.37344 | N37: =N$31*N13 -> 4.5688999 | ... S37: =S$31*S13 -> 0
B38: net Job/PJ/Yr | C38: =F56/20 -> 179.20238 | F38: 5 | G38: =G$31*G14 -> 0 | H38: =H$31*H14 -> 6.4142229 | I38: =I$31*I14 -> 0 | J38: =J$31*J14 -> -6.4393821 | K38: =K$31*K14 -> 0 | L38: =L$31*L14 -> 0 | M38: =M$31*M14 -> 13.37344 | N38: =N$31*N14 -> 4.5688999 | ... S38: =S$31*S14 -> 0
B39: Job losses | C39: =SUM(I57:I77,J57:J77,K57:K77,L57:L77)/20 -> -463.11515 | F39: 6 | G39: =G$31*G15 -> 0 | H39: =H$31*H15 -> 6.4142229 | I39: =I$31*I15 -> 0 | J39: =J$31*J15 -> -6.4393821 | K39: =K$31*K15 -> 0 | L39: =L$31*L15 -> 0 | M39: =M$31*M15 -> 13.37344 | N39: =N$31*N15 -> 4.5688999 | ... S39: =S$31*S15 -> 0
B40: Job gains | C40: =SUM(G57:H77,M57:O77)/20 -> 642.77717 | F40: 7 | G40: =G$31*G16 -> 0 | H40: =H$31*H16 -> 6.4142229 | I40: =I$31*I16 -> 0 | J40: =J$31*J16 -> -6.4393821 | K40: =K$31*K16 -> 0 | L40: =L$31*L16 -> 0 | M40: =M$31*M16 -> 13.37344 | N40: =N$31*N16 -> 4.5688999 | ... S40: =S$31*S16 -> 0
F41: 8 | G41: =G$31*G17 -> 0 | H41: =H$31*H17 -> 6.4142229 | I41: =I$31*I17 -> 0 | J41: =J$31*J17 -> -6.4393821 | K41: =K$31*K17 -> 0 | L41: =L$31*L17 -> 0 | M41: =M$31*M17 -> 13.37344 | N41: =N$31*N17 -> 4.5688999 | ... S41: =S$31*S17 -> 0
F42: 9 | G42: =G$31*G18 -> 0 | H42: =H$31*H18 -> 6.4142229 | I42: =I$31*I18 -> 0 | J42: =J$31*J18 -> -6.4393821 | K42: =K$31*K18 -> 0 | L42: =L$31*L18 -> 0 | M42: =M$31*M18 -> 13.37344 | N42: =N$31*N18 -> 4.5688999 | ... S42: =S$31*S18 -> 0
F43: 10 | G43: =G$31*G19 -> 0 | H43: =H$31*H19 -> 6.4142229 | I43: =I$31*I19 -> 0 | J43: =J$31*J19 -> -6.4393821 | K43: =K$31*K19 -> 0 | L43: =L$31*L19 -> 0 | M43: =M$31*M19 -> 13.37344 | N43: =N$31*N19 -> 4.5688999 | ... S43: =S$31*S19 -> 0
F44: 11 | G44: =G$31*G20 -> 0 | H44: =H$31*H20 -> 6.4142229 | I44: =I$31*I20 -> 0 | J44: =J$31*J20 -> -6.4393821 | K44: =K$31*K20 -> 0 | L44: =L$31*L20 -> 0 | M44: =M$31*M20 -> 13.37344 | N44: =N$31*N20 -> 4.5688999 | ... S44: =S$31*S20 -> 0
F45: 12 | G45: =G$31*G21 -> 0 | H45: =H$31*H21 -> 6.4142229 | I45: =I$31*I21 -> 0 | J45: =J$31*J21 -> -6.4393821 | K45: =K$31*K21 -> 0 | L45: =L$31*L21 -> 0 | M45: =M$31*M21 -> 13.37344 | N45: =N$31*N21 -> 4.5688999 | ... S45: =S$31*S21 -> 0
F46: 13 | G46: =G$31*G22 -> 0 | H46: =H$31*H22 -> 6.4142229 | I46: =I$31*I22 -> 0 | J46: =J$31*J22 -> -6.4393821 | K46: =K$31*K22 -> 0 | L46: =L$31*L22 -> 0 | M46: =M$31*M22 -> 13.37344 | N46: =N$31*N22 -> 4.5688999 | ... S46: =S$31*S22 -> 0
F47: 14 | G47: =G$31*G23 -> 0 | H47: =H$31*H23 -> 6.4142229 | I47: =I$31*I23 -> 0 | J47: =J$31*J23 -> -6.4393821 | K47: =K$31*K23 -> 0 | L47: =L$31*L23 -> 0 | M47: =M$31*M23 -> 13.37344 | N47: =N$31*N23 -> 4.5688999 | ... S47: =S$31*S23 -> 0
F48: 15 | G48: =G$31*G24 -> 0 | H48: =H$31*H24 -> 6.4142229 | I48: =I$31*I24 -> 0 | J48: =J$31*J24 -> -6.4393821 | K48: =K$31*K24 -> 0 | L48: =L$31*L24 -> 0 | M48: =M$31*M24 -> 13.37344 | N48: =N$31*N24 -> 4.5688999 | ... S48: =S$31*S24 -> 0
F49: 16 | G49: =G$31*G25 -> 0 | H49: =H$31*H25 -> 6.4142229 | I49: =I$31*I25 -> 0 | J49: =J$31*J25 -> -6.4393821 | K49: =K$31*K25 -> 0 | L49: =L$31*L25 -> 0 | M49: =M$31*M25 -> 13.37344 | N49: =N$31*N25 -> 4.5688999 | ... S49: =S$31*S25 -> 0
F50: 17 | G50: =G$31*G26 -> 0 | H50: =H$31*H26 -> 6.4142229 | I50: =I$31*I26 -> 0 | J50: =J$31*J26 -> -6.4393821 | K50: =K$31*K26 -> 0 | L50: =L$31*L26 -> 0 | M50: =M$31*M26 -> 13.37344 | N50: =N$31*N26 -> 4.5688999 | ... S50: =S$31*S26 -> 0
F51: 18 | G51: =G$31*G27 -> 0 | H51: =H$31*H27 -> 6.4142229 | I51: =I$31*I27 -> 0 | J51: =J$31*J27 -> -6.4393821 | K51: =K$31*K27 -> 0 | L51: =L$31*L27 -> 0 | M51: =M$31*M27 -> 13.37344 | N51: =N$31*N27 -> 4.5688999 | ... S51: =S$31*S27 -> 0
F52: 19 | G52: =G$31*G28 -> 0 | H52: =H$31*H28 -> 6.4142229 | I52: =I$31*I28 -> 0 | J52: =J$31*J28 -> -6.4393821 | K52: =K$31*K28 -> 0 | L52: =L$31*L28 -> 0 | M52: =M$31*M28 -> 13.37344 | N52: =N$31*N28 -> 4.5688999 | ... S52: =S$31*S28 -> 0
F53: 20 | G53: =G$31*G29 -> 0 | H53: =H$31*H29 -> 6.4142229 | I53: =I$31*I29 -> 0 | J53: =J$31*J29 -> -6.4393821 | K53: =K$31*K29 -> 0 | L53: =L$31*L29 -> 0 | M53: =M$31*M29 -> 13.37344 | N53: =N$31*N29 -> 4.5688999 | ... S53: =S$31*S29 -> 0
G55: =$C30*1000*1000/$C29 -> 23.865434 | H55: =$C30*1000*1000/$C29 -> 23.865434 | I55: =$C30*1000*1000/$C29 -> 23.865434 | J55: =$C30*1000*1000/$C29 -> 23.865434 | K55: =$C30*1000*1000/$C29 -> 23.865434 | L55: =$C30*1000*1000/$C29 -> 23.865434 | M55: =$C30*1000*1000/$C29 -> 23.865434 | N55: =$C30*1000*1000/$C29 -> 23.865434 | ... S55: =$C30*1000*1000/$C29 -> 23.865434
F56: =SUM(G57:S77) -> 3584.0475 | G56: In Construction | H56: In Maintenence | I56: Out Equity Payment | J56: Out O&M Payment | K56: Out Fuel Payment | L56: Out Debt Payment | M56: In Debt Repayment | N56: In Equity Repayment | O56: In Domestic Fuel Sales | P56: Out Elec Bills | Q56: Out Elec Bills (fuel component) | R56: In Tariff Revenue | S56: In Tariff Revenue (fuel component)
F57: 0 | G57: =G33*G$55 -> 648.66479 | H57: =H33*H$55 -> 153.07821 | I57: =I33*I$55 -> -1536.7865 | J57: =J33*J$55 -> -153.67865 | K57: =K33*K$55 -> 0 | L57: =L33*L$55 -> -4498.2648 | M57: =M33*M$55 -> 319.16294 | N57: =N33*N$55 -> 109.03878 | ... S57: =S33*S$55 -> 0
F58: 1 | G58: =G34*G$55 -> 0 | H58: =H34*H$55 -> 153.07821 | I58: =I34*I$55 -> 0 | J58: =J34*J$55 -> -153.67865 | K58: =K34*K$55 -> 0 | L58: =L34*L$55 -> 0 | M58: =M34*M$55 -> 319.16294 | N58: =N34*N$55 -> 109.03878 | ... S58: =S34*S$55 -> 0
F59: 2 | G59: =G35*G$55 -> 0 | H59: =H35*H$55 -> 153.07821 | I59: =I35*I$55 -> 0 | J59: =J35*J$55 -> -153.67865 | K59: =K35*K$55 -> 0 | L59: =L35*L$55 -> 0 | M59: =M35*M$55 -> 319.16294 | N59: =N35*N$55 -> 109.03878 | ... S59: =S35*S$55 -> 0
F60: 3 | G60: =G36*G$55 -> 0 | H60: =H36*H$55 -> 153.07821 | I60: =I36*I$55 -> 0 | J60: =J36*J$55 -> -153.67865 | K60: =K36*K$55 -> 0 | L60: =L36*L$55 -> 0 | M60: =M36*M$55 -> 319.16294 | N60: =N36*N$55 -> 109.03878 | ... S60: =S36*S$55 -> 0
F61: 4 | G61: =G37*G$55 -> 0 | H61: =H37*H$55 -> 153.07821 | I61: =I37*I$55 -> 0 | J61: =J37*J$55 -> -153.67865 | K61: =K37*K$55 -> 0 | L61: =L37*L$55 -> 0 | M61: =M37*M$55 -> 319.16294 | N61: =N37*N$55 -> 109.03878 | ... S61: =S37*S$55 -> 0
F62: 5 | G62: =G38*G$55 -> 0 | H62: =H38*H$55 -> 153.07821 | I62: =I38*I$55 -> 0 | J62: =J38*J$55 -> -153.67865 | K62: =K38*K$55 -> 0 | L62: =L38*L$55 -> 0 | M62: =M38*M$55 -> 319.16294 | N62: =N38*N$55 -> 109.03878 | ... S62: =S38*S$55 -> 0
F63: 6 | G63: =G39*G$55 -> 0 | H63: =H39*H$55 -> 153.07821 | I63: =I39*I$55 -> 0 | J63: =J39*J$55 -> -153.67865 | K63: =K39*K$55 -> 0 | L63: =L39*L$55 -> 0 | M63: =M39*M$55 -> 319.16294 | N63: =N39*N$55 -> 109.03878 | ... S63: =S39*S$55 -> 0
F64: 7 | G64: =G40*G$55 -> 0 | H64: =H40*H$55 -> 153.07821 | I64: =I40*I$55 -> 0 | J64: =J40*J$55 -> -153.67865 | K64: =K40*K$55 -> 0 | L64: =L40*L$55 -> 0 | M64: =M40*M$55 -> 319.16294 | N64: =N40*N$55 -> 109.03878 | ... S64: =S40*S$55 -> 0
F65: 8 | G65: =G41*G$55 -> 0 | H65: =H41*H$55 -> 153.07821 | I65: =I41*I$55 -> 0 | J65: =J41*J$55 -> -153.67865 | K65: =K41*K$55 -> 0 | L65: =L41*L$55 -> 0 | M65: =M41*M$55 -> 319.16294 | N65: =N41*N$55 -> 109.03878 | ... S65: =S41*S$55 -> 0
F66: 9 | G66: =G42*G$55 -> 0 | H66: =H42*H$55 -> 153.07821 | I66: =I42*I$55 -> 0 | J66: =J42*J$55 -> -153.67865 | K66: =K42*K$55 -> 0 | L66: =L42*L$55 -> 0 | M66: =M42*M$55 -> 319.16294 | N66: =N42*N$55 -> 109.03878 | ... S66: =S42*S$55 -> 0
F67: 10 | G67: =G43*G$55 -> 0 | H67: =H43*H$55 -> 153.07821 | I67: =I43*I$55 -> 0 | J67: =J43*J$55 -> -153.67865 | K67: =K43*K$55 -> 0 | L67: =L43*L$55 -> 0 | M67: =M43*M$55 -> 319.16294 | N67: =N43*N$55 -> 109.03878 | ... S67: =S43*S$55 -> 0
F68: 11 | G68: =G44*G$55 -> 0 | H68: =H44*H$55 -> 153.07821 | I68: =I44*I$55 -> 0 | J68: =J44*J$55 -> -153.67865 | K68: =K44*K$55 -> 0 | L68: =L44*L$55 -> 0 | M68: =M44*M$55 -> 319.16294 | N68: =N44*N$55 -> 109.03878 | ... S68: =S44*S$55 -> 0
... F77: 20 | G77: =G53*G$55 -> 0 | H77: =H53*H$55 -> 153.07821 | I77: =I53*I$55 -> 0 | J77: =J53*J$55 -> -153.67865 | K77: =K53*K$55 -> 0 | L77: =L53*L$55 -> 0 | M77: =M53*M$55 -> 319.16294 | N77: =N53*N$55 -> 109.03878 | ... S77: =S53*S$55 -> 0

Sheet Solar autoproduction
G1: Construction | H1: Maintenence | I1: Elect. (Constr) | J1: Elect.(O&M) | K1: Elec.(Fuel pay) | L1: Fin.(Constr) | M1: Finance | N1: Elec.(Repymnt) | O1: Gas.(Fuel buy) | P1: Electricity Bills a | Q1: Electricity Bills b | R1: Tariff Revenue a | S1: Tariff Revenue b
B2: Generic Power Plant Intervention | D2: Source | G2: GW* | H2: GW* | I2: % Equity* | J2: GW* | K2: 1/Efficiency* | L2: GW* | M2: GW* | N2: GW* | O2: 1/Efficiency* | P2: -Equity repayment | Q2: -Fuel payment | R2: -Equity repayment | S2: -Fuel payment
B3: Fuel Purchases and imports | G3: CapCost* | H3: O&M Cost | I3: GW* | J3: O&M Cost | K3: Fuel Price | L3: CapCost* | M3: CapCost* | N3: CapCost* | O3: Fuel Price* | P3: -Debt repayment | R3: -Debt repayment
B4: PJ Elc out (PJ) | C4: 1 | G4: LocalContent | I4: CapCost | L4: % Borrowed | M4: % Borrowed* | N4: % Equity* | O4: (1-%Import) | P4: -O&M costs | R4: -O&M costs
B5: Efficiency % | C5: 1 | M5: PaymentFactorF | N5: PaymentFactorE
B6: Fuel price MUSD/PJ | C6: 0
B7: % import | C7: 1 | D7: Assumed
B8: Capital Cost | G8: In Construction | H8: In Maintenence | I8: Out Equity Payment | J8: Out O&M Payment | K8: Out Fuel Payment | L8: Out Debt Payment | M8: In Debt Repayment | N8: In Equity Repayment | O8: In Domestic Fuel Sales | P8: Out Elec Bills | Q8: Out Elec Bills (fuel component) | R8: In Tariff Revenue | S8: In Tariff Revenue (fuel component)
B9: Cap:Act unit | C9: 31.536 | D9: Calculated | F9: 0 | G9: =C11*C12*C13 -> 18.603078 | H9: =C17 -> 4.6507695 | I9: =-C24*C11*C12 -> -46.507695 | J9: =-H9 -> -4.6507695 | K9: =-1/C5*C6 -> 0 | L9: =-C11*C12*C20 -> -139.52308 | M9: =C11*C12*C20*C22 -> 9.8995057 | N9: =C24*C11*C12*C26 -> 3.2998352 | O9: =1/C5*C6*(1-C7) -> 0 | P9: =-(N9+M9-J9) -> -17.85011 | Q9: =K9 -> 0 | R9: =(N9+M9-J9) -> 17.85011 | S9: =-K9 -> 0
B10: Load factor % | C10: 0.15 | D10: Tunisian utility | F10: 1 | H10: =H9 -> 4.6507695 | J10: =J9 -> -4.6507695 | K10: =K9 -> 0 | M10: =M9 -> 9.8995057 | N10: =N9 -> 3.2998352 | O10: =O9 -> 0 | P10: =-(N10+M10-J10) -> -17.85011 | Q10: =K10 -> 0 | R10: =(N10+M10-J10) -> 17.85011 | S10: =-K10 -> 0
B11: Capacity (GW) | C11: =C4/C10/C9 -> 0.21139861 | D11: Calculated | F11: 2 | H11: =H10 -> 4.6507695 | J11: =J10 -> -4.6507695 | K11: =K10 -> 0 | M11: =M10 -> 9.8995057 | N11: =N10 -> 3.2998352 | O11: =O10 -> 0 | P11: =-(N11+M11-J11) -> -17.85011 | Q11: =K11 -> 0 | R11: =(N11+M11-J11) -> 17.85011 | S11: =-K11 -> 0
B12: CapCost (MUSD/GW) | C12: 880 | D12: Tunisian utility | F12: 3 | H12: =H11 -> 4.6507695 | J12: =J11 -> -4.6507695 | K12: =K11 -> 0 | M12: =M11 -> 9.8995057 | N12: =N11 -> 3.2998352 | O12: =O11 -> 0 | P12: =-(N12+M12-J12) -> -17.85011 | Q12: =K12 -> 0 | R12: =(N12+M12-J12) -> 17.85011 | S12: =-K12 -> 0
B13: Local content | C13: 0.1 | D13: Assumed | F13: 4 | H13: =H12 -> 4.6507695 | J13: =J12 -> -4.6507695 | K13: =K12 -> 0 | M13: =M12 -> 9.8995057 | N13: =N12 -> 3.2998352 | O13: =O12 -> 0 | P13: =-(N13+M13-J13) -> -17.85011 | Q13: =K13 -> 0 | R13: =(N13+M13-J13) -> 17.85011 | S13: =-K13 -> 0
B14: O&M Costs | F14: 5 | H14: =H13 -> 4.6507695 | J14: =J13 -> -4.6507695 | K14: =K13 -> 0 | M14: =M13 -> 9.8995057 | N14: =N13 -> 3.2998352 | O14: =O13 -> 0 | P14: =-(N14+M14-J14) -> -17.85011 | Q14: =K14 -> 0 | R14: =(N14+M14-J14) -> 17.85011 | S14: =-K14 -> 0
B15: Fixed O&M costs (MUSD/GW) | C15: 22 | D15: Tunisian utility | F15: 6 | H15: =H14 -> 4.6507695 | J15: =J14 -> -4.6507695 | K15: =K14 -> 0 | M15: =M14 -> 9.8995057 | N15: =N14 -> 3.2998352 | O15: =O14 -> 0 | P15: =-(N15+M15-J15) -> -17.85011 | Q15: =K15 -> 0 | R15: =(N15+M15-J15) -> 17.85011 | S15: =-K15 -> 0
B16: Variable O&M costs (MUSD/PJ) | C16: 0 | D16: Tunisian utility | F16: 7 | H16: =H15 -> 4.6507695 | J16: =J15 -> -4.6507695 | K16: =K15 -> 0 | M16: =M15 -> 9.8995057 | N16: =N15 -> 3.2998352 | O16: =O15 -> 0 | P16: =-(N16+M16-J16) -> -17.85011 | Q16: =K16 -> 0 | R16: =(N16+M16-J16) -> 17.85011 | S16: =-K16 -> 0
B17: Total O&M Costs (MUSD/PJ) | C17: =C16+C15*C11 -> 4.6507695 | F17: 8 | H17: =H16 -> 4.6507695 | J17: =J16 -> -4.6507695 | K17: =K16 -> 0 | M17: =M16 -> 9.8995057 | N17: =N16 -> 3.2998352 | O17: =O16 -> 0 | P17: =-(N17+M17-J17) -> -17.85011 | Q17: =K17 -> 0 | R17: =(N17+M17-J17) -> 17.85011 | S17: =-K17 -> 0
B18: Repayment - Finance | F18: 9 | H18: =H17 -> 4.6507695 | J18: =J17 -> -4.6507695 | K18: =K17 -> 0 | M18: =M17 -> 9.8995057 | N18: =N17 -> 3.2998352 | O18: =O17 -> 0 | P18: =-(N18+M18-J18) -> -17.85011 | Q18: =K18 -> 0 | R18: =(N18+M18-J18) -> 17.85011 | S18: =-K18 -> 0
B19: Econ life (Years) | C19: 25 | D19: Dhakouani et al., 2017 | F19: 10 | H19: =H18 -> 4.6507695 | J19: =J18 -> -4.6507695 | K19: =K18 -> 0 | M19: =M18 -> 9.8995057 | N19: =N18 -> 3.2998352 | O19: =O18 -> 0 | P19: =-(N19+M19-J19) -> -17.85011 | Q19: =K19 -> 0 | R19: =(N19+M19-J19) -> 17.85011 | S19: =-K19 -> 0
B20: % borrowed | C20: 0.75 | D20: Assumed | F20: 11 | H20: =H19 -> 4.6507695 | J20: =J19 -> -4.6507695 | K20: =K19 -> 0 | M20: =M19 -> 9.8995057 | N20: =N19 -> 3.2998352 | O20: =O19 -> 0 | P20: =-(N20+M20-J20) -> -17.85011 | Q20: =K20 -> 0 | R20: =(N20+M20-J20) -> 17.85011 | S20: =-K20 -> 0
B21: Intereste rate | C21: 0.05 | D21: Assumed | F21: 12 | H21: =H20 -> 4.6507695 | J21: =J20 -> -4.6507695 | K21: =K20 -> 0 | M21: =M20 -> 9.8995057 | N21: =N20 -> 3.2998352 | O21: =O20 -> 0 | P21: =-(N21+M21-J21) -> -17.85011 | Q21: =K21 -> 0 | R21: =(N21+M21-J21) -> 17.85011 | S21: =-K21 -> 0
B22: Payment factor F | C22: =-PMT(C21,C$19,1) -> 0.070952457 | D22: Calculated | F22: 13 | H22: =H21 -> 4.6507695 | J22: =J21 -> -4.6507695 | K22: =K21 -> 0 | M22: =M21 -> 9.8995057 | N22: =N21 -> 3.2998352 | O22: =O21 -> 0 | P22: =-(N22+M22-J22) -> -17.85011 | Q22: =K22 -> 0 | R22: =(N22+M22-J22) -> 17.85011 | S22: =-K22 -> 0
B23: Repayment - Electricity company | F23: 14 | H23: =H22 -> 4.6507695 | J23: =J22 -> -4.6507695 | K23: =K22 -> 0 | M23: =M22 -> 9.8995057 | N23: =N22 -> 3.2998352 | O23: =O22 -> 0 | P23: =-(N23+M23-J23) -> -17.85011 | Q23: =K23 -> 0 | R23: =(N23+M23-J23) -> 17.85011 | S23: =-K23 -> 0
B24: % equity | C24: 0.25 | D24: Assumed | F24: 15 | H24: =H23 -> 4.6507695 | J24: =J23 -> -4.6507695 | K24: =K23 -> 0 | M24: =M23 -> 9.8995057 | N24: =N23 -> 3.2998352 | O24: =O23 -> 0 | P24: =-(N24+M24-J24) -> -17.85011 | Q24: =K24 -> 0 | R24: =(N24+M24-J24) -> 17.85011 | S24: =-K24 -> 0
B25: Interest rate | C25: 0.05 | D25: Assumed | F25: 16 | H25: =H24 -> 4.6507695 | J25: =J24 -> -4.6507695 | K25: =K24 -> 0 | M25: =M24 -> 9.8995057 | N25: =N24 -> 3.2998352 | O25: =O24 -> 0 | P25: =-(N25+M25-J25) -> -17.85011 | Q25: =K25 -> 0 | R25: =(N25+M25-J25) -> 17.85011 | S25: =-K25 -> 0
B26: Payment factor E | C26: =-PMT(C25,C$19,1) -> 0.070952457 | D26: Assumed | F26: 17 | H26: =H25 -> 4.6507695 | J26: =J25 -> -4.6507695 | K26: =K25 -> 0 | M26: =M25 -> 9.8995057 | N26: =N25 -> 3.2998352 | O26: =O25 -> 0 | P26: =-(N26+M26-J26) -> -17.85011 | Q26: =K26 -> 0 | R26: =(N26+M26-J26) -> 17.85011 | S26: =-K26 -> 0
B27: Global Assumptions | F27: 18 | H27: =H26 -> 4.6507695 | J27: =J26 -> -4.6507695 | K27: =K26 -> 0 | M27: =M26 -> 9.8995057 | N27: =N26 -> 3.2998352 | O27: =O26 -> 0 | P27: =-(N27+M27-J27) -> -17.85011 | Q27: =K27 -> 0 | R27: =(N27+M27-J27) -> 17.85011 | S27: =-K27 -> 0
B28: Assumed Average Wage (TND) | C28: 32876 | D28: Assumed | F28: 19 | H28: =H27 -> 4.6507695 | J28: =J27 -> -4.6507695 | K28: =K27 -> 0 | M28: =M27 -> 9.8995057 | N28: =N27 -> 3.2998352 | O28: =O27 -> 0 | P28: =-(N28+M28-J28) -> -17.85011 | Q28: =K28 -> 0 | R28: =(N28+M28-J28) -> 17.85011 | S28: =-K28 -> 0
B29: Assumed Average Wage (USD) | C29: =C28/1.9615 -> 16760.642 | D29: Average exchange rate 2015 | F29: 20 | H29: =H28 -> 4.6507695 | J29: =J28 -> -4.6507695 | K29: =K28 -> 0 | M29: =M28 -> 9.8995057 | N29: =N28 -> 3.2998352 | O29: =O28 -> 0 | P29: =-(N29+M29-J29) -> -17.85011 | Q29: =K29 -> 0 | R29: =(N29+M29-J29) -> 17.85011 | S29: =-K29 -> 0
B30: Wage share of value added. | C30: 0.4 | D30: Assumed
B31: Tariff (USD/kWh) | C31: 0.07 | D31: Res4Med | G31: ='Leontief Inverse'!W39 -> 1.6071591 | H31: ='Leontief Inverse'!U39 -> 1.517092 | I31: ='Leontief Inverse'!V39 -> 1.5230427 | J31: =I31 -> 1.5230427 | K31: =J31 -> 1.5230427 | L31: ='Leontief Inverse'!AD39 -> 1.486012 | M31: ='Leontief Inverse'!AD39 -> 1.486012 | N31: ='Leontief Inverse'!V39 -> 1.5230427 | O31: =N31 -> 1.5230427 | P31: ='IO Table 2015 OECD'!B103 -> 1.524173 | Q31: =P31 -> 1.524173 | R31: ='Leontief Inverse'!V39 -> 1.5230427 | S31: =R31 -> 1.5230427
C32: 1 | D32: PJ | F32: =SUM(G33:S53) -> 165.19508 | G32: In Construction | H32: In Maintenence | I32: Out Equity Payment | J32: Out O&M Payment | K32: Out Fuel Payment | L32: Out Debt Payment | M32: In Debt Repayment | N32: In Equity Repayment | O32: In Domestic Fuel Sales | P32: Out Elec Bills | Q32: Out Elec Bills (fuel component) | R32: In Tariff Revenue | S32: In Tariff Revenue (fuel component)
C33: 277777 | D33: MWh | F33: 0 | G33: =G$31*G9 -> 29.898106 | H33: =H$31*H9 -> 7.0556451 | I33: =I$31*I9 -> -70.833204 | J33: =J$31*J9 -> -7.0833204 | K33: =K$31*K9 -> 0 | L33: =L$31*L9 -> -207.33297 | M33: =M$31*M9 -> 14.710784 | N33: =N$31*N9 -> 5.0257899 | ... S33: =S$31*S9 -> 0
F34: 1 | G34: =G$31*G10 -> 0 | H34: =H$31*H10 -> 7.0556451 | I34: =I$31*I10 -> 0 | J34: =J$31*J10 -> -7.0833204 | K34: =K$31*K10 -> 0 | L34: =L$31*L10 -> 0 | M34: =M$31*M10 -> 14.710784 | N34: =N$31*N10 -> 5.0257899 | ... S34: =S$31*S10 -> 0
F35: 2 | G35: =G$31*G11 -> 0 | H35: =H$31*H11 -> 7.0556451 | I35: =I$31*I11 -> 0 | J35: =J$31*J11 -> -7.0833204 | K35: =K$31*K11 -> 0 | L35: =L$31*L11 -> 0 | M35: =M$31*M11 -> 14.710784 | N35: =N$31*N11 -> 5.0257899 | ... S35: =S$31*S11 -> 0
F36: 3 | G36: =G$31*G12 -> 0 | H36: =H$31*H12 -> 7.0556451 | I36: =I$31*I12 -> 0 | J36: =J$31*J12 -> -7.0833204 | K36: =K$31*K12 -> 0 | L36: =L$31*L12 -> 0 | M36: =M$31*M12 -> 14.710784 | N36: =N$31*N12 -> 5.0257899 | ... S36: =S$31*S12 -> 0
F37: 4 | G37: =G$31*G13 -> 0 | H37: =H$31*H13 -> 7.0556451 | I37: =I$31*I13 -> 0 | J37: =J$31*J13 -> -7.0833204 | K37: =K$31*K13 -> 0 | L37: =L$31*L13 -> 0 | M37: =M$31*M13 -> 14.710784 | N37: =N$31*N13 -> 5.0257899 | ... S37: =S$31*S13 -> 0
B38: net Job/PJ/Yr | C38: =F56/20 -> 197.12261 | F38: 5 | G38: =G$31*G14 -> 0 | H38: =H$31*H14 -> 7.0556451 | I38: =I$31*I14 -> 0 | J38: =J$31*J14 -> -7.0833204 | K38: =K$31*K14 -> 0 | L38: =L$31*L14 -> 0 | M38: =M$31*M14 -> 14.710784 | N38: =N$31*N14 -> 5.0257899 | ... S38: =S$31*S14 -> 0
B39: Job losses | C39: =SUM(I57:I77,J57:J77,K57:K77,L57:L77)/20 -> -509.42666 | F39: 6 | G39: =G$31*G15 -> 0 | H39: =H$31*H15 -> 7.0556451 | I39: =I$31*I15 -> 0 | J39: =J$31*J15 -> -7.0833204 | K39: =K$31*K15 -> 0 | L39: =L$31*L15 -> 0 | M39: =M$31*M15 -> 14.710784 | N39: =N$31*N15 -> 5.0257899 | ... S39: =S$31*S15 -> 0
B40: Job gains | C40: =SUM(G57:H77,M57:O77)/20 -> 707.05488 | F40: 7 | G40: =G$31*G16 -> 0 | H40: =H$31*H16 -> 7.0556451 | I40: =I$31*I16 -> 0 | J40: =J$31*J16 -> -7.0833204 | K40: =K$31*K16 -> 0 | L40: =L$31*L16 -> 0 | M40: =M$31*M16 -> 14.710784 | N40: =N$31*N16 -> 5.0257899 | ... S40: =S$31*S16 -> 0
F41: 8 | G41: =G$31*G17 -> 0 | H41: =H$31*H17 -> 7.0556451 | I41: =I$31*I17 -> 0 | J41: =J$31*J17 -> -7.0833204 | K41: =K$31*K17 -> 0 | L41: =L$31*L17 -> 0 | M41: =M$31*M17 -> 14.710784 | N41: =N$31*N17 -> 5.0257899 | ... S41: =S$31*S17 -> 0
F42: 9 | G42: =G$31*G18 -> 0 | H42: =H$31*H18 -> 7.0556451 | I42: =I$31*I18 -> 0 | J42: =J$31*J18 -> -7.0833204 | K42: =K$31*K18 -> 0 | L42: =L$31*L18 -> 0 | M42: =M$31*M18 -> 14.710784 | N42: =N$31*N18 -> 5.0257899 | ... S42: =S$31*S18 -> 0
F43: 10 | G43: =G$31*G19 -> 0 | H43: =H$31*H19 -> 7.0556451 | I43: =I$31*I19 -> 0 | J43: =J$31*J19 -> -7.0833204 | K43: =K$31*K19 -> 0 | L43: =L$31*L19 -> 0 | M43: =M$31*M19 -> 14.710784 | N43: =N$31*N19 -> 5.0257899 | ... S43: =S$31*S19 -> 0
F44: 11 | G44: =G$31*G20 -> 0 | H44: =H$31*H20 -> 7.0556451 | I44: =I$31*I20 -> 0 | J44: =J$31*J20 -> -7.0833204 | K44: =K$31*K20 -> 0 | L44: =L$31*L20 -> 0 | M44: =M$31*M20 -> 14.710784 | N44: =N$31*N20 -> 5.0257899 | ... S44: =S$31*S20 -> 0
F45: 12 | G45: =G$31*G21 -> 0 | H45: =H$31*H21 -> 7.0556451 | I45: =I$31*I21 -> 0 | J45: =J$31*J21 -> -7.0833204 | K45: =K$31*K21 -> 0 | L45: =L$31*L21 -> 0 | M45: =M$31*M21 -> 14.710784 | N45: =N$31*N21 -> 5.0257899 | ... S45: =S$31*S21 -> 0
F46: 13 | G46: =G$31*G22 -> 0 | H46: =H$31*H22 -> 7.0556451 | I46: =I$31*I22 -> 0 | J46: =J$31*J22 -> -7.0833204 | K46: =K$31*K22 -> 0 | L46: =L$31*L22 -> 0 | M46: =M$31*M22 -> 14.710784 | N46: =N$31*N22 -> 5.0257899 | ... S46: =S$31*S22 -> 0
F47: 14 | G47: =G$31*G23 -> 0 | H47: =H$31*H23 -> 7.0556451 | I47: =I$31*I23 -> 0 | J47: =J$31*J23 -> -7.0833204 | K47: =K$31*K23 -> 0 | L47: =L$31*L23 -> 0 | M47: =M$31*M23 -> 14.710784 | N47: =N$31*N23 -> 5.0257899 | ... S47: =S$31*S23 -> 0
F48: 15 | G48: =G$31*G24 -> 0 | H48: =H$31*H24 -> 7.0556451 | I48: =I$31*I24 -> 0 | J48: =J$31*J24 -> -7.0833204 | K48: =K$31*K24 -> 0 | L48: =L$31*L24 -> 0 | M48: =M$31*M24 -> 14.710784 | N48: =N$31*N24 -> 5.0257899 | ... S48: =S$31*S24 -> 0
F49: 16 | G49: =G$31*G25 -> 0 | H49: =H$31*H25 -> 7.0556451 | I49: =I$31*I25 -> 0 | J49: =J$31*J25 -> -7.0833204 | K49: =K$31*K25 -> 0 | L49: =L$31*L25 -> 0 | M49: =M$31*M25 -> 14.710784 | N49: =N$31*N25 -> 5.0257899 | ... S49: =S$31*S25 -> 0
F50: 17 | G50: =G$31*G26 -> 0 | H50: =H$31*H26 -> 7.0556451 | I50: =I$31*I26 -> 0 | J50: =J$31*J26 -> -7.0833204 | K50: =K$31*K26 -> 0 | L50: =L$31*L26 -> 0 | M50: =M$31*M26 -> 14.710784 | N50: =N$31*N26 -> 5.0257899 | ... S50: =S$31*S26 -> 0
F51: 18 | G51: =G$31*G27 -> 0 | H51: =H$31*H27 -> 7.0556451 | I51: =I$31*I27 -> 0 | J51: =J$31*J27 -> -7.0833204 | K51: =K$31*K27 -> 0 | L51: =L$31*L27 -> 0 | M51: =M$31*M27 -> 14.710784 | N51: =N$31*N27 -> 5.0257899 | ... S51: =S$31*S27 -> 0
F52: 19 | G52: =G$31*G28 -> 0 | H52: =H$31*H28 -> 7.0556451 | I52: =I$31*I28 -> 0 | J52: =J$31*J28 -> -7.0833204 | K52: =K$31*K28 -> 0 | L52: =L$31*L28 -> 0 | M52: =M$31*M28 -> 14.710784 | N52: =N$31*N28 -> 5.0257899 | ... S52: =S$31*S28 -> 0
F53: 20 | G53: =G$31*G29 -> 0 | H53: =H$31*H29 -> 7.0556451 | I53: =I$31*I29 -> 0 | J53: =J$31*J29 -> -7.0833204 | K53: =K$31*K29 -> 0 | L53: =L$31*L29 -> 0 | M53: =M$31*M29 -> 14.710784 | N53: =N$31*N29 -> 5.0257899 | ... S53: =S$31*S29 -> 0
G55: =$C30*1000*1000/$C29 -> 23.865434 | H55: =$C30*1000*1000/$C29 -> 23.865434 | I55: =$C30*1000*1000/$C29 -> 23.865434 | J55: =$C30*1000*1000/$C29 -> 23.865434 | K55: =$C30*1000*1000/$C29 -> 23.865434 | L55: =$C30*1000*1000/$C29 -> 23.865434 | M55: =$C30*1000*1000/$C29 -> 23.865434 | N55: =$C30*1000*1000/$C29 -> 23.865434 | ... S55: =$C30*1000*1000/$C29 -> 23.865434
F56: =SUM(G57:S77) -> 3942.4523 | G56: In Construction | H56: In Maintenence | I56: Out Equity Payment | J56: Out O&M Payment | K56: Out Fuel Payment | L56: Out Debt Payment | M56: In Debt Repayment | N56: In Equity Repayment | O56: In Domestic Fuel Sales | P56: Out Elec Bills | Q56: Out Elec Bills (fuel component) | R56: In Tariff Revenue | S56: In Tariff Revenue (fuel component)
F57: 0 | G57: =G33*G$55 -> 713.53127 | H57: =H33*H$55 -> 168.38603 | I57: =I33*I$55 -> -1690.4651 | J57: =J33*J$55 -> -169.04651 | K57: =K33*K$55 -> 0 | L57: =L33*L$55 -> -4948.0913 | M57: =M33*M$55 -> 351.07924 | N57: =N33*N$55 -> 119.94265 | ... S57: =S33*S$55 -> 0
F58: 1 | G58: =G34*G$55 -> 0 | H58: =H34*H$55 -> 168.38603 | I58: =I34*I$55 -> 0 | J58: =J34*J$55 -> -169.04651 | K58: =K34*K$55 -> 0 | L58: =L34*L$55 -> 0 | M58: =M34*M$55 -> 351.07924 | N58: =N34*N$55 -> 119.94265 | ... S58: =S34*S$55 -> 0
F59: 2 | G59: =G35*G$55 -> 0 | H59: =H35*H$55 -> 168.38603 | I59: =I35*I$55 -> 0 | J59: =J35*J$55 -> -169.04651 | K59: =K35*K$55 -> 0 | L59: =L35*L$55 -> 0 | M59: =M35*M$55 -> 351.07924 | N59: =N35*N$55 -> 119.94265 | ... S59: =S35*S$55 -> 0
F60: 3 | G60: =G36*G$55 -> 0 | H60: =H36*H$55 -> 168.38603 | I60: =I36*I$55 -> 0 | J60: =J36*J$55 -> -169.04651 | K60: =K36*K$55 -> 0 | L60: =L36*L$55 -> 0 | M60: =M36*M$55 -> 351.07924 | N60: =N36*N$55 -> 119.94265 | ... S60: =S36*S$55 -> 0
F61: 4 | G61: =G37*G$55 -> 0 | H61: =H37*H$55 -> 168.38603 | I61: =I37*I$55 -> 0 | J61: =J37*J$55 -> -169.04651 | K61: =K37*K$55 -> 0 | L61: =L37*L$55 -> 0 | M61: =M37*M$55 -> 351.07924 | N61: =N37*N$55 -> 119.94265 | ... S61: =S37*S$55 -> 0
F62: 5 | G62: =G38*G$55 -> 0 | H62: =H38*H$55 -> 168.38603 | I62: =I38*I$55 -> 0 | J62: =J38*J$55 -> -169.04651 | K62: =K38*K$55 -> 0 | L62: =L38*L$55 -> 0 | M62: =M38*M$55 -> 351.07924 | N62: =N38*N$55 -> 119.94265 | ... S62: =S38*S$55 -> 0
F63: 6 | G63: =G39*G$55 -> 0 | H63: =H39*H$55 -> 168.38603 | I63: =I39*I$55 -> 0 | J63: =J39*J$55 -> -169.04651 | K63: =K39*K$55 -> 0 | L63: =L39*L$55 -> 0 | M63: =M39*M$55 -> 351.07924 | N63: =N39*N$55 -> 119.94265 | ... S63: =S39*S$55 -> 0
F64: 7 | G64: =G40*G$55 -> 0 | H64: =H40*H$55 -> 168.38603 | I64: =I40*I$55 -> 0 | J64: =J40*J$55 -> -169.04651 | K64: =K40*K$55 -> 0 | L64: =L40*L$55 -> 0 | M64: =M40*M$55 -> 351.07924 | N64: =N40*N$55 -> 119.94265 | ... S64: =S40*S$55 -> 0
F65: 8 | G65: =G41*G$55 -> 0 | H65: =H41*H$55 -> 168.38603 | I65: =I41*I$55 -> 0 | J65: =J41*J$55 -> -169.04651 | K65: =K41*K$55 -> 0 | L65: =L41*L$55 -> 0 | M65: =M41*M$55 -> 351.07924 | N65: =N41*N$55 -> 119.94265 | ... S65: =S41*S$55 -> 0
F66: 9 | G66: =G42*G$55 -> 0 | H66: =H42*H$55 -> 168.38603 | I66: =I42*I$55 -> 0 | J66: =J42*J$55 -> -169.04651 | K66: =K42*K$55 -> 0 | L66: =L42*L$55 -> 0 | M66: =M42*M$55 -> 351.07924 | N66: =N42*N$55 -> 119.94265 | ... S66: =S42*S$55 -> 0
F67: 10 | G67: =G43*G$55 -> 0 | H67: =H43*H$55 -> 168.38603 | I67: =I43*I$55 -> 0 | J67: =J43*J$55 -> -169.04651 | K67: =K43*K$55 -> 0 | L67: =L43*L$55 -> 0 | M67: =M43*M$55 -> 351.07924 | N67: =N43*N$55 -> 119.94265 | ... S67: =S43*S$55 -> 0
F68: 11 | G68: =G44*G$55 -> 0 | H68: =H44*H$55 -> 168.38603 | I68: =I44*I$55 -> 0 | J68: =J44*J$55 -> -169.04651 | K68: =K44*K$55 -> 0 | L68: =L44*L$55 -> 0 | M68: =M44*M$55 -> 351.07924 | N68: =N44*N$55 -> 119.94265 | ... S68: =S44*S$55 -> 0
... F77: 20 | G77: =G53*G$55 -> 0 | H77: =H53*H$55 -> 168.38603 | I77: =I53*I$55 -> 0 | J77: =J53*J$55 -> -169.04651 | K77: =K53*K$55 -> 0 | L77: =L53*L$55 -> 0 | M77: =M53*M$55 -> 351.07924 | N77: =N53*N$55 -> 119.94265 | ... S77: =S53*S$55 -> 0

Sheet CSP
G1: Construction | H1: Maintenence | I1: Elect. (Constr) | J1: Elect.(O&M) | K1: Elec.(Fuel pay) | L1: Fin.(Constr) | M1: Finance | N1: Elec.(Repymnt) | O1: Gas.(Fuel buy) | P1: Electricity Bills a | Q1: Electricity Bills b | R1: Tariff Revenue a | S1: Tariff Revenue b
B2: Generic Power Plant Intervention | D2: Source | G2: GW* | H2: GW* | I2: % Equity* | J2: GW* | K2: 1/Efficiency* | L2: GW* | M2: GW* | N2: GW* | O2: 1/Efficiency* | P2: -Equity repayment | Q2: -Fuel payment | R2: -Equity repayment | S2: -Fuel payment
B3: Fuel Purchases and imports | G3: CapCost* | H3: O&M Cost | I3: GW* | J3: O&M Cost | K3: Fuel Price | L3: CapCost* | M3: CapCost* | N3: CapCost* | O3: Fuel Price* | P3: -Debt repayment | R3: -Debt repayment
B4: PJ Elc out (PJ) | C4: 1 | G4: LocalContent | I4: CapCost | L4: % Borrowed | M4: % Borrowed* | N4: % Equity* | O4: (1-%Import) | P4: -O&M costs | R4: -O&M costs
B5: Efficiency % | C5: 1 | M5: PaymentFactorF | N5: PaymentFactorE
B6: Fuel price MUSD/PJ | C6: 0
B7: % import | C7: 1 | D7: Assumed
B8: Capital Cost | G8: In Construction | H8: In Maintenence | I8: Out Equity Payment | J8: Out O&M Payment | K8: Out Fuel Payment | L8: Out Debt Payment | M8: In Debt Repayment | N8: In Equity Repayment | O8: In Domestic Fuel Sales | P8: Out Elec Bills | Q8: Out Elec Bills (fuel component) | R8: In Tariff Revenue | S8: In Tariff Revenue (fuel component)
B9: Cap:Act unit | C9: 31.536 | D9: Calculated | F9: 0 | G9: =C11*C12*C13 -> 33.119116 | H9: =C17 -> 11.325735 | I9: =-C24*C11*C12 -> -82.79779 | J9: =-H9 -> -11.325735 | K9: =-1/C5*C6 -> 0 | L9: =-C11*C12*C20 -> -248.39337 | M9: =C11*C12*C20*C22 -> 16.158345 | N9: =C24*C11*C12*C26 -> 5.3861151 | O9: =1/C5*C6*(1-C7) -> 0 | P9: =-(N9+M9-J9) -> -32.870195 | Q9: =K9 -> 0 | R9: =(N9+M9-J9) -> 32.870195 | S9: =-K9 -> 0
B10: Load factor % | C10: 0.45 | D10: Tunisian utility | F10: 1 | H10: =H9 -> 11.325735 | J10: =J9 -> -11.325735 | K10: =K9 -> 0 | M10: =M9 -> 16.158345 | N10: =N9 -> 5.3861151 | O10: =O9 -> 0 | P10: =-(N10+M10-J10) -> -32.870195 | Q10: =K10 -> 0 | R10: =(N10+M10-J10) -> 32.870195 | S10: =-K10 -> 0
B11: Capacity (GW) | C11: =C4/C10/C9 -> 0.070466204 | D11: Calculated | F11: 2 | H11: =H10 -> 11.325735 | J11: =J10 -> -11.325735 | K11: =K10 -> 0 | M11: =M10 -> 16.158345 | N11: =N10 -> 5.3861151 | O11: =O10 -> 0 | P11: =-(N11+M11-J11) -> -32.870195 | Q11: =K11 -> 0 | R11: =(N11+M11-J11) -> 32.870195 | S11: =-K11 -> 0
B12: CapCost (MUSD/GW) | C12: 4700 | D12: Tunisian utility | F12: 3 | H12: =H11 -> 11.325735 | J12: =J11 -> -11.325735 | K12: =K11 -> 0 | M12: =M11 -> 16.158345 | N12: =N11 -> 5.3861151 | O12: =O11 -> 0 | P12: =-(N12+M12-J12) -> -32.870195 | Q12: =K12 -> 0 | R12: =(N12+M12-J12) -> 32.870195 | S12: =-K12 -> 0
B13: Local content | C13: 0.1 | D13: Assumed | F13: 4 | H13: =H12 -> 11.325735 | J13: =J12 -> -11.325735 | K13: =K12 -> 0 | M13: =M12 -> 16.158345 | N13: =N12 -> 5.3861151 | O13: =O12 -> 0 | P13: =-(N13+M13-J13) -> -32.870195 | Q13: =K13 -> 0 | R13: =(N13+M13-J13) -> 32.870195 | S13: =-K13 -> 0
B14: O&M Costs | F14: 5 | H14: =H13 -> 11.325735 | J14: =J13 -> -11.325735 | K14: =K13 -> 0 | M14: =M13 -> 16.158345 | N14: =N13 -> 5.3861151 | O14: =O13 -> 0 | P14: =-(N14+M14-J14) -> -32.870195 | Q14: =K14 -> 0 | R14: =(N14+M14-J14) -> 32.870195 | S14: =-K14 -> 0
B15: Fixed O&M costs (MUSD/GW) | C15: 141 | D15: Tunisian utility | F15: 6 | H15: =H14 -> 11.325735 | J15: =J14 -> -11.325735 | K15: =K14 -> 0 | M15: =M14 -> 16.158345 | N15: =N14 -> 5.3861151 | O15: =O14 -> 0 | P15: =-(N15+M15-J15) -> -32.870195 | Q15: =K15 -> 0 | R15: =(N15+M15-J15) -> 32.870195 | S15: =-K15 -> 0
B16: Variable O&M costs (MUSD/PJ) | C16: 1.39 | D16: Tunisian utility | F16: 7 | H16: =H15 -> 11.325735 | J16: =J15 -> -11.325735 | K16: =K15 -> 0 | M16: =M15 -> 16.158345 | N16: =N15 -> 5.3861151 | O16: =O15 -> 0 | P16: =-(N16+M16-J16) -> -32.870195 | Q16: =K16 -> 0 | R16: =(N16+M16-J16) -> 32.870195 | S16: =-K16 -> 0
B17: Total O&M Costs (MUSD/PJ) | C17: =C16+C15*C11 -> 11.325735 | F17: 8 | H17: =H16 -> 11.325735 | J17: =J16 -> -11.325735 | K17: =K16 -> 0 | M17: =M16 -> 16.158345 | N17: =N16 -> 5.3861151 | O17: =O16 -> 0 | P17: =-(N17+M17-J17) -> -32.870195 | Q17: =K17 -> 0 | R17: =(N17+M17-J17) -> 32.870195 | S17: =-K17 -> 0
B18: Repayment - Finance | F18: 9 | H18: =H17 -> 11.325735 | J18: =J17 -> -11.325735 | K18: =K17 -> 0 | M18: =M17 -> 16.158345 | N18: =N17 -> 5.3861151 | O18: =O17 -> 0 | P18: =-(N18+M18-J18) -> -32.870195 | Q18: =K18 -> 0 | R18: =(N18+M18-J18) -> 32.870195 | S18: =-K18 -> 0
B19: Econ life (Years) | C19: 30 | D19: Dhakouani et al., 2017 | F19: 10 | H19: =H18 -> 11.325735 | J19: =J18 -> -11.325735 | K19: =K18 -> 0 | M19: =M18 -> 16.158345 | N19: =N18 -> 5.3861151 | O19: =O18 -> 0 | P19: =-(N19+M19-J19) -> -32.870195 | Q19: =K19 -> 0 | R19: =(N19+M19-J19) -> 32.870195 | S19: =-K19 -> 0
B20: % borrowed | C20: 0.75 | D20: Assumed | F20: 11 | H20: =H19 -> 11.325735 | J20: =J19 -> -11.325735 | K20: =K19 -> 0 | M20: =M19 -> 16.158345 | N20: =N19 -> 5.3861151 | O20: =O19 -> 0 | P20: =-(N20+M20-J20) -> -32.870195 | Q20: =K20 -> 0 | R20: =(N20+M20-J20) -> 32.870195 | S20: =-K20 -> 0
B21: Intereste rate | C21: 0.05 | D21: Assumed | F21: 12 | H21: =H20 -> 11.325735 | J21: =J20 -> -11.325735 | K21: =K20 -> 0 | M21: =M20 -> 16.158345 | N21: =N20 -> 5.3861151 | O21: =O20 -> 0 | P21: =-(N21+M21-J21) -> -32.870195 | Q21: =K21 -> 0 | R21: =(N21+M21-J21) -> 32.870195 | S21: =-K21 -> 0
B22: Payment factor F | C22: =-PMT(C21,C$19,1) -> 0.065051435 | D22: Calculated | F22: 13 | H22: =H21 -> 11.325735 | J22: =J21 -> -11.325735 | K22: =K21 -> 0 | M22: =M21 -> 16.158345 | N22: =N21 -> 5.3861151 | O22: =O21 -> 0 | P22: =-(N22+M22-J22) -> -32.870195 | Q22: =K22 -> 0 | R22: =(N22+M22-J22) -> 32.870195 | S22: =-K22 -> 0
B23: Repayment - Electricity company | F23: 14 | H23: =H22 -> 11.325735 | J23: =J22 -> -11.325735 | K23: =K22 -> 0 | M23: =M22 -> 16.158345 | N23: =N22 -> 5.3861151 | O23: =O22 -> 0 | P23: =-(N23+M23-J23) -> -32.870195 | Q23: =K23 -> 0 | R23: =(N23+M23-J23) -> 32.870195 | S23: =-K23 -> 0
B24: % equity | C24: 0.25 | D24: Assumed | F24: 15 | H24: =H23 -> 11.325735 | J24: =J23 -> -11.325735 | K24: =K23 -> 0 | M24: =M23 -> 16.158345 | N24: =N23 -> 5.3861151 | O24: =O23 -> 0 | P24: =-(N24+M24-J24) -> -32.870195 | Q24: =K24 -> 0 | R24: =(N24+M24-J24) -> 32.870195 | S24: =-K24 -> 0
B25: Interest rate | C25: 0.05 | D25: Assumed | F25: 16 | H25: =H24 -> 11.325735 | J25: =J24 -> -11.325735 | K25: =K24 -> 0 | M25: =M24 -> 16.158345 | N25: =N24 -> 5.3861151 | O25: =O24 -> 0 | P25: =-(N25+M25-J25) -> -32.870195 | Q25: =K25 -> 0 | R25: =(N25+M25-J25) -> 32.870195 | S25: =-K25 -> 0
B26: Payment factor E | C26: =-PMT(C25,C$19,1) -> 0.065051435 | D26: Assumed | F26: 17 | H26: =H25 -> 11.325735 | J26: =J25 -> -11.325735 | K26: =K25 -> 0 | M26: =M25 -> 16.158345 | N26: =N25 -> 5.3861151 | O26: =O25 -> 0 | P26: =-(N26+M26-J26) -> -32.870195 | Q26: =K26 -> 0 | R26: =(N26+M26-J26) -> 32.870195 | S26: =-K26 -> 0
B27: Global Assumptions | F27: 18 | H27: =H26 -> 11.325735 | J27: =J26 -> -11.325735 | K27: =K26 -> 0 | M27: =M26 -> 16.158345 | N27: =N26 -> 5.3861151 | O27: =O26 -> 0 | P27: =-(N27+M27-J27) -> -32.870195 | Q27: =K27 -> 0 | R27: =(N27+M27-J27) -> 32.870195 | S27: =-K27 -> 0
B28: Assumed Average Wage (TND) | C28: 32876 | D28: Assumed | F28: 19 | H28: =H27 -> 11.325735 | J28: =J27 -> -11.325735 | K28: =K27 -> 0 | M28: =M27 -> 16.158345 | N28: =N27 -> 5.3861151 | O28: =O27 -> 0 | P28: =-(N28+M28-J28) -> -32.870195 | Q28: =K28 -> 0 | R28: =(N28+M28-J28) -> 32.870195 | S28: =-K28 -> 0
B29: Assumed Average Wage (USD) | C29: =C28/1.9615 -> 16760.642 | D29: Average exchange rate 2015 | F29: 20 | H29: =H28 -> 11.325735 | J29: =J28 -> -11.325735 | K29: =K28 -> 0 | M29: =M28 -> 16.158345 | N29: =N28 -> 5.3861151 | O29: =O28 -> 0 | P29: =-(N29+M29-J29) -> -32.870195 | Q29: =K29 -> 0 | R29: =(N29+M29-J29) -> 32.870195 | S29: =-K29 -> 0
B30: Wage share of value added. | C30: 0.4 | D30: Assumed
B31: Tariff (USD/kWh) | C31: 0.07 | D31: Res4Med | G31: ='Leontief Inverse'!W39 -> 1.6071591 | H31: ='Leontief Inverse'!U39 -> 1.517092 | I31: ='Leontief Inverse'!V39 -> 1.5230427 | J31: =I31 -> 1.5230427 | K31: =J31 -> 1.5230427 | L31: ='Leontief Inverse'!AD39 -> 1.486012 | M31: ='Leontief Inverse'!AD39 -> 1.486012 | N31: ='Leontief Inverse'!V39 -> 1.5230427 | O31: =N31 -> 1.5230427 | P31: ='IO Table 2015 OECD'!B103 -> 1.524173 | Q31: =P31 -> 1.524173 | R31: ='Leontief Inverse'!V39 -> 1.5230427 | S31: =R31 -> 1.5230427
C32: 1 | D32: PJ | F32: =SUM(G33:S53) -> 232.32236 | G32: In Construction | H32: In Maintenence | I32: Out Equity Payment | J32: Out O&M Payment | K32: Out Fuel Payment | L32: Out Debt Payment | M32: In Debt Repayment | N32: In Equity Repayment | O32: In Domestic Fuel Sales | P32: Out Elec Bills | Q32: Out Elec Bills (fuel component) | R32: In Tariff Revenue | S32: In Tariff Revenue (fuel component)
C33: 277777 | D33: MWh | F33: 0 | G33: =G$31*G9 -> 53.227689 | H33: =H$31*H9 -> 17.182182 | I33: =I$31*I9 -> -126.10457 | J33: =J$31*J9 -> -17.249577 | K33: =K$31*K9 -> 0 | L33: =L$31*L9 -> -369.11552 | M33: =M$31*M9 -> 24.011494 | N33: =N$31*N9 -> 8.2032831 | ... S33: =S$31*S9 -> 0
F34: 1 | G34: =G$31*G10 -> 0 | H34: =H$31*H10 -> 17.182182 | I34: =I$31*I10 -> 0 | J34: =J$31*J10 -> -17.249577 | K34: =K$31*K10 -> 0 | L34: =L$31*L10 -> 0 | M34: =M$31*M10 -> 24.011494 | N34: =N$31*N10 -> 8.2032831 | ... S34: =S$31*S10 -> 0
F35: 2 | G35: =G$31*G11 -> 0 | H35: =H$31*H11 -> 17.182182 | I35: =I$31*I11 -> 0 | J35: =J$31*J11 -> -17.249577 | K35: =K$31*K11 -> 0 | L35: =L$31*L11 -> 0 | M35: =M$31*M11 -> 24.011494 | N35: =N$31*N11 -> 8.2032831 | ... S35: =S$31*S11 -> 0
F36: 3 | G36: =G$31*G12 -> 0 | H36: =H$31*H12 -> 17.182182 | I36: =I$31*I12 -> 0 | J36: =J$31*J12 -> -17.249577 | K36: =K$31*K12 -> 0 | L36: =L$31*L12 -> 0 | M36: =M$31*M12 -> 24.011494 | N36: =N$31*N12 -> 8.2032831 | ... S36: =S$31*S12 -> 0
B37: net Job/PJ/Yr | C37: =F56/20 -> 277.22369 | F37: 4 | G37: =G$31*G13 -> 0 | H37: =H$31*H13 -> 17.182182 | I37: =I$31*I13 -> 0 | J37: =J$31*J13 -> -17.249577 | K37: =K$31*K13 -> 0 | L37: =L$31*L13 -> 0 | M37: =M$31*M13 -> 24.011494 | N37: =N$31*N13 -> 8.2032831 | ... S37: =S$31*S13 -> 0
B38: Job losses | C38: =SUM(I57:I77,J57:J77,K57:K77,L57:L77)/20 -> -1023.1842 | F38: 5 | G38: =G$31*G14 -> 0 | H38: =H$31*H14 -> 17.182182 | I38: =I$31*I14 -> 0 | J38: =J$31*J14 -> -17.249577 | K38: =K$31*K14 -> 0 | L38: =L$31*L14 -> 0 | M38: =M$31*M14 -> 24.011494 | N38: =N$31*N14 -> 8.2032831 | ... S38: =S$31*S14 -> 0
B39: Job gains | C39: =SUM(G57:H77,M57:O77)/20 -> 1301.3389 | F39: 6 | G39: =G$31*G15 -> 0 | H39: =H$31*H15 -> 17.182182 | I39: =I$31*I15 -> 0 | J39: =J$31*J15 -> -17.249577 | K39: =K$31*K15 -> 0 | L39: =L$31*L15 -> 0 | M39: =M$31*M15 -> 24.011494 | N39: =N$31*N15 -> 8.2032831 | ... S39: =S$31*S15 -> 0
F40: 7 | G40: =G$31*G16 -> 0 | H40: =H$31*H16 -> 17.182182 | I40: =I$31*I16 -> 0 | J40: =J$31*J16 -> -17.249577 | K40: =K$31*K16 -> 0 | L40: =L$31*L16 -> 0 | M40: =M$31*M16 -> 24.011494 | N40: =N$31*N16 -> 8.2032831 | ... S40: =S$31*S16 -> 0
F41: 8 | G41: =G$31*G17 -> 0 | H41: =H$31*H17 -> 17.182182 | I41: =I$31*I17 -> 0 | J41: =J$31*J17 -> -17.249577 | K41: =K$31*K17 -> 0 | L41: =L$31*L17 -> 0 | M41: =M$31*M17 -> 24.011494 | N41: =N$31*N17 -> 8.2032831 | ... S41: =S$31*S17 -> 0
F42: 9 | G42: =G$31*G18 -> 0 | H42: =H$31*H18 -> 17.182182 | I42: =I$31*I18 -> 0 | J42: =J$31*J18 -> -17.249577 | K42: =K$31*K18 -> 0 | L42: =L$31*L18 -> 0 | M42: =M$31*M18 -> 24.011494 | N42: =N$31*N18 -> 8.2032831 | ... S42: =S$31*S18 -> 0
F43: 10 | G43: =G$31*G19 -> 0 | H43: =H$31*H19 -> 17.182182 | I43: =I$31*I19 -> 0 | J43: =J$31*J19 -> -17.249577 | K43: =K$31*K19 -> 0 | L43: =L$31*L19 -> 0 | M43: =M$31*M19 -> 24.011494 | N43: =N$31*N19 -> 8.2032831 | ... S43: =S$31*S19 -> 0
F44: 11 | G44: =G$31*G20 -> 0 | H44: =H$31*H20 -> 17.182182 | I44: =I$31*I20 -> 0 | J44: =J$31*J20 -> -17.249577 | K44: =K$31*K20 -> 0 | L44: =L$31*L20 -> 0 | M44: =M$31*M20 -> 24.011494 | N44: =N$31*N20 -> 8.2032831 | ... S44: =S$31*S20 -> 0
F45: 12 | G45: =G$31*G21 -> 0 | H45: =H$31*H21 -> 17.182182 | I45: =I$31*I21 -> 0 | J45: =J$31*J21 -> -17.249577 | K45: =K$31*K21 -> 0 | L45: =L$31*L21 -> 0 | M45: =M$31*M21 -> 24.011494 | N45: =N$31*N21 -> 8.2032831 | ... S45: =S$31*S21 -> 0
F46: 13 | G46: =G$31*G22 -> 0 | H46: =H$31*H22 -> 17.182182 | I46: =I$31*I22 -> 0 | J46: =J$31*J22 -> -17.249577 | K46: =K$31*K22 -> 0 | L46: =L$31*L22 -> 0 | M46: =M$31*M22 -> 24.011494 | N46: =N$31*N22 -> 8.2032831 | ... S46: =S$31*S22 -> 0
F47: 14 | G47: =G$31*G23 -> 0 | H47: =H$31*H23 -> 17.182182 | I47: =I$31*I23 -> 0 | J47: =J$31*J23 -> -17.249577 | K47: =K$31*K23 -> 0 | L47: =L$31*L23 -> 0 | M47: =M$31*M23 -> 24.011494 | N47: =N$31*N23 -> 8.2032831 | ... S47: =S$31*S23 -> 0
F48: 15 | G48: =G$31*G24 -> 0 | H48: =H$31*H24 -> 17.182182 | I48: =I$31*I24 -> 0 | J48: =J$31*J24 -> -17.249577 | K48: =K$31*K24 -> 0 | L48: =L$31*L24 -> 0 | M48: =M$31*M24 -> 24.011494 | N48: =N$31*N24 -> 8.2032831 | ... S48: =S$31*S24 -> 0
F49: 16 | G49: =G$31*G25 -> 0 | H49: =H$31*H25 -> 17.182182 | I49: =I$31*I25 -> 0 | J49: =J$31*J25 -> -17.249577 | K49: =K$31*K25 -> 0 | L49: =L$31*L25 -> 0 | M49: =M$31*M25 -> 24.011494 | N49: =N$31*N25 -> 8.2032831 | ... S49: =S$31*S25 -> 0
F50: 17 | G50: =G$31*G26 -> 0 | H50: =H$31*H26 -> 17.182182 | I50: =I$31*I26 -> 0 | J50: =J$31*J26 -> -17.249577 | K50: =K$31*K26 -> 0 | L50: =L$31*L26 -> 0 | M50: =M$31*M26 -> 24.011494 | N50: =N$31*N26 -> 8.2032831 | ... S50: =S$31*S26 -> 0
F51: 18 | G51: =G$31*G27 -> 0 | H51: =H$31*H27 -> 17.182182 | I51: =I$31*I27 -> 0 | J51: =J$31*J27 -> -17.249577 | K51: =K$31*K27 -> 0 | L51: =L$31*L27 -> 0 | M51: =M$31*M27 -> 24.011494 | N51: =N$31*N27 -> 8.2032831 | ... S51: =S$31*S27 -> 0
... F53: 20 | G53: =G$31*G29 -> 0 | H53: =H$31*H29 -> 17.182182 | I53: =I$31*I29 -> 0 | J53: =J$31*J29 -> -17.249577 | K53: =K$31*K29 -> 0 | L53: =L$31*L29 -> 0 | M53: =M$31*M29 -> 24.011494 | N53: =N$31*N29 -> 8.2032831 | ... S53: =S$31*S29 -> 0
G55: =$C30*1000*1000/$C29 -> 23.865434 | H55: =$C30*1000*1000/$C29 -> 23.865434 | I55: =$C30*1000*1000/$C29 -> 23.865434 | J55: =$C30*1000*1000/$C29 -> 23.865434 | K55: =$C30*1000*1000/$C29 -> 23.865434 | L55: =$C30*1000*1000/$C29 -> 23.865434 | M55: =$C30*1000*1000/$C29 -> 23.865434 | N55: =$C30*1000*1000/$C29 -> 23.865434 | ... S55: =$C30*1000*1000/$C29 -> 23.865434
F56: =SUM(G57:S77) -> 5544.4739 | G56: In Construction | H56: In Maintenence | I56: Out Equity Payment | J56: Out O&M Payment | K56: Out Fuel Payment | L56: Out Debt Payment | M56: In Debt Repayment | N56: In Equity Repayment | O56: In Domestic Fuel Sales | P56: Out Elec Bills | Q56: Out Elec Bills (fuel component) | R56: In Tariff Revenue | S56: In Tariff Revenue (fuel component)
F57: 0 | G57: =G33*G$55 -> 1270.3019 | H57: =H33*H$55 -> 410.06022 | I57: =I33*I$55 -> -3009.5402 | J57: =J33*J$55 -> -411.66865 | K57: =K33*K$55 -> 0 | L57: =L33*L$55 -> -8809.102 | M57: =M33*M$55 -> 573.04473 | N57: =N33*N$55 -> 195.77491 | ... S57: =S33*S$55 -> 0
F58: 1 | G58: =G34*G$55 -> 0 | H58: =H34*H$55 -> 410.06022 | I58: =I34*I$55 -> 0 | J58: =J34*J$55 -> -411.66865 | K58: =K34*K$55 -> 0 | L58: =L34*L$55 -> 0 | M58: =M34*M$55 -> 573.04473 | N58: =N34*N$55 -> 195.77491 | ... S58: =S34*S$55 -> 0
F59: 2 | G59: =G35*G$55 -> 0 | H59: =H35*H$55 -> 410.06022 | I59: =I35*I$55 -> 0 | J59: =J35*J$55 -> -411.66865 | K59: =K35*K$55 -> 0 | L59: =L35*L$55 -> 0 | M59: =M35*M$55 -> 573.04473 | N59: =N35*N$55 -> 195.77491 | ... S59: =S35*S$55 -> 0
F60: 3 | G60: =G36*G$55 -> 0 | H60: =H36*H$55 -> 410.06022 | I60: =I36*I$55 -> 0 | J60: =J36*J$55 -> -411.66865 | K60: =K36*K$55 -> 0 | L60: =L36*L$55 -> 0 | M60: =M36*M$55 -> 573.04473 | N60: =N36*N$55 -> 195.77491 | ... S60: =S36*S$55 -> 0
F61: 4 | G61: =G37*G$55 -> 0 | H61: =H37*H$55 -> 410.06022 | I61: =I37*I$55 -> 0 | J61: =J37*J$55 -> -411.66865 | K61: =K37*K$55 -> 0 | L61: =L37*L$55 -> 0 | M61: =M37*M$55 -> 573.04473 | N61: =N37*N$55 -> 195.77491 | ... S61: =S37*S$55 -> 0
F62: 5 | G62: =G38*G$55 -> 0 | H62: =H38*H$55 -> 410.06022 | I62: =I38*I$55 -> 0 | J62: =J38*J$55 -> -411.66865 | K62: =K38*K$55 -> 0 | L62: =L38*L$55 -> 0 | M62: =M38*M$55 -> 573.04473 | N62: =N38*N$55 -> 195.77491 | ... S62: =S38*S$55 -> 0
F63: 6 | G63: =G39*G$55 -> 0 | H63: =H39*H$55 -> 410.06022 | I63: =I39*I$55 -> 0 | J63: =J39*J$55 -> -411.66865 | K63: =K39*K$55 -> 0 | L63: =L39*L$55 -> 0 | M63: =M39*M$55 -> 573.04473 | N63: =N39*N$55 -> 195.77491 | ... S63: =S39*S$55 -> 0
F64: 7 | G64: =G40*G$55 -> 0 | H64: =H40*H$55 -> 410.06022 | I64: =I40*I$55 -> 0 | J64: =J40*J$55 -> -411.66865 | K64: =K40*K$55 -> 0 | L64: =L40*L$55 -> 0 | M64: =M40*M$55 -> 573.04473 | N64: =N40*N$55 -> 195.77491 | ... S64: =S40*S$55 -> 0
F65: 8 | G65: =G41*G$55 -> 0 | H65: =H41*H$55 -> 410.06022 | I65: =I41*I$55 -> 0 | J65: =J41*J$55 -> -411.66865 | K65: =K41*K$55 -> 0 | L65: =L41*L$55 -> 0 | M65: =M41*M$55 -> 573.04473 | N65: =N41*N$55 -> 195.77491 | ... S65: =S41*S$55 -> 0
F66: 9 | G66: =G42*G$55 -> 0 | H66: =H42*H$55 -> 410.06022 | I66: =I42*I$55 -> 0 | J66: =J42*J$55 -> -411.66865 | K66: =K42*K$55 -> 0 | L66: =L42*L$55 -> 0 | M66: =M42*M$55 -> 573.04473 | N66: =N42*N$55 -> 195.77491 | ... S66: =S42*S$55 -> 0
F67: 10 | G67: =G43*G$55 -> 0 | H67: =H43*H$55 -> 410.06022 | I67: =I43*I$55 -> 0 | J67: =J43*J$55 -> -411.66865 | K67: =K43*K$55 -> 0 | L67: =L43*L$55 -> 0 | M67: =M43*M$55 -> 573.04473 | N67: =N43*N$55 -> 195.77491 | ... S67: =S43*S$55 -> 0
F68: 11 | G68: =G44*G$55 -> 0 | H68: =H44*H$55 -> 410.06022 | I68: =I44*I$55 -> 0 | J68: =J44*J$55 -> -411.66865 | K68: =K44*K$55 -> 0 | L68: =L44*L$55 -> 0 | M68: =M44*M$55 -> 573.04473 | N68: =N44*N$55 -> 195.77491 | ... S68: =S44*S$55 -> 0
... F77: 20 | G77: =G53*G$55 -> 0 | H77: =H53*H$55 -> 410.06022 | I77: =I53*I$55 -> 0 | J77: =J53*J$55 -> -411.66865 | K77: =K53*K$55 -> 0 | L77: =L53*L$55 -> 0 | M77: =M53*M$55 -> 573.04473 | N77: =N53*N$55 -> 195.77491 | ... S77: =S53*S$55 -> 0

Sheet Onshore Wind
G1: Construction | H1: Maintenence | I1: Elect. (Constr) | J1: Elect.(O&M) | K1: Elec.(Fuel pay) | L1: Fin.(Constr) | M1: Finance | N1: Elec.(Repymnt) | O1: Gas.(Fuel buy) | P1: Electricity Bills a | Q1: Electricity Bills b | R1: Tariff Revenue a | S1: Tariff Revenue b
B2: Generic Power Plant Intervention | D2: Source | G2: GW* | H2: GW* | I2: % Equity* | J2: GW* | K2: 1/Efficiency* | L2: GW* | M2: GW* | N2: GW* | O2: 1/Efficiency* | P2: -Equity repayment | Q2: -Fuel payment | R2: -Equity repayment | S2: -Fuel payment
B3: Fuel Purchases and imports | G3: CapCost* | H3: O&M Cost | I3: GW* | J3: O&M Cost | K3: Fuel Price | L3: CapCost* | M3: CapCost* | N3: CapCost* | O3: Fuel Price* | P3: -Debt repayment | R3: -Debt repayment
B4: PJ Elc out (PJ) | C4: 1 | G4: LocalContent | I4: CapCost | L4: % Borrowed | M4: % Borrowed* | N4: % Equity* | O4: (1-%Import) | P4: -O&M costs | R4: -O&M costs
B5: Efficiency % | C5: 1 | M5: PaymentFactorF | N5: PaymentFactorE
B6: Fuel price (MUSD/PJ) | C6: 0
B7: % import | C7: 1 | D7: Assumed
B8: Capital Cost | G8: In Construction | H8: In Maintenence | I8: Out Equity Payment | J8: Out O&M Payment | K8: Out Fuel Payment | L8: Out Debt Payment | M8: In Debt Repayment | N8: In Equity Repayment | O8: In Domestic Fuel Sales | P8: Out Elec Bills | Q8: Out Elec Bills (fuel component) | R8: In Tariff Revenue | S8: In Tariff Revenue (fuel component)
B9: Cap:Act unit | C9: 31.536 | D9: Calculated | F9: 0 | G9: =C11*C12*C13 -> 14.566336 | H9: =C17 -> 6.5899007 | I9: =-C24*C11*C12 -> -36.415839 | J9: =-H9 -> -6.5899007 | K9: =-1/C5*C6 -> 0 | L9: =-C11*C12*C20 -> -109.24752 | M9: =C11*C12*C20*C22 -> 7.7513798 | N9: =C24*C11*C12*C26 -> 2.5837933 | O9: =1/C5*C6*(1-C7) -> 0 | P9: =-(N9+M9-J9) -> -16.925074 | Q9: =K9 -> 0 | R9: =(N9+M9-J9) -> 16.925074 | S9: =-K9 -> 0
B10: Load factor % | C10: 0.283 | D10: Tunisian utility | F10: 1 | H10: =H9 -> 6.5899007 | J10: =J9 -> -6.5899007 | K10: =K9 -> 0 | M10: =M9 -> 7.7513798 | N10: =N9 -> 2.5837933 | O10: =O9 -> 0 | P10: =-(N10+M10-J10) -> -16.925074 | Q10: =K10 -> 0 | R10: =(N10+M10-J10) -> 16.925074 | S10: =-K10 -> 0
B11: Capacity (GW) | C11: =C4/C10/C9 -> 0.11204873 | D11: Calculated | F11: 2 | H11: =H10 -> 6.5899007 | J11: =J10 -> -6.5899007 | K11: =K10 -> 0 | M11: =M10 -> 7.7513798 | N11: =N10 -> 2.5837933 | O11: =O10 -> 0 | P11: =-(N11+M11-J11) -> -16.925074 | Q11: =K11 -> 0 | R11: =(N11+M11-J11) -> 16.925074 | S11: =-K11 -> 0
B12: CapCost (MUSD/GW) | C12: 1300 | D12: Tunisian utility | F12: 3 | H12: =H11 -> 6.5899007 | J12: =J11 -> -6.5899007 | K12: =K11 -> 0 | M12: =M11 -> 7.7513798 | N12: =N11 -> 2.5837933 | O12: =O11 -> 0 | P12: =-(N12+M12-J12) -> -16.925074 | Q12: =K12 -> 0 | R12: =(N12+M12-J12) -> 16.925074 | S12: =-K12 -> 0
B13: Local content % | C13: 0.1 | D13: Assumed | F13: 4 | H13: =H12 -> 6.5899007 | J13: =J12 -> -6.5899007 | K13: =K12 -> 0 | M13: =M12 -> 7.7513798 | N13: =N12 -> 2.5837933 | O13: =O12 -> 0 | P13: =-(N13+M13-J13) -> -16.925074 | Q13: =K13 -> 0 | R13: =(N13+M13-J13) -> 16.925074 | S13: =-K13 -> 0
B14: O&M Costs | F14: 5 | H14: =H13 -> 6.5899007 | J14: =J13 -> -6.5899007 | K14: =K13 -> 0 | M14: =M13 -> 7.7513798 | N14: =N13 -> 2.5837933 | O14: =O13 -> 0 | P14: =-(N14+M14-J14) -> -16.925074 | Q14: =K14 -> 0 | R14: =(N14+M14-J14) -> 16.925074 | S14: =-K14 -> 0
B15: Fixed O&M costs (MUSD/GW) | C15: 39 | D15: Tunisian utility | F15: 6 | H15: =H14 -> 6.5899007 | J15: =J14 -> -6.5899007 | K15: =K14 -> 0 | M15: =M14 -> 7.7513798 | N15: =N14 -> 2.5837933 | O15: =O14 -> 0 | P15: =-(N15+M15-J15) -> -16.925074 | Q15: =K15 -> 0 | R15: =(N15+M15-J15) -> 16.925074 | S15: =-K15 -> 0
B16: Variable O&M costs (MUSD/PJ) | C16: 2.22 | D16: Tunisian utility | F16: 7 | H16: =H15 -> 6.5899007 | J16: =J15 -> -6.5899007 | K16: =K15 -> 0 | M16: =M15 -> 7.7513798 | N16: =N15 -> 2.5837933 | O16: =O15 -> 0 | P16: =-(N16+M16-J16) -> -16.925074 | Q16: =K16 -> 0 | R16: =(N16+M16-J16) -> 16.925074 | S16: =-K16 -> 0
B17: Total O&M Costs (MUSD/PJ) | C17: =C16+C15*C11 -> 6.5899007 | F17: 8 | H17: =H16 -> 6.5899007 | J17: =J16 -> -6.5899007 | K17: =K16 -> 0 | M17: =M16 -> 7.7513798 | N17: =N16 -> 2.5837933 | O17: =O16 -> 0 | P17: =-(N17+M17-J17) -> -16.925074 | Q17: =K17 -> 0 | R17: =(N17+M17-J17) -> 16.925074 | S17: =-K17 -> 0
B18: Repayment - Finance | F18: 9 | H18: =H17 -> 6.5899007 | J18: =J17 -> -6.5899007 | K18: =K17 -> 0 | M18: =M17 -> 7.7513798 | N18: =N17 -> 2.5837933 | O18: =O17 -> 0 | P18: =-(N18+M18-J18) -> -16.925074 | Q18: =K18 -> 0 | R18: =(N18+M18-J18) -> 16.925074 | S18: =-K18 -> 0
B19: Econ life (Years) | C19: 25 | D19: Tunisian utility | F19: 10 | H19: =H18 -> 6.5899007 | J19: =J18 -> -6.5899007 | K19: =K18 -> 0 | M19: =M18 -> 7.7513798 | N19: =N18 -> 2.5837933 | O19: =O18 -> 0 | P19: =-(N19+M19-J19) -> -16.925074 | Q19: =K19 -> 0 | R19: =(N19+M19-J19) -> 16.925074 | S19: =-K19 -> 0
B20: % borrowed | C20: 0.75 | D20: Assumed | F20: 11 | H20: =H19 -> 6.5899007 | J20: =J19 -> -6.5899007 | K20: =K19 -> 0 | M20: =M19 -> 7.7513798 | N20: =N19 -> 2.5837933 | O20: =O19 -> 0 | P20: =-(N20+M20-J20) -> -16.925074 | Q20: =K20 -> 0 | R20: =(N20+M20-J20) -> 16.925074 | S20: =-K20 -> 0
B21: Intereste rate | C21: 0.05 | D21: Assumed | F21: 12 | H21: =H20 -> 6.5899007 | J21: =J20 -> -6.5899007 | K21: =K20 -> 0 | M21: =M20 -> 7.7513798 | N21: =N20 -> 2.5837933 | O21: =O20 -> 0 | P21: =-(N21+M21-J21) -> -16.925074 | Q21: =K21 -> 0 | R21: =(N21+M21-J21) -> 16.925074 | S21: =-K21 -> 0
B22: Payment factor F | C22: =-PMT(C21,C$19,1) -> 0.070952457 | D22: Calculated | F22: 13 | H22: =H21 -> 6.5899007 | J22: =J21 -> -6.5899007 | K22: =K21 -> 0 | M22: =M21 -> 7.7513798 | N22: =N21 -> 2.5837933 | O22: =O21 -> 0 | P22: =-(N22+M22-J22) -> -16.925074 | Q22: =K22 -> 0 | R22: =(N22+M22-J22) -> 16.925074 | S22: =-K22 -> 0
B23: Repayment - Electricity company | F23: 14 | H23: =H22 -> 6.5899007 | J23: =J22 -> -6.5899007 | K23: =K22 -> 0 | M23: =M22 -> 7.7513798 | N23: =N22 -> 2.5837933 | O23: =O22 -> 0 | P23: =-(N23+M23-J23) -> -16.925074 | Q23: =K23 -> 0 | R23: =(N23+M23-J23) -> 16.925074 | S23: =-K23 -> 0
B24: % equity | C24: 0.25 | D24: Assumed | F24: 15 | H24: =H23 -> 6.5899007 | J24: =J23 -> -6.5899007 | K24: =K23 -> 0 | M24: =M23 -> 7.7513798 | N24: =N23 -> 2.5837933 | O24: =O23 -> 0 | P24: =-(N24+M24-J24) -> -16.925074 | Q24: =K24 -> 0 | R24: =(N24+M24-J24) -> 16.925074 | S24: =-K24 -> 0
B25: Interest rate | C25: 0.05 | D25: Assumed | F25: 16 | H25: =H24 -> 6.5899007 | J25: =J24 -> -6.5899007 | K25: =K24 -> 0 | M25: =M24 -> 7.7513798 | N25: =N24 -> 2.5837933 | O25: =O24 -> 0 | P25: =-(N25+M25-J25) -> -16.925074 | Q25: =K25 -> 0 | R25: =(N25+M25-J25) -> 16.925074 | S25: =-K25 -> 0
B26: Payment factor E | C26: =-PMT(C25,C$19,1) -> 0.070952457 | D26: Assumed | F26: 17 | H26: =H25 -> 6.5899007 | J26: =J25 -> -6.5899007 | K26: =K25 -> 0 | M26: =M25 -> 7.7513798 | N26: =N25 -> 2.5837933 | O26: =O25 -> 0 | P26: =-(N26+M26-J26) -> -16.925074 | Q26: =K26 -> 0 | R26: =(N26+M26-J26) -> 16.925074 | S26: =-K26 -> 0
B27: Global Assumptions | F27: 18 | H27: =H26 -> 6.5899007 | J27: =J26 -> -6.5899007 | K27: =K26 -> 0 | M27: =M26 -> 7.7513798 | N27: =N26 -> 2.5837933 | O27: =O26 -> 0 | P27: =-(N27+M27-J27) -> -16.925074 | Q27: =K27 -> 0 | R27: =(N27+M27-J27) -> 16.925074 | S27: =-K27 -> 0
B28: Assumed Average Wage (TND) | C28: 32876 | D28: Assumed | F28: 19 | H28: =H27 -> 6.5899007 | J28: =J27 -> -6.5899007 | K28: =K27 -> 0 | M28: =M27 -> 7.7513798 | N28: =N27 -> 2.5837933 | O28: =O27 -> 0 | P28: =-(N28+M28-J28) -> -16.925074 | Q28: =K28 -> 0 | R28: =(N28+M28-J28) -> 16.925074 | S28: =-K28 -> 0
B29: Assumed Average Wage (USD) | C29: =C28/1.9615 -> 16760.642 | D29: Average exchange rate 2015 | F29: 20 | H29: =H28 -> 6.5899007 | J29: =J28 -> -6.5899007 | K29: =K28 -> 0 | M29: =M28 -> 7.7513798 | N29: =N28 -> 2.5837933 | O29: =O28 -> 0 | P29: =-(N29+M29-J29) -> -16.925074 | Q29: =K29 -> 0 | R29: =(N29+M29-J29) -> 16.925074 | S29: =-K29 -> 0
B30: Wage share of value added % | C30: 0.4 | D30: Assumed
B31: Tariff (USD/kWh) | C31: 0.07 | D31: Res4Med | G31: ='Leontief Inverse'!W39 -> 1.6071591 | H31: ='Leontief Inverse'!U39 -> 1.517092 | I31: ='Leontief Inverse'!V39 -> 1.5230427 | J31: =I31 -> 1.5230427 | K31: =J31 -> 1.5230427 | L31: ='Leontief Inverse'!AD39 -> 1.486012 | M31: ='Leontief Inverse'!AD39 -> 1.486012 | N31: ='Leontief Inverse'!V39 -> 1.5230427 | O31: =N31 -> 1.5230427 | P31: ='IO Table 2015 OECD'!B103 -> 1.524173 | Q31: =P31 -> 1.524173 | R31: ='Leontief Inverse'!V39 -> 1.5230427 | S31: =R31 -> 1.5230427
C32: 1 | D32: PJ | F32: =SUM(G33:S53) -> 128.91044 | G32: In Construction | H32: In Maintenence | I32: Out Equity Payment | J32: Out O&M Payment | K32: Out Fuel Payment | L32: Out Debt Payment | M32: In Debt Repayment | N32: In Equity Repayment | O32: In Domestic Fuel Sales | P32: Out Elec Bills | Q32: Out Elec Bills (fuel component) | R32: In Tariff Revenue | S32: In Tariff Revenue (fuel component)
C33: 277777 | D33: MWh | F33: 0 | G33: =G$31*G9 -> 23.410419 | H33: =H$31*H9 -> 9.9974855 | I33: =I$31*I9 -> -55.462876 | J33: =J$31*J9 -> -10.0367 | K33: =K$31*K9 -> 0 | L33: =L$31*L9 -> -162.34312 | M33: =M$31*M9 -> 11.518643 | N33: =N$31*N9 -> 3.9352274 | ... S33: =S$31*S9 -> 0
F34: 1 | G34: =G$31*G10 -> 0 | H34: =H$31*H10 -> 9.9974855 | I34: =I$31*I10 -> 0 | J34: =J$31*J10 -> -10.0367 | K34: =K$31*K10 -> 0 | L34: =L$31*L10 -> 0 | M34: =M$31*M10 -> 11.518643 | N34: =N$31*N10 -> 3.9352274 | ... S34: =S$31*S10 -> 0
F35: 2 | G35: =G$31*G11 -> 0 | H35: =H$31*H11 -> 9.9974855 | I35: =I$31*I11 -> 0 | J35: =J$31*J11 -> -10.0367 | K35: =K$31*K11 -> 0 | L35: =L$31*L11 -> 0 | M35: =M$31*M11 -> 11.518643 | N35: =N$31*N11 -> 3.9352274 | ... S35: =S$31*S11 -> 0
F36: 3 | G36: =G$31*G12 -> 0 | H36: =H$31*H12 -> 9.9974855 | I36: =I$31*I12 -> 0 | J36: =J$31*J12 -> -10.0367 | K36: =K$31*K12 -> 0 | L36: =L$31*L12 -> 0 | M36: =M$31*M12 -> 11.518643 | N36: =N$31*N12 -> 3.9352274 | ... S36: =S$31*S12 -> 0
B37: net Job/PJ/Yr | C37: =F56/20 -> 153.82518 | F37: 4 | G37: =G$31*G13 -> 0 | H37: =H$31*H13 -> 9.9974855 | I37: =I$31*I13 -> 0 | J37: =J$31*J13 -> -10.0367 | K37: =K$31*K13 -> 0 | L37: =L$31*L13 -> 0 | M37: =M$31*M13 -> 11.518643 | N37: =N$31*N13 -> 3.9352274 | ... S37: =S$31*S13 -> 0
B38: Job losses | C38: =SUM(I57:I77,J57:J77,K57:K77,L57:L77)/20 -> -511.40843 | F38: 5 | G38: =G$31*G14 -> 0 | H38: =H$31*H14 -> 9.9974855 | I38: =I$31*I14 -> 0 | J38: =J$31*J14 -> -10.0367 | K38: =K$31*K14 -> 0 | L38: =L$31*L14 -> 0 | M38: =M$31*M14 -> 11.518643 | N38: =N$31*N14 -> 3.9352274 | ... S38: =S$31*S14 -> 0
B39: Job gains | C39: =SUM(G57:H77,M57:O77)/20 -> 665.71302 | F39: 6 | G39: =G$31*G15 -> 0 | H39: =H$31*H15 -> 9.9974855 | I39: =I$31*I15 -> 0 | J39: =J$31*J15 -> -10.0367 | K39: =K$31*K15 -> 0 | L39: =L$31*L15 -> 0 | M39: =M$31*M15 -> 11.518643 | N39: =N$31*N15 -> 3.9352274 | ... S39: =S$31*S15 -> 0
F40: 7 | G40: =G$31*G16 -> 0 | H40: =H$31*H16 -> 9.9974855 | I40: =I$31*I16 -> 0 | J40: =J$31*J16 -> -10.0367 | K40: =K$31*K16 -> 0 | L40: =L$31*L16 -> 0 | M40: =M$31*M16 -> 11.518643 | N40: =N$31*N16 -> 3.9352274 | ... S40: =S$31*S16 -> 0
F41: 8 | G41: =G$31*G17 -> 0 | H41: =H$31*H17 -> 9.9974855 | I41: =I$31*I17 -> 0 | J41: =J$31*J17 -> -10.0367 | K41: =K$31*K17 -> 0 | L41: =L$31*L17 -> 0 | M41: =M$31*M17 -> 11.518643 | N41: =N$31*N17 -> 3.9352274 | ... S41: =S$31*S17 -> 0
F42: 9 | G42: =G$31*G18 -> 0 | H42: =H$31*H18 -> 9.9974855 | I42: =I$31*I18 -> 0 | J42: =J$31*J18 -> -10.0367 | K42: =K$31*K18 -> 0 | L42: =L$31*L18 -> 0 | M42: =M$31*M18 -> 11.518643 | N42: =N$31*N18 -> 3.9352274 | ... S42: =S$31*S18 -> 0
F43: 10 | G43: =G$31*G19 -> 0 | H43: =H$31*H19 -> 9.9974855 | I43: =I$31*I19 -> 0 | J43: =J$31*J19 -> -10.0367 | K43: =K$31*K19 -> 0 | L43: =L$31*L19 -> 0 | M43: =M$31*M19 -> 11.518643 | N43: =N$31*N19 -> 3.9352274 | ... S43: =S$31*S19 -> 0
F44: 11 | G44: =G$31*G20 -> 0 | H44: =H$31*H20 -> 9.9974855 | I44: =I$31*I20 -> 0 | J44: =J$31*J20 -> -10.0367 | K44: =K$31*K20 -> 0 | L44: =L$31*L20 -> 0 | M44: =M$31*M20 -> 11.518643 | N44: =N$31*N20 -> 3.9352274 | ... S44: =S$31*S20 -> 0
F45: 12 | G45: =G$31*G21 -> 0 | H45: =H$31*H21 -> 9.9974855 | I45: =I$31*I21 -> 0 | J45: =J$31*J21 -> -10.0367 | K45: =K$31*K21 -> 0 | L45: =L$31*L21 -> 0 | M45: =M$31*M21 -> 11.518643 | N45: =N$31*N21 -> 3.9352274 | ... S45: =S$31*S21 -> 0
F46: 13 | G46: =G$31*G22 -> 0 | H46: =H$31*H22 -> 9.9974855 | I46: =I$31*I22 -> 0 | J46: =J$31*J22 -> -10.0367 | K46: =K$31*K22 -> 0 | L46: =L$31*L22 -> 0 | M46: =M$31*M22 -> 11.518643 | N46: =N$31*N22 -> 3.9352274 | ... S46: =S$31*S22 -> 0
F47: 14 | G47: =G$31*G23 -> 0 | H47: =H$31*H23 -> 9.9974855 | I47: =I$31*I23 -> 0 | J47: =J$31*J23 -> -10.0367 | K47: =K$31*K23 -> 0 | L47: =L$31*L23 -> 0 | M47: =M$31*M23 -> 11.518643 | N47: =N$31*N23 -> 3.9352274 | ... S47: =S$31*S23 -> 0
F48: 15 | G48: =G$31*G24 -> 0 | H48: =H$31*H24 -> 9.9974855 | I48: =I$31*I24 -> 0 | J48: =J$31*J24 -> -10.0367 | K48: =K$31*K24 -> 0 | L48: =L$31*L24 -> 0 | M48: =M$31*M24 -> 11.518643 | N48: =N$31*N24 -> 3.9352274 | ... S48: =S$31*S24 -> 0
F49: 16 | G49: =G$31*G25 -> 0 | H49: =H$31*H25 -> 9.9974855 | I49: =I$31*I25 -> 0 | J49: =J$31*J25 -> -10.0367 | K49: =K$31*K25 -> 0 | L49: =L$31*L25 -> 0 | M49: =M$31*M25 -> 11.518643 | N49: =N$31*N25 -> 3.9352274 | ... S49: =S$31*S25 -> 0
F50: 17 | G50: =G$31*G26 -> 0 | H50: =H$31*H26 -> 9.9974855 | I50: =I$31*I26 -> 0 | J50: =J$31*J26 -> -10.0367 | K50: =K$31*K26 -> 0 | L50: =L$31*L26 -> 0 | M50: =M$31*M26 -> 11.518643 | N50: =N$31*N26 -> 3.9352274 | ... S50: =S$31*S26 -> 0
F51: 18 | G51: =G$31*G27 -> 0 | H51: =H$31*H27 -> 9.9974855 | I51: =I$31*I27 -> 0 | J51: =J$31*J27 -> -10.0367 | K51: =K$31*K27 -> 0 | L51: =L$31*L27 -> 0 | M51: =M$31*M27 -> 11.518643 | N51: =N$31*N27 -> 3.9352274 | ... S51: =S$31*S27 -> 0
... F53: 20 | G53: =G$31*G29 -> 0 | H53: =H$31*H29 -> 9.9974855 | I53: =I$31*I29 -> 0 | J53: =J$31*J29 -> -10.0367 | K53: =K$31*K29 -> 0 | L53: =L$31*L29 -> 0 | M53: =M$31*M29 -> 11.518643 | N53: =N$31*N29 -> 3.9352274 | ... S53: =S$31*S29 -> 0
G55: =$C30*1000*1000/$C29 -> 23.865434 | H55: =$C30*1000*1000/$C29 -> 23.865434 | I55: =$C30*1000*1000/$C29 -> 23.865434 | J55: =$C30*1000*1000/$C29 -> 23.865434 | K55: =$C30*1000*1000/$C29 -> 23.865434 | L55: =$C30*1000*1000/$C29 -> 23.865434 | M55: =$C30*1000*1000/$C29 -> 23.865434 | N55: =$C30*1000*1000/$C29 -> 23.865434 | ... S55: =$C30*1000*1000/$C29 -> 23.865434
F56: =SUM(G57:S77) -> 3076.5037 | G56: In Construction | H56: In Maintenence | I56: Out Equity Payment | J56: Out O&M Payment | K56: Out Fuel Payment | L56: Out Debt Payment | M56: In Debt Repayment | N56: In Equity Repayment | O56: In Domestic Fuel Sales | P56: Out Elec Bills | Q56: Out Elec Bills (fuel component) | R56: In Tariff Revenue | S56: In Tariff Revenue (fuel component)
F57: 0 | G57: =G33*G$55 -> 558.6998 | H57: =H33*H$55 -> 238.59433 | I57: =I33*I$55 -> -1323.6456 | J57: =J33*J$55 -> -239.5302 | K57: =K33*K$55 -> 0 | L57: =L33*L$55 -> -3874.3889 | M57: =M33*M$55 -> 274.89741 | N57: =N33*N$55 -> 93.915908 | ... S57: =S33*S$55 -> 0
F58: 1 | G58: =G34*G$55 -> 0 | H58: =H34*H$55 -> 238.59433 | I58: =I34*I$55 -> 0 | J58: =J34*J$55 -> -239.5302 | K58: =K34*K$55 -> 0 | L58: =L34*L$55 -> 0 | M58: =M34*M$55 -> 274.89741 | N58: =N34*N$55 -> 93.915908 | ... S58: =S34*S$55 -> 0
F59: 2 | G59: =G35*G$55 -> 0 | H59: =H35*H$55 -> 238.59433 | I59: =I35*I$55 -> 0 | J59: =J35*J$55 -> -239.5302 | K59: =K35*K$55 -> 0 | L59: =L35*L$55 -> 0 | M59: =M35*M$55 -> 274.89741 | N59: =N35*N$55 -> 93.915908 | ... S59: =S35*S$55 -> 0
F60: 3 | G60: =G36*G$55 -> 0 | H60: =H36*H$55 -> 238.59433 | I60: =I36*I$55 -> 0 | J60: =J36*J$55 -> -239.5302 | K60: =K36*K$55 -> 0 | L60: =L36*L$55 -> 0 | M60: =M36*M$55 -> 274.89741 | N60: =N36*N$55 -> 93.915908 | ... S60: =S36*S$55 -> 0
F61: 4 | G61: =G37*G$55 -> 0 | H61: =H37*H$55 -> 238.59433 | I61: =I37*I$55 -> 0 | J61: =J37*J$55 -> -239.5302 | K61: =K37*K$55 -> 0 | L61: =L37*L$55 -> 0 | M61: =M37*M$55 -> 274.89741 | N61: =N37*N$55 -> 93.915908 | ... S61: =S37*S$55 -> 0
F62: 5 | G62: =G38*G$55 -> 0 | H62: =H38*H$55 -> 238.59433 | I62: =I38*I$55 -> 0 | J62: =J38*J$55 -> -239.5302 | K62: =K38*K$55 -> 0 | L62: =L38*L$55 -> 0 | M62: =M38*M$55 -> 274.89741 | N62: =N38*N$55 -> 93.915908 | ... S62: =S38*S$55 -> 0
F63: 6 | G63: =G39*G$55 -> 0 | H63: =H39*H$55 -> 238.59433 | I63: =I39*I$55 -> 0 | J63: =J39*J$55 -> -239.5302 | K63: =K39*K$55 -> 0 | L63: =L39*L$55 -> 0 | M63: =M39*M$55 -> 274.89741 | N63: =N39*N$55 -> 93.915908 | ... S63: =S39*S$55 -> 0
F64: 7 | G64: =G40*G$55 -> 0 | H64: =H40*H$55 -> 238.59433 | I64: =I40*I$55 -> 0 | J64: =J40*J$55 -> -239.5302 | K64: =K40*K$55 -> 0 | L64: =L40*L$55 -> 0 | M64: =M40*M$55 -> 274.89741 | N64: =N40*N$55 -> 93.915908 | ... S64: =S40*S$55 -> 0
F65: 8 | G65: =G41*G$55 -> 0 | H65: =H41*H$55 -> 238.59433 | I65: =I41*I$55 -> 0 | J65: =J41*J$55 -> -239.5302 | K65: =K41*K$55 -> 0 | L65: =L41*L$55 -> 0 | M65: =M41*M$55 -> 274.89741 | N65: =N41*N$55 -> 93.915908 | ... S65: =S41*S$55 -> 0
F66: 9 | G66: =G42*G$55 -> 0 | H66: =H42*H$55 -> 238.59433 | I66: =I42*I$55 -> 0 | J66: =J42*J$55 -> -239.5302 | K66: =K42*K$55 -> 0 | L66: =L42*L$55 -> 0 | M66: =M42*M$55 -> 274.89741 | N66: =N42*N$55 -> 93.915908 | ... S66: =S42*S$55 -> 0
F67: 10 | G67: =G43*G$55 -> 0 | H67: =H43*H$55 -> 238.59433 | I67: =I43*I$55 -> 0 | J67: =J43*J$55 -> -239.5302 | K67: =K43*K$55 -> 0 | L67: =L43*L$55 -> 0 | M67: =M43*M$55 -> 274.89741 | N67: =N43*N$55 -> 93.915908 | ... S67: =S43*S$55 -> 0
F68: 11 | G68: =G44*G$55 -> 0 | H68: =H44*H$55 -> 238.59433 | I68: =I44*I$55 -> 0 | J68: =J44*J$55 -> -239.5302 | K68: =K44*K$55 -> 0 | L68: =L44*L$55 -> 0 | M68: =M44*M$55 -> 274.89741 | N68: =N44*N$55 -> 93.915908 | ... S68: =S44*S$55 -> 0
... F77: 20 | G77: =G53*G$55 -> 0 | H77: =H53*H$55 -> 238.59433 | I77: =I53*I$55 -> 0 | J77: =J53*J$55 -> -239.5302 | K77: =K53*K$55 -> 0 | L77: =L53*L$55 -> 0 | M77: =M53*M$55 -> 274.89741 | N77: =N53*N$55 -> 93.915908 | ... S77: =S53*S$55 -> 0

Sheet Offshore Wind
G1: Construction | H1: Maintenence | I1: Elect. (Constr) | J1: Elect.(O&M) | K1: Elec.(Fuel pay) | L1: Fin.(Constr) | M1: Finance | N1: Elec.(Repymnt) | O1: Gas.(Fuel buy) | P1: Electricity Bills a | Q1: Electricity Bills b | R1: Tariff Revenue a | S1: Tariff Revenue b
B2: Generic Power Plant Intervention | D2: Source | G2: GW* | H2: GW* | I2: % Equity* | J2: GW* | K2: 1/Efficiency* | L2: GW* | M2: GW* | N2: GW* | O2: 1/Efficiency* | P2: -Equity repayment | Q2: -Fuel payment | R2: -Equity repayment | S2: -Fuel payment
B3: Fuel Purchases and imports | G3: CapCost* | H3: O&M Cost | I3: GW* | J3: O&M Cost | K3: Fuel Price | L3: CapCost* | M3: CapCost* | N3: CapCost* | O3: Fuel Price* | P3: -Debt repayment | R3: -Debt repayment
B4: PJ Elc out (PJ) | C4: 1 | G4: LocalContent | I4: CapCost | L4: % Borrowed | M4: % Borrowed* | N4: % Equity* | O4: (1-%Import) | P4: -O&M costs | R4: -O&M costs
B5: Efficiency % | C5: 1 | M5: PaymentFactorF | N5: PaymentFactorE
B6: Fuel price (MUSD/PJ) | C6: 0
B7: % import | C7: 1 | D7: Assumed
B8: Capital Cost | G8: In Construction | H8: In Maintenence | I8: Out Equity Payment | J8: Out O&M Payment | K8: Out Fuel Payment | L8: Out Debt Payment | M8: In Debt Repayment | N8: In Equity Repayment | O8: In Domestic Fuel Sales | P8: Out Elec Bills | Q8: Out Elec Bills (fuel component) | R8: In Tariff Revenue | S8: In Tariff Revenue (fuel component)
B9: Cap:Act unit | C9: 31.536 | D9: Calculated | F9: 0 | G9: =C11*C12*C13 -> 26.853664 | H9: =C17 -> 10.276099 | I9: =-C24*C11*C12 -> -67.13416 | J9: =-H9 -> -10.276099 | K9: =-1/C5*C6 -> 0 | L9: =-C11*C12*C20 -> -201.40248 | M9: =C11*C12*C20*C22 -> 14.290001 | N9: =C24*C11*C12*C26 -> 4.7633336 | O9: =1/C5*C6*(1-C7) -> 0 | P9: =-(N9+M9-J9) -> -29.329434 | Q9: =K9 -> 0 | R9: =(N9+M9-J9) -> 29.329434 | S9: =-K9 -> 0
B10: Load factor % | C10: 0.35 | D10: Tunisian utility | F10: 1 | H10: =H9 -> 10.276099 | J10: =J9 -> -10.276099 | K10: =K9 -> 0 | M10: =M9 -> 14.290001 | N10: =N9 -> 4.7633336 | O10: =O9 -> 0 | P10: =-(N10+M10-J10) -> -29.329434 | Q10: =K10 -> 0 | R10: =(N10+M10-J10) -> 29.329434 | S10: =-K10 -> 0
B11: Capacity (GW) | C11: =C4/C10/C9 -> 0.090599406 | D11: Calculated | F11: 2 | H11: =H10 -> 10.276099 | J11: =J10 -> -10.276099 | K11: =K10 -> 0 | M11: =M10 -> 14.290001 | N11: =N10 -> 4.7633336 | O11: =O10 -> 0 | P11: =-(N11+M11-J11) -> -29.329434 | Q11: =K11 -> 0 | R11: =(N11+M11-J11) -> 29.329434 | S11: =-K11 -> 0
B12: CapCost (MUSD/GW) | C12: 2964 | D12: Tunisian utility | F12: 3 | H12: =H11 -> 10.276099 | J12: =J11 -> -10.276099 | K12: =K11 -> 0 | M12: =M11 -> 14.290001 | N12: =N11 -> 4.7633336 | O12: =O11 -> 0 | P12: =-(N12+M12-J12) -> -29.329434 | Q12: =K12 -> 0 | R12: =(N12+M12-J12) -> 29.329434 | S12: =-K12 -> 0
B13: Local content % | C13: 0.1 | D13: Assumed | F13: 4 | H13: =H12 -> 10.276099 | J13: =J12 -> -10.276099 | K13: =K12 -> 0 | M13: =M12 -> 14.290001 | N13: =N12 -> 4.7633336 | O13: =O12 -> 0 | P13: =-(N13+M13-J13) -> -29.329434 | Q13: =K13 -> 0 | R13: =(N13+M13-J13) -> 29.329434 | S13: =-K13 -> 0
B14: O&M Costs | F14: 5 | H14: =H13 -> 10.276099 | J14: =J13 -> -10.276099 | K14: =K13 -> 0 | M14: =M13 -> 14.290001 | N14: =N13 -> 4.7633336 | O14: =O13 -> 0 | P14: =-(N14+M14-J14) -> -29.329434 | Q14: =K14 -> 0 | R14: =(N14+M14-J14) -> 29.329434 | S14: =-K14 -> 0
B15: Fixed O&M costs (MUSD/GW) | C15: 88.92 | D15: Tunisian utility | F15: 6 | H15: =H14 -> 10.276099 | J15: =J14 -> -10.276099 | K15: =K14 -> 0 | M15: =M14 -> 14.290001 | N15: =N14 -> 4.7633336 | O15: =O14 -> 0 | P15: =-(N15+M15-J15) -> -29.329434 | Q15: =K15 -> 0 | R15: =(N15+M15-J15) -> 29.329434 | S15: =-K15 -> 0
B16: Variable O&M costs (MUSD/GJ) | C16: 2.22 | D16: Tunisian utility | F16: 7 | H16: =H15 -> 10.276099 | J16: =J15 -> -10.276099 | K16: =K15 -> 0 | M16: =M15 -> 14.290001 | N16: =N15 -> 4.7633336 | O16: =O15 -> 0 | P16: =-(N16+M16-J16) -> -29.329434 | Q16: =K16 -> 0 | R16: =(N16+M16-J16) -> 29.329434 | S16: =-K16 -> 0
B17: Total O&M Costs (MUSD/PJ) | C17: =C16+C15*C11 -> 10.276099 | F17: 8 | H17: =H16 -> 10.276099 | J17: =J16 -> -10.276099 | K17: =K16 -> 0 | M17: =M16 -> 14.290001 | N17: =N16 -> 4.7633336 | O17: =O16 -> 0 | P17: =-(N17+M17-J17) -> -29.329434 | Q17: =K17 -> 0 | R17: =(N17+M17-J17) -> 29.329434 | S17: =-K17 -> 0
B18: Repayment - Finance | F18: 9 | H18: =H17 -> 10.276099 | J18: =J17 -> -10.276099 | K18: =K17 -> 0 | M18: =M17 -> 14.290001 | N18: =N17 -> 4.7633336 | O18: =O17 -> 0 | P18: =-(N18+M18-J18) -> -29.329434 | Q18: =K18 -> 0 | R18: =(N18+M18-J18) -> 29.329434 | S18: =-K18 -> 0
B19: Econ life (Years) | C19: 25 | D19: Tunisian utility | F19: 10 | H19: =H18 -> 10.276099 | J19: =J18 -> -10.276099 | K19: =K18 -> 0 | M19: =M18 -> 14.290001 | N19: =N18 -> 4.7633336 | O19: =O18 -> 0 | P19: =-(N19+M19-J19) -> -29.329434 | Q19: =K19 -> 0 | R19: =(N19+M19-J19) -> 29.329434 | S19: =-K19 -> 0
B20: % borrowed | C20: 0.75 | D20: Assumed | F20: 11 | H20: =H19 -> 10.276099 | J20: =J19 -> -10.276099 | K20: =K19 -> 0 | M20: =M19 -> 14.290001 | N20: =N19 -> 4.7633336 | O20: =O19 -> 0 | P20: =-(N20+M20-J20) -> -29.329434 | Q20: =K20 -> 0 | R20: =(N20+M20-J20) -> 29.329434 | S20: =-K20 -> 0
B21: Intereste rate | C21: 0.05 | D21: Assumed | F21: 12 | H21: =H20 -> 10.276099 | J21: =J20 -> -10.276099 | K21: =K20 -> 0 | M21: =M20 -> 14.290001 | N21: =N20 -> 4.7633336 | O21: =O20 -> 0 | P21: =-(N21+M21-J21) -> -29.329434 | Q21: =K21 -> 0 | R21: =(N21+M21-J21) -> 29.329434 | S21: =-K21 -> 0
B22: Payment factor F | C22: =-PMT(C21,C$19,1) -> 0.070952457 | D22: Calculated | F22: 13 | H22: =H21 -> 10.276099 | J22: =J21 -> -10.276099 | K22: =K21 -> 0 | M22: =M21 -> 14.290001 | N22: =N21 -> 4.7633336 | O22: =O21 -> 0 | P22: =-(N22+M22-J22) -> -29.329434 | Q22: =K22 -> 0 | R22: =(N22+M22-J22) -> 29.329434 | S22: =-K22 -> 0
B23: Repayment - Electricity company | F23: 14 | H23: =H22 -> 10.276099 | J23: =J22 -> -10.276099 | K23: =K22 -> 0 | M23: =M22 -> 14.290001 | N23: =N22 -> 4.7633336 | O23: =O22 -> 0 | P23: =-(N23+M23-J23) -> -29.329434 | Q23: =K23 -> 0 | R23: =(N23+M23-J23) -> 29.329434 | S23: =-K23 -> 0
B24: % equity | C24: 0.25 | D24: Assumed | F24: 15 | H24: =H23 -> 10.276099 | J24: =J23 -> -10.276099 | K24: =K23 -> 0 | M24: =M23 -> 14.290001 | N24: =N23 -> 4.7633336 | O24: =O23 -> 0 | P24: =-(N24+M24-J24) -> -29.329434 | Q24: =K24 -> 0 | R24: =(N24+M24-J24) -> 29.329434 | S24: =-K24 -> 0
B25: Interest rate | C25: 0.05 | D25: Assumed | F25: 16 | H25: =H24 -> 10.276099 | J25: =J24 -> -10.276099 | K25: =K24 -> 0 | M25: =M24 -> 14.290001 | N25: =N24 -> 4.7633336 | O25: =O24 -> 0 | P25: =-(N25+M25-J25) -> -29.329434 | Q25: =K25 -> 0 | R25: =(N25+M25-J25) -> 29.329434 | S25: =-K25 -> 0
B26: Payment factor E | C26: =-PMT(C25,C$19,1) -> 0.070952457 | D26: Assumed | F26: 17 | H26: =H25 -> 10.276099 | J26: =J25 -> -10.276099 | K26: =K25 -> 0 | M26: =M25 -> 14.290001 | N26: =N25 -> 4.7633336 | O26: =O25 -> 0 | P26: =-(N26+M26-J26) -> -29.329434 | Q26: =K26 -> 0 | R26: =(N26+M26-J26) -> 29.329434 | S26: =-K26 -> 0
B27: Global Assumptions | F27: 18 | H27: =H26 -> 10.276099 | J27: =J26 -> -10.276099 | K27: =K26 -> 0 | M27: =M26 -> 14.290001 | N27: =N26 -> 4.7633336 | O27: =O26 -> 0 | P27: =-(N27+M27-J27) -> -29.329434 | Q27: =K27 -> 0 | R27: =(N27+M27-J27) -> 29.329434 | S27: =-K27 -> 0
B28: Assumed Average Wage (TND) | C28: 32876 | D28: Assumed | F28: 19 | H28: =H27 -> 10.276099 | J28: =J27 -> -10.276099 | K28: =K27 -> 0 | M28: =M27 -> 14.290001 | N28: =N27 -> 4.7633336 | O28: =O27 -> 0 | P28: =-(N28+M28-J28) -> -29.329434 | Q28: =K28 -> 0 | R28: =(N28+M28-J28) -> 29.329434 | S28: =-K28 -> 0
B29: Assumed Average Wage (USD) | C29: =C28/1.9615 -> 16760.642 | D29: Average exchange rate 2015 | F29: 20 | H29: =H28 -> 10.276099 | J29: =J28 -> -10.276099 | K29: =K28 -> 0 | M29: =M28 -> 14.290001 | N29: =N28 -> 4.7633336 | O29: =O28 -> 0 | P29: =-(N29+M29-J29) -> -29.329434 | Q29: =K29 -> 0 | R29: =(N29+M29-J29) -> 29.329434 | S29: =-K29 -> 0
B30: Wage share of value added % | C30: 0.4 | D30: Assumed
B31: Tariff (USD/kWh) | C31: 0.07 | D31: Res4Med | G31: ='Leontief Inverse'!W39 -> 1.6071591 | H31: ='Leontief Inverse'!U39 -> 1.517092 | I31: ='Leontief Inverse'!V39 -> 1.5230427 | J31: =I31 -> 1.5230427 | K31: =J31 -> 1.5230427 | L31: ='Leontief Inverse'!AD39 -> 1.486012 | M31: ='Leontief Inverse'!AD39 -> 1.486012 | N31: ='Leontief Inverse'!V39 -> 1.5230427 | O31: =N31 -> 1.5230427 | P31: ='IO Table 2015 OECD'!B103 -> 1.524173 | Q31: =P31 -> 1.524173 | R31: ='Leontief Inverse'!V39 -> 1.5230427 | S31: =R31 -> 1.5230427
C32: 1 | D32: PJ | F32: =SUM(G33:S53) -> 237.9304 | G32: In Construction | H32: In Maintenence | I32: Out Equity Payment | J32: Out O&M Payment | K32: Out Fuel Payment | L32: Out Debt Payment | M32: In Debt Repayment | N32: In Equity Repayment | O32: In Domestic Fuel Sales | P32: Out Elec Bills | Q32: Out Elec Bills (fuel component) | R32: In Tariff Revenue | S32: In Tariff Revenue (fuel component)
C33: 277777 | D33: MWh | F33: 0 | G33: =G$31*G9 -> 43.15811 | H33: =H$31*H9 -> 15.589788 | I33: =I$31*I9 -> -102.24819 | J33: =J$31*J9 -> -15.650937 | K33: =K$31*K9 -> 0 | L33: =L$31*L9 -> -299.28649 | M33: =M$31*M9 -> 21.235112 | N33: =N$31*N9 -> 7.2547603 | ... S33: =S$31*S9 -> 0
F34: 1 | G34: =G$31*G10 -> 0 | H34: =H$31*H10 -> 15.589788 | I34: =I$31*I10 -> 0 | J34: =J$31*J10 -> -15.650937 | K34: =K$31*K10 -> 0 | L34: =L$31*L10 -> 0 | M34: =M$31*M10 -> 21.235112 | N34: =N$31*N10 -> 7.2547603 | ... S34: =S$31*S10 -> 0
F35: 2 | G35: =G$31*G11 -> 0 | H35: =H$31*H11 -> 15.589788 | I35: =I$31*I11 -> 0 | J35: =J$31*J11 -> -15.650937 | K35: =K$31*K11 -> 0 | L35: =L$31*L11 -> 0 | M35: =M$31*M11 -> 21.235112 | N35: =N$31*N11 -> 7.2547603 | ... S35: =S$31*S11 -> 0
F36: 3 | G36: =G$31*G12 -> 0 | H36: =H$31*H12 -> 15.589788 | I36: =I$31*I12 -> 0 | J36: =J$31*J12 -> -15.650937 | K36: =K$31*K12 -> 0 | L36: =L$31*L12 -> 0 | M36: =M$31*M12 -> 21.235112 | N36: =N$31*N12 -> 7.2547603 | ... S36: =S$31*S12 -> 0
B37: net Job/PJ/Yr | C37: =F56/20 -> 283.91561 | F37: 4 | G37: =G$31*G13 -> 0 | H37: =H$31*H13 -> 15.589788 | I37: =I$31*I13 -> 0 | J37: =J$31*J13 -> -15.650937 | K37: =K$31*K13 -> 0 | L37: =L$31*L13 -> 0 | M37: =M$31*M13 -> 21.235112 | N37: =N$31*N13 -> 7.2547603 | ... S37: =S$31*S13 -> 0
B38: Job losses | C38: =SUM(I57:I77,J57:J77,K57:K77,L57:L77)/20 -> -871.3322 | F38: 5 | G38: =G$31*G14 -> 0 | H38: =H$31*H14 -> 15.589788 | I38: =I$31*I14 -> 0 | J38: =J$31*J14 -> -15.650937 | K38: =K$31*K14 -> 0 | L38: =L$31*L14 -> 0 | M38: =M$31*M14 -> 21.235112 | N38: =N$31*N14 -> 7.2547603 | ... S38: =S$31*S14 -> 0
B39: Job gains | C39: =SUM(G57:H77,M57:O77)/20 -> 1156.0786 | F39: 6 | G39: =G$31*G15 -> 0 | H39: =H$31*H15 -> 15.589788 | I39: =I$31*I15 -> 0 | J39: =J$31*J15 -> -15.650937 | K39: =K$31*K15 -> 0 | L39: =L$31*L15 -> 0 | M39: =M$31*M15 -> 21.235112 | N39: =N$31*N15 -> 7.2547603 | ... S39: =S$31*S15 -> 0
F40: 7 | G40: =G$31*G16 -> 0 | H40: =H$31*H16 -> 15.589788 | I40: =I$31*I16 -> 0 | J40: =J$31*J16 -> -15.650937 | K40: =K$31*K16 -> 0 | L40: =L$31*L16 -> 0 | M40: =M$31*M16 -> 21.235112 | N40: =N$31*N16 -> 7.2547603 | ... S40: =S$31*S16 -> 0
F41: 8 | G41: =G$31*G17 -> 0 | H41: =H$31*H17 -> 15.589788 | I41: =I$31*I17 -> 0 | J41: =J$31*J17 -> -15.650937 | K41: =K$31*K17 -> 0 | L41: =L$31*L17 -> 0 | M41: =M$31*M17 -> 21.235112 | N41: =N$31*N17 -> 7.2547603 | ... S41: =S$31*S17 -> 0
F42: 9 | G42: =G$31*G18 -> 0 | H42: =H$31*H18 -> 15.589788 | I42: =I$31*I18 -> 0 | J42: =J$31*J18 -> -15.650937 | K42: =K$31*K18 -> 0 | L42: =L$31*L18 -> 0 | M42: =M$31*M18 -> 21.235112 | N42: =N$31*N18 -> 7.2547603 | ... S42: =S$31*S18 -> 0
F43: 10 | G43: =G$31*G19 -> 0 | H43: =H$31*H19 -> 15.589788 | I43: =I$31*I19 -> 0 | J43: =J$31*J19 -> -15.650937 | K43: =K$31*K19 -> 0 | L43: =L$31*L19 -> 0 | M43: =M$31*M19 -> 21.235112 | N43: =N$31*N19 -> 7.2547603 | ... S43: =S$31*S19 -> 0
F44: 11 | G44: =G$31*G20 -> 0 | H44: =H$31*H20 -> 15.589788 | I44: =I$31*I20 -> 0 | J44: =J$31*J20 -> -15.650937 | K44: =K$31*K20 -> 0 | L44: =L$31*L20 -> 0 | M44: =M$31*M20 -> 21.235112 | N44: =N$31*N20 -> 7.2547603 | ... S44: =S$31*S20 -> 0
F45: 12 | G45: =G$31*G21 -> 0 | H45: =H$31*H21 -> 15.589788 | I45: =I$31*I21 -> 0 | J45: =J$31*J21 -> -15.650937 | K45: =K$31*K21 -> 0 | L45: =L$31*L21 -> 0 | M45: =M$31*M21 -> 21.235112 | N45: =N$31*N21 -> 7.2547603 | ... S45: =S$31*S21 -> 0
F46: 13 | G46: =G$31*G22 -> 0 | H46: =H$31*H22 -> 15.589788 | I46: =I$31*I22 -> 0 | J46: =J$31*J22 -> -15.650937 | K46: =K$31*K22 -> 0 | L46: =L$31*L22 -> 0 | M46: =M$31*M22 -> 21.235112 | N46: =N$31*N22 -> 7.2547603 | ... S46: =S$31*S22 -> 0
F47: 14 | G47: =G$31*G23 -> 0 | H47: =H$31*H23 -> 15.589788 | I47: =I$31*I23 -> 0 | J47: =J$31*J23 -> -15.650937 | K47: =K$31*K23 -> 0 | L47: =L$31*L23 -> 0 | M47: =M$31*M23 -> 21.235112 | N47: =N$31*N23 -> 7.2547603 | ... S47: =S$31*S23 -> 0
F48: 15 | G48: =G$31*G24 -> 0 | H48: =H$31*H24 -> 15.589788 | I48: =I$31*I24 -> 0 | J48: =J$31*J24 -> -15.650937 | K48: =K$31*K24 -> 0 | L48: =L$31*L24 -> 0 | M48: =M$31*M24 -> 21.235112 | N48: =N$31*N24 -> 7.2547603 | ... S48: =S$31*S24 -> 0
F49: 16 | G49: =G$31*G25 -> 0 | H49: =H$31*H25 -> 15.589788 | I49: =I$31*I25 -> 0 | J49: =J$31*J25 -> -15.650937 | K49: =K$31*K25 -> 0 | L49: =L$31*L25 -> 0 | M49: =M$31*M25 -> 21.235112 | N49: =N$31*N25 -> 7.2547603 | ... S49: =S$31*S25 -> 0
F50: 17 | G50: =G$31*G26 -> 0 | H50: =H$31*H26 -> 15.589788 | I50: =I$31*I26 -> 0 | J50: =J$31*J26 -> -15.650937 | K50: =K$31*K26 -> 0 | L50: =L$31*L26 -> 0 | M50: =M$31*M26 -> 21.235112 | N50: =N$31*N26 -> 7.2547603 | ... S50: =S$31*S26 -> 0
F51: 18 | G51: =G$31*G27 -> 0 | H51: =H$31*H27 -> 15.589788 | I51: =I$31*I27 -> 0 | J51: =J$31*J27 -> -15.650937 | K51: =K$31*K27 -> 0 | L51: =L$31*L27 -> 0 | M51: =M$31*M27 -> 21.235112 | N51: =N$31*N27 -> 7.2547603 | ... S51: =S$31*S27 -> 0
... F53: 20 | G53: =G$31*G29 -> 0 | H53: =H$31*H29 -> 15.589788 | I53: =I$31*I29 -> 0 | J53: =J$31*J29 -> -15.650937 | K53: =K$31*K29 -> 0 | L53: =L$31*L29 -> 0 | M53: =M$31*M29 -> 21.235112 | N53: =N$31*N29 -> 7.2547603 | ... S53: =S$31*S29 -> 0
G55: =$C30*1000*1000/$C29 -> 23.865434 | H55: =$C30*1000*1000/$C29 -> 23.865434 | I55: =$C30*1000*1000/$C29 -> 23.865434 | J55: =$C30*1000*1000/$C29 -> 23.865434 | K55: =$C30*1000*1000/$C29 -> 23.865434 | L55: =$C30*1000*1000/$C29 -> 23.865434 | M55: =$C30*1000*1000/$C29 -> 23.865434 | N55: =$C30*1000*1000/$C29 -> 23.865434 | ... S55: =$C30*1000*1000/$C29 -> 23.865434
F56: =SUM(G57:S77) -> 5678.3121 | G56: In Construction | H56: In Maintenence | I56: Out Equity Payment | J56: Out O&M Payment | K56: Out Fuel Payment | L56: Out Debt Payment | M56: In Debt Repayment | N56: In Equity Repayment | O56: In Domestic Fuel Sales | P56: Out Elec Bills | Q56: Out Elec Bills (fuel component) | R56: In Tariff Revenue | S56: In Tariff Revenue (fuel component)
F57: 0 | G57: =G33*G$55 -> 1029.987 | H57: =H33*H$55 -> 372.05705 | I57: =I33*I$55 -> -2440.1974 | J57: =J33*J$55 -> -373.51641 | K57: =K33*K$55 -> 0 | L57: =L33*L$55 -> -7142.602 | M57: =M33*M$55 -> 506.78516 | N57: =N33*N$55 -> 173.138 | ... S57: =S33*S$55 -> 0
F58: 1 | G58: =G34*G$55 -> 0 | H58: =H34*H$55 -> 372.05705 | I58: =I34*I$55 -> 0 | J58: =J34*J$55 -> -373.51641 | K58: =K34*K$55 -> 0 | L58: =L34*L$55 -> 0 | M58: =M34*M$55 -> 506.78516 | N58: =N34*N$55 -> 173.138 | ... S58: =S34*S$55 -> 0
F59: 2 | G59: =G35*G$55 -> 0 | H59: =H35*H$55 -> 372.05705 | I59: =I35*I$55 -> 0 | J59: =J35*J$55 -> -373.51641 | K59: =K35*K$55 -> 0 | L59: =L35*L$55 -> 0 | M59: =M35*M$55 -> 506.78516 | N59: =N35*N$55 -> 173.138 | ... S59: =S35*S$55 -> 0
F60: 3 | G60: =G36*G$55 -> 0 | H60: =H36*H$55 -> 372.05705 | I60: =I36*I$55 -> 0 | J60: =J36*J$55 -> -373.51641 | K60: =K36*K$55 -> 0 | L60: =L36*L$55 -> 0 | M60: =M36*M$55 -> 506.78516 | N60: =N36*N$55 -> 173.138 | ... S60: =S36*S$55 -> 0
F61: 4 | G61: =G37*G$55 -> 0 | H61: =H37*H$55 -> 372.05705 | I61: =I37*I$55 -> 0 | J61: =J37*J$55 -> -373.51641 | K61: =K37*K$55 -> 0 | L61: =L37*L$55 -> 0 | M61: =M37*M$55 -> 506.78516 | N61: =N37*N$55 -> 173.138 | ... S61: =S37*S$55 -> 0
F62: 5 | G62: =G38*G$55 -> 0 | H62: =H38*H$55 -> 372.05705 | I62: =I38*I$55 -> 0 | J62: =J38*J$55 -> -373.51641 | K62: =K38*K$55 -> 0 | L62: =L38*L$55 -> 0 | M62: =M38*M$55 -> 506.78516 | N62: =N38*N$55 -> 173.138 | ... S62: =S38*S$55 -> 0
F63: 6 | G63: =G39*G$55 -> 0 | H63: =H39*H$55 -> 372.05705 | I63: =I39*I$55 -> 0 | J63: =J39*J$55 -> -373.51641 | K63: =K39*K$55 -> 0 | L63: =L39*L$55 -> 0 | M63: =M39*M$55 -> 506.78516 | N63: =N39*N$55 -> 173.138 | ... S63: =S39*S$55 -> 0
F64: 7 | G64: =G40*G$55 -> 0 | H64: =H40*H$55 -> 372.05705 | I64: =I40*I$55 -> 0 | J64: =J40*J$55 -> -373.51641 | K64: =K40*K$55 -> 0 | L64: =L40*L$55 -> 0 | M64: =M40*M$55 -> 506.78516 | N64: =N40*N$55 -> 173.138 | ... S64: =S40*S$55 -> 0
F65: 8 | G65: =G41*G$55 -> 0 | H65: =H41*H$55 -> 372.05705 | I65: =I41*I$55 -> 0 | J65: =J41*J$55 -> -373.51641 | K65: =K41*K$55 -> 0 | L65: =L41*L$55 -> 0 | M65: =M41*M$55 -> 506.78516 | N65: =N41*N$55 -> 173.138 | ... S65: =S41*S$55 -> 0
F66: 9 | G66: =G42*G$55 -> 0 | H66: =H42*H$55 -> 372.05705 | I66: =I42*I$55 -> 0 | J66: =J42*J$55 -> -373.51641 | K66: =K42*K$55 -> 0 | L66: =L42*L$55 -> 0 | M66: =M42*M$55 -> 506.78516 | N66: =N42*N$55 -> 173.138 | ... S66: =S42*S$55 -> 0
F67: 10 | G67: =G43*G$55 -> 0 | H67: =H43*H$55 -> 372.05705 | I67: =I43*I$55 -> 0 | J67: =J43*J$55 -> -373.51641 | K67: =K43*K$55 -> 0 | L67: =L43*L$55 -> 0 | M67: =M43*M$55 -> 506.78516 | N67: =N43*N$55 -> 173.138 | ... S67: =S43*S$55 -> 0
F68: 11 | G68: =G44*G$55 -> 0 | H68: =H44*H$55 -> 372.05705 | I68: =I44*I$55 -> 0 | J68: =J44*J$55 -> -373.51641 | K68: =K44*K$55 -> 0 | L68: =L44*L$55 -> 0 | M68: =M44*M$55 -> 506.78516 | N68: =N44*N$55 -> 173.138 | ... S68: =S44*S$55 -> 0
... F77: 20 | G77: =G53*G$55 -> 0 | H77: =H53*H$55 -> 372.05705 | I77: =I53*I$55 -> 0 | J77: =J53*J$55 -> -373.51641 | K77: =K53*K$55 -> 0 | L77: =L53*L$55 -> 0 | M77: =M53*M$55 -> 506.78516 | N77: =N53*N$55 -> 173.138 | ... S77: =S53*S$55 -> 0

Sheet Wind autoproduction
G1: Construction | H1: Maintenence | I1: Elect. (Constr) | J1: Elect.(O&M) | K1: Elec.(Fuel pay) | L1: Fin.(Constr) | M1: Finance | N1: Elec.(Repymnt) | O1: Gas.(Fuel buy) | P1: Electricity Bills a | Q1: Electricity Bills b | R1: Tariff Revenue a | S1: Tariff Revenue b
B2: Generic Power Plant Intervention | D2: Source | G2: GW* | H2: GW* | I2: % Equity* | J2: GW* | K2: 1/Efficiency* | L2: GW* | M2: GW* | N2: GW* | O2: 1/Efficiency* | P2: -Equity repayment | Q2: -Fuel payment | R2: -Equity repayment | S2: -Fuel payment
B3: Fuel Purchases and imports | G3: CapCost* | H3: O&M Cost | I3: GW* | J3: O&M Cost | K3: Fuel Price | L3: CapCost* | M3: CapCost* | N3: CapCost* | O3: Fuel Price* | P3: -Debt repayment | R3: -Debt repayment
B4: PJ Elc out (PJ) | C4: 1 | G4: LocalContent | I4: CapCost | L4: % Borrowed | M4: % Borrowed* | N4: % Equity* | O4: (1-%Import) | P4: -O&M costs | R4: -O&M costs
B5: Efficiency % | C5: 1 | M5: PaymentFactorF | N5: PaymentFactorE
B6: Fuel price (MUSD/PJ) | C6: 0
B7: % import | C7: 1 | D7: Assumed
B8: Capital Cost | G8: In Construction | H8: In Maintenence | I8: Out Equity Payment | J8: Out O&M Payment | K8: Out Fuel Payment | L8: Out Debt Payment | M8: In Debt Repayment | N8: In Equity Repayment | O8: In Domestic Fuel Sales | P8: Out Elec Bills | Q8: Out Elec Bills (fuel component) | R8: In Tariff Revenue | S8: In Tariff Revenue (fuel component)
B9: Cap:Act unit | C9: 31.536 | D9: Calculated | F9: 0 | G9: =C11*C12*C13 -> 14.566336 | H9: =C17 -> 6.5899007 | I9: =-C24*C11*C12 -> -36.415839 | J9: =-H9 -> -6.5899007 | K9: =-1/C5*C6 -> 0 | L9: =-C11*C12*C20 -> -109.24752 | M9: =C11*C12*C20*C22 -> 7.7513798 | N9: =C24*C11*C12*C26 -> 2.5837933 | O9: =1/C5*C6*(1-C7) -> 0 | P9: =-(N9+M9-J9) -> -16.925074 | Q9: =K9 -> 0 | R9: =(N9+M9-J9) -> 16.925074 | S9: =-K9 -> 0
B10: Load factor % | C10: 0.283 | D10: Tunisian utility | F10: 1 | H10: =H9 -> 6.5899007 | J10: =J9 -> -6.5899007 | K10: =K9 -> 0 | M10: =M9 -> 7.7513798 | N10: =N9 -> 2.5837933 | O10: =O9 -> 0 | P10: =-(N10+M10-J10) -> -16.925074 | Q10: =K10 -> 0 | R10: =(N10+M10-J10) -> 16.925074 | S10: =-K10 -> 0
B11: Capacity (GW) | C11: =C4/C10/C9 -> 0.11204873 | D11: Calculated | F11: 2 | H11: =H10 -> 6.5899007 | J11: =J10 -> -6.5899007 | K11: =K10 -> 0 | M11: =M10 -> 7.7513798 | N11: =N10 -> 2.5837933 | O11: =O10 -> 0 | P11: =-(N11+M11-J11) -> -16.925074 | Q11: =K11 -> 0 | R11: =(N11+M11-J11) -> 16.925074 | S11: =-K11 -> 0
B12: CapCost (MUSD/GW) | C12: 1300 | D12: Tunisian utility | F12: 3 | H12: =H11 -> 6.5899007 | J12: =J11 -> -6.5899007 | K12: =K11 -> 0 | M12: =M11 -> 7.7513798 | N12: =N11 -> 2.5837933 | O12: =O11 -> 0 | P12: =-(N12+M12-J12) -> -16.925074 | Q12: =K12 -> 0 | R12: =(N12+M12-J12) -> 16.925074 | S12: =-K12 -> 0
B13: Local content % | C13: 0.1 | D13: Assumed | F13: 4 | H13: =H12 -> 6.5899007 | J13: =J12 -> -6.5899007 | K13: =K12 -> 0 | M13: =M12 -> 7.7513798 | N13: =N12 -> 2.5837933 | O13: =O12 -> 0 | P13: =-(N13+M13-J13) -> -16.925074 | Q13: =K13 -> 0 | R13: =(N13+M13-J13) -> 16.925074 | S13: =-K13 -> 0
B14: O&M Costs | F14: 5 | H14: =H13 -> 6.5899007 | J14: =J13 -> -6.5899007 | K14: =K13 -> 0 | M14: =M13 -> 7.7513798 | N14: =N13 -> 2.5837933 | O14: =O13 -> 0 | P14: =-(N14+M14-J14) -> -16.925074 | Q14: =K14 -> 0 | R14: =(N14+M14-J14) -> 16.925074 | S14: =-K14 -> 0
B15: Fixed O&M costs (MUSD/GW) | C15: 39 | D15: Tunisian utility | F15: 6 | H15: =H14 -> 6.5899007 | J15: =J14 -> -6.5899007 | K15: =K14 -> 0 | M15: =M14 -> 7.7513798 | N15: =N14 -> 2.5837933 | O15: =O14 -> 0 | P15: =-(N15+M15-J15) -> -16.925074 | Q15: =K15 -> 0 | R15: =(N15+M15-J15) -> 16.925074 | S15: =-K15 -> 0
B16: Variable O&M costs (MUSD/GJ) | C16: 2.22 | D16: Tunisian utility
B17: Total O&M Costs (MUSD/PJ) | C17: =C16+C15*C11 -> 6.5899007 | F17: 7 | H17: =H15 -> 6.5899007 | J17: =J15 -> -6.5899007 | K17: =K15 -> 0 | M17: =M15 -> 7.7513798 | N17: =N15 -> 2.5837933 | O17: =O15 -> 0 | P17: =-(N17+M17-J17) -> -16.925074 | Q17: =K17 -> 0 | R17: =(N17+M17-J17) -> 16.925074 | S17: =-K17 -> 0
B18: Repayment - Finance | F18: 8 | H18: =H17 -> 6.5899007 | J18: =J17 -> -6.5899007 | K18: =K17 -> 0 | M18: =M17 -> 7.7513798 | N18: =N17 -> 2.5837933 | O18: =O17 -> 0 | P18: =-(N18+M18-J18) -> -16.925074 | Q18: =K18 -> 0 | R18: =(N18+M18-J18) -> 16.925074 | S18: =-K18 -> 0
B19: Econ life (Years) | C19: 25 | D19: Tunisian utility | F19: 9 | H19: =H18 -> 6.5899007 | J19: =J18 -> -6.5899007 | K19: =K18 -> 0 | M19: =M18 -> 7.7513798 | N19: =N18 -> 2.5837933 | O19: =O18 -> 0 | P19: =-(N19+M19-J19) -> -16.925074 | Q19: =K19 -> 0 | R19: =(N19+M19-J19) -> 16.925074 | S19: =-K19 -> 0
B20: % borrowed | C20: 0.75 | D20: Assumed | F20: 10 | H20: =H19 -> 6.5899007 | J20: =J19 -> -6.5899007 | K20: =K19 -> 0 | M20: =M19 -> 7.7513798 | N20: =N19 -> 2.5837933 | O20: =O19 -> 0 | P20: =-(N20+M20-J20) -> -16.925074 | Q20: =K20 -> 0 | R20: =(N20+M20-J20) -> 16.925074 | S20: =-K20 -> 0
B21: Intereste rate | C21: 0.05 | D21: Assumed | F21: 11 | H21: =H20 -> 6.5899007 | J21: =J20 -> -6.5899007 | K21: =K20 -> 0 | M21: =M20 -> 7.7513798 | N21: =N20 -> 2.5837933 | O21: =O20 -> 0 | P21: =-(N21+M21-J21) -> -16.925074 | Q21: =K21 -> 0 | R21: =(N21+M21-J21) -> 16.925074 | S21: =-K21 -> 0
B22: Payment factor F | C22: =-PMT(C21,C$19,1) -> 0.070952457 | D22: Calculated | F22: 12 | H22: =H21 -> 6.5899007 | J22: =J21 -> -6.5899007 | K22: =K21 -> 0 | M22: =M21 -> 7.7513798 | N22: =N21 -> 2.5837933 | O22: =O21 -> 0 | P22: =-(N22+M22-J22) -> -16.925074 | Q22: =K22 -> 0 | R22: =(N22+M22-J22) -> 16.925074 | S22: =-K22 -> 0
B23: Repayment - Electricity company | F23: 13 | H23: =H22 -> 6.5899007 | J23: =J22 -> -6.5899007 | K23: =K22 -> 0 | M23: =M22 -> 7.7513798 | N23: =N22 -> 2.5837933 | O23: =O22 -> 0 | P23: =-(N23+M23-J23) -> -16.925074 | Q23: =K23 -> 0 | R23: =(N23+M23-J23) -> 16.925074 | S23: =-K23 -> 0
B24: % equity | C24: 0.25 | D24: Assumed | F24: 14 | H24: =H23 -> 6.5899007 | J24: =J23 -> -6.5899007 | K24: =K23 -> 0 | M24: =M23 -> 7.7513798 | N24: =N23 -> 2.5837933 | O24: =O23 -> 0 | P24: =-(N24+M24-J24) -> -16.925074 | Q24: =K24 -> 0 | R24: =(N24+M24-J24) -> 16.925074 | S24: =-K24 -> 0
B25: Interest rate | C25: 0.05 | D25: Assumed | F25: 15 | H25: =H24 -> 6.5899007 | J25: =J24 -> -6.5899007 | K25: =K24 -> 0 | M25: =M24 -> 7.7513798 | N25: =N24 -> 2.5837933 | O25: =O24 -> 0 | P25: =-(N25+M25-J25) -> -16.925074 | Q25: =K25 -> 0 | R25: =(N25+M25-J25) -> 16.925074 | S25: =-K25 -> 0
B26: Payment factor E | C26: =-PMT(C25,C$19,1) -> 0.070952457 | D26: Assumed | F26: 16 | H26: =H25 -> 6.5899007 | J26: =J25 -> -6.5899007 | K26: =K25 -> 0 | M26: =M25 -> 7.7513798 | N26: =N25 -> 2.5837933 | O26: =O25 -> 0 | P26: =-(N26+M26-J26) -> -16.925074 | Q26: =K26 -> 0 | R26: =(N26+M26-J26) -> 16.925074 | S26: =-K26 -> 0
B27: Global Assumptions | F27: 17 | H27: =H26 -> 6.5899007 | J27: =J26 -> -6.5899007 | K27: =K26 -> 0 | M27: =M26 -> 7.7513798 | N27: =N26 -> 2.5837933 | O27: =O26 -> 0 | P27: =-(N27+M27-J27) -> -16.925074 | Q27: =K27 -> 0 | R27: =(N27+M27-J27) -> 16.925074 | S27: =-K27 -> 0
B28: Assumed Average Wage (TND) | C28: 32876 | D28: Assumed | F28: 18 | H28: =H27 -> 6.5899007 | J28: =J27 -> -6.5899007 | K28: =K27 -> 0 | M28: =M27 -> 7.7513798 | N28: =N27 -> 2.5837933 | O28: =O27 -> 0 | P28: =-(N28+M28-J28) -> -16.925074 | Q28: =K28 -> 0 | R28: =(N28+M28-J28) -> 16.925074 | S28: =-K28 -> 0
B29: Assumed Average Wage (USD) | C29: =C28/1.9615 -> 16760.642 | D29: Average exchange rate 2015
B30: Wage share of value added % | C30: 0.4 | D30: Assumed | F30: 19 | H30: =H28 -> 6.5899007 | J30: =J28 -> -6.5899007 | K30: =K28 -> 0 | M30: =M28 -> 7.7513798 | N30: =N28 -> 2.5837933 | O30: =O28 -> 0 | P30: =-(N30+M30-J30) -> -16.925074 | Q30: =K30 -> 0 | R30: =(N30+M30-J30) -> 16.925074 | S30: =-K30 -> 0
B31: Tariff (USD/kWh) | C31: 0.07 | D31: Res4Med | F31: 20 | H31: =H30 -> 6.5899007 | J31: =J30 -> -6.5899007 | K31: =K30 -> 0 | M31: =M30 -> 7.7513798 | N31: =N30 -> 2.5837933 | O31: =O30 -> 0 | P31: =-(N31+M31-J31) -> -16.925074 | Q31: =K31 -> 0 | R31: =(N31+M31-J31) -> 16.925074 | S31: =-K31 -> 0
C32: 1 | D32: PJ
C33: 277777 | D33: MWh | G33: ='Leontief Inverse'!W39 -> 1.6071591 | H33: ='Leontief Inverse'!U39 -> 1.517092 | I33: ='Leontief Inverse'!V39 -> 1.5230427 | J33: =I33 -> 1.5230427 | K33: =J33 -> 1.5230427 | L33: ='Leontief Inverse'!AD39 -> 1.486012 | M33: ='Leontief Inverse'!AD39 -> 1.486012 | N33: ='Leontief Inverse'!V39 -> 1.5230427 | O33: =N33 -> 1.5230427 | P33: ='IO Table 2015 OECD'!B103 -> 1.524173 | Q33: =P33 -> 1.524173 | R33: ='Leontief Inverse'!V39 -> 1.5230427 | S33: =R33 -> 1.5230427
F34: =SUM(G35:S55) -> 128.91044 | G34: In Construction | H34: In Maintenence | I34: Out Equity Payment | J34: Out O&M Payment | K34: Out Fuel Payment | L34: Out Debt Payment | M34: In Debt Repayment | N34: In Equity Repayment | O34: In Domestic Fuel Sales | P34: Out Elec Bills | Q34: Out Elec Bills (fuel component) | R34: In Tariff Revenue | S34: In Tariff Revenue (fuel component)
F35: 0 | G35: =G$33*G9 -> 23.410419 | H35: =H$33*H9 -> 9.9974855 | I35: =I$33*I9 -> -55.462876 | J35: =J$33*J9 -> -10.0367 | K35: =K$33*K9 -> 0 | L35: =L$33*L9 -> -162.34312 | M35: =M$33*M9 -> 11.518643 | N35: =N$33*N9 -> 3.9352274 | ... S35: =S$33*S9 -> 0
F36: 1 | G36: =G$33*G10 -> 0 | H36: =H$33*H10 -> 9.9974855 | I36: =I$33*I10 -> 0 | J36: =J$33*J10 -> -10.0367 | K36: =K$33*K10 -> 0 | L36: =L$33*L10 -> 0 | M36: =M$33*M10 -> 11.518643 | N36: =N$33*N10 -> 3.9352274 | ... S36: =S$33*S10 -> 0
B37: net Job/PJ/Yr | C37: =F58/20 -> 153.82518 | F37: 2 | G37: =G$33*G11 -> 0 | H37: =H$33*H11 -> 9.9974855 | I37: =I$33*I11 -> 0 | J37: =J$33*J11 -> -10.0367 | K37: =K$33*K11 -> 0 | L37: =L$33*L11 -> 0 | M37: =M$33*M11 -> 11.518643 | N37: =N$33*N11 -> 3.9352274 | ... S37: =S$33*S11 -> 0
B38: Job losses | C38: =SUM(I59:I79,J59:J79,K59:K79,L59:L79)/20 -> -511.40843 | F38: 3 | G38: =G$33*G12 -> 0 | H38: =H$33*H12 -> 9.9974855 | I38: =I$33*I12 -> 0 | J38: =J$33*J12 -> -10.0367 | K38: =K$33*K12 -> 0 | L38: =L$33*L12 -> 0 | M38: =M$33*M12 -> 11.518643 | N38: =N$33*N12 -> 3.9352274 | ... S38: =S$33*S12 -> 0
B39: Job gains | C39: =SUM(G59:H79,M59:O79)/20 -> 665.71302 | F39: 4 | G39: =G$33*G13 -> 0 | H39: =H$33*H13 -> 9.9974855 | I39: =I$33*I13 -> 0 | J39: =J$33*J13 -> -10.0367 | K39: =K$33*K13 -> 0 | L39: =L$33*L13 -> 0 | M39: =M$33*M13 -> 11.518643 | N39: =N$33*N13 -> 3.9352274 | ... S39: =S$33*S13 -> 0
F40: 5 | G40: =G$33*G14 -> 0 | H40: =H$33*H14 -> 9.9974855 | I40: =I$33*I14 -> 0 | J40: =J$33*J14 -> -10.0367 | K40: =K$33*K14 -> 0 | L40: =L$33*L14 -> 0 | M40: =M$33*M14 -> 11.518643 | N40: =N$33*N14 -> 3.9352274 | ... S40: =S$33*S14 -> 0
F41: 6 | G41: =G$33*G15 -> 0 | H41: =H$33*H15 -> 9.9974855 | I41: =I$33*I15 -> 0 | J41: =J$33*J15 -> -10.0367 | K41: =K$33*K15 -> 0 | L41: =L$33*L15 -> 0 | M41: =M$33*M15 -> 11.518643 | N41: =N$33*N15 -> 3.9352274 | ... S41: =S$33*S15 -> 0
F42: 7 | G42: =G$33*G17 -> 0 | H42: =H$33*H17 -> 9.9974855 | I42: =I$33*I17 -> 0 | J42: =J$33*J17 -> -10.0367 | K42: =K$33*K17 -> 0 | L42: =L$33*L17 -> 0 | M42: =M$33*M17 -> 11.518643 | N42: =N$33*N17 -> 3.9352274 | ... S42: =S$33*S17 -> 0
F43: 8 | G43: =G$33*G18 -> 0 | H43: =H$33*H18 -> 9.9974855 | I43: =I$33*I18 -> 0 | J43: =J$33*J18 -> -10.0367 | K43: =K$33*K18 -> 0 | L43: =L$33*L18 -> 0 | M43: =M$33*M18 -> 11.518643 | N43: =N$33*N18 -> 3.9352274 | ... S43: =S$33*S18 -> 0
F44: 9 | G44: =G$33*G19 -> 0 | H44: =H$33*H19 -> 9.9974855 | I44: =I$33*I19 -> 0 | J44: =J$33*J19 -> -10.0367 | K44: =K$33*K19 -> 0 | L44: =L$33*L19 -> 0 | M44: =M$33*M19 -> 11.518643 | N44: =N$33*N19 -> 3.9352274 | ... S44: =S$33*S19 -> 0
F45: 10 | G45: =G$33*G20 -> 0 | H45: =H$33*H20 -> 9.9974855 | I45: =I$33*I20 -> 0 | J45: =J$33*J20 -> -10.0367 | K45: =K$33*K20 -> 0 | L45: =L$33*L20 -> 0 | M45: =M$33*M20 -> 11.518643 | N45: =N$33*N20 -> 3.9352274 | ... S45: =S$33*S20 -> 0
F46: 11 | G46: =G$33*G21 -> 0 | H46: =H$33*H21 -> 9.9974855 | I46: =I$33*I21 -> 0 | J46: =J$33*J21 -> -10.0367 | K46: =K$33*K21 -> 0 | L46: =L$33*L21 -> 0 | M46: =M$33*M21 -> 11.518643 | N46: =N$33*N21 -> 3.9352274 | ... S46: =S$33*S21 -> 0
F47: 12 | G47: =G$33*G22 -> 0 | H47: =H$33*H22 -> 9.9974855 | I47: =I$33*I22 -> 0 | J47: =J$33*J22 -> -10.0367 | K47: =K$33*K22 -> 0 | L47: =L$33*L22 -> 0 | M47: =M$33*M22 -> 11.518643 | N47: =N$33*N22 -> 3.9352274 | ... S47: =S$33*S22 -> 0
F48: 13 | G48: =G$33*G23 -> 0 | H48: =H$33*H23 -> 9.9974855 | I48: =I$33*I23 -> 0 | J48: =J$33*J23 -> -10.0367 | K48: =K$33*K23 -> 0 | L48: =L$33*L23 -> 0 | M48: =M$33*M23 -> 11.518643 | N48: =N$33*N23 -> 3.9352274 | ... S48: =S$33*S23 -> 0
F49: 14 | G49: =G$33*G24 -> 0 | H49: =H$33*H24 -> 9.9974855 | I49: =I$33*I24 -> 0 | J49: =J$33*J24 -> -10.0367 | K49: =K$33*K24 -> 0 | L49: =L$33*L24 -> 0 | M49: =M$33*M24 -> 11.518643 | N49: =N$33*N24 -> 3.9352274 | ... S49: =S$33*S24 -> 0
F50: 15 | G50: =G$33*G25 -> 0 | H50: =H$33*H25 -> 9.9974855 | I50: =I$33*I25 -> 0 | J50: =J$33*J25 -> -10.0367 | K50: =K$33*K25 -> 0 | L50: =L$33*L25 -> 0 | M50: =M$33*M25 -> 11.518643 | N50: =N$33*N25 -> 3.9352274 | ... S50: =S$33*S25 -> 0
F51: 16 | G51: =G$33*G26 -> 0 | H51: =H$33*H26 -> 9.9974855 | I51: =I$33*I26 -> 0 | J51: =J$33*J26 -> -10.0367 | K51: =K$33*K26 -> 0 | L51: =L$33*L26 -> 0 | M51: =M$33*M26 -> 11.518643 | N51: =N$33*N26 -> 3.9352274 | ... S51: =S$33*S26 -> 0
F52: 17 | G52: =G$33*G27 -> 0 | H52: =H$33*H27 -> 9.9974855 | I52: =I$33*I27 -> 0 | J52: =J$33*J27 -> -10.0367 | K52: =K$33*K27 -> 0 | L52: =L$33*L27 -> 0 | M52: =M$33*M27 -> 11.518643 | N52: =N$33*N27 -> 3.9352274 | ... S52: =S$33*S27 -> 0
F53: 18 | G53: =G$33*G28 -> 0 | H53: =H$33*H28 -> 9.9974855 | I53: =I$33*I28 -> 0 | J53: =J$33*J28 -> -10.0367 | K53: =K$33*K28 -> 0 | L53: =L$33*L28 -> 0 | M53: =M$33*M28 -> 11.518643 | N53: =N$33*N28 -> 3.9352274 | ... S53: =S$33*S28 -> 0
F54: 19 | G54: =G$33*G30 -> 0 | H54: =H$33*H30 -> 9.9974855 | I54: =I$33*I30 -> 0 | J54: =J$33*J30 -> -10.0367 | K54: =K$33*K30 -> 0 | L54: =L$33*L30 -> 0 | M54: =M$33*M30 -> 11.518643 | N54: =N$33*N30 -> 3.9352274 | ... S54: =S$33*S30 -> 0
F55: 20 | G55: =G$33*G31 -> 0 | H55: =H$33*H31 -> 9.9974855 | I55: =I$33*I31 -> 0 | J55: =J$33*J31 -> -10.0367 | K55: =K$33*K31 -> 0 | L55: =L$33*L31 -> 0 | M55: =M$33*M31 -> 11.518643 | N55: =N$33*N31 -> 3.9352274 | ... S55: =S$33*S31 -> 0
G57: =$C30*1000*1000/$C29 -> 23.865434 | H57: =$C30*1000*1000/$C29 -> 23.865434 | I57: =$C30*1000*1000/$C29 -> 23.865434 | J57: =$C30*1000*1000/$C29 -> 23.865434 | K57: =$C30*1000*1000/$C29 -> 23.865434 | L57: =$C30*1000*1000/$C29 -> 23.865434 | M57: =$C30*1000*1000/$C29 -> 23.865434 | N57: =$C30*1000*1000/$C29 -> 23.865434 | ... S57: =$C30*1000*1000/$C29 -> 23.865434
F58: =SUM(G59:S79) -> 3076.5037 | G58: In Construction | H58: In Maintenence | I58: Out Equity Payment | J58: Out O&M Payment | K58: Out Fuel Payment | L58: Out Debt Payment | M58: In Debt Repayment | N58: In Equity Repayment | O58: In Domestic Fuel Sales | P58: Out Elec Bills | Q58: Out Elec Bills (fuel component) | R58: In Tariff Revenue | S58: In Tariff Revenue (fuel component)
F59: 0 | G59: =G35*G$57 -> 558.6998 | H59: =H35*H$57 -> 238.59433 | I59: =I35*I$57 -> -1323.6456 | J59: =J35*J$57 -> -239.5302 | K59: =K35*K$57 -> 0 | L59: =L35*L$57 -> -3874.3889 | M59: =M35*M$57 -> 274.89741 | N59: =N35*N$57 -> 93.915908 | ... S59: =S35*S$57 -> 0
F60: 1 | G60: =G36*G$57 -> 0 | H60: =H36*H$57 -> 238.59433 | I60: =I36*I$57 -> 0 | J60: =J36*J$57 -> -239.5302 | K60: =K36*K$57 -> 0 | L60: =L36*L$57 -> 0 | M60: =M36*M$57 -> 274.89741 | N60: =N36*N$57 -> 93.915908 | ... S60: =S36*S$57 -> 0
F61: 2 | G61: =G37*G$57 -> 0 | H61: =H37*H$57 -> 238.59433 | I61: =I37*I$57 -> 0 | J61: =J37*J$57 -> -239.5302 | K61: =K37*K$57 -> 0 | L61: =L37*L$57 -> 0 | M61: =M37*M$57 -> 274.89741 | N61: =N37*N$57 -> 93.915908 | ... S61: =S37*S$57 -> 0
F62: 3 | G62: =G38*G$57 -> 0 | H62: =H38*H$57 -> 238.59433 | I62: =I38*I$57 -> 0 | J62: =J38*J$57 -> -239.5302 | K62: =K38*K$57 -> 0 | L62: =L38*L$57 -> 0 | M62: =M38*M$57 -> 274.89741 | N62: =N38*N$57 -> 93.915908 | ... S62: =S38*S$57 -> 0
F63: 4 | G63: =G39*G$57 -> 0 | H63: =H39*H$57 -> 238.59433 | I63: =I39*I$57 -> 0 | J63: =J39*J$57 -> -239.5302 | K63: =K39*K$57 -> 0 | L63: =L39*L$57 -> 0 | M63: =M39*M$57 -> 274.89741 | N63: =N39*N$57 -> 93.915908 | ... S63: =S39*S$57 -> 0
F64: 5 | G64: =G40*G$57 -> 0 | H64: =H40*H$57 -> 238.59433 | I64: =I40*I$57 -> 0 | J64: =J40*J$57 -> -239.5302 | K64: =K40*K$57 -> 0 | L64: =L40*L$57 -> 0 | M64: =M40*M$57 -> 274.89741 | N64: =N40*N$57 -> 93.915908 | ... S64: =S40*S$57 -> 0
F65: 6 | G65: =G41*G$57 -> 0 | H65: =H41*H$57 -> 238.59433 | I65: =I41*I$57 -> 0 | J65: =J41*J$57 -> -239.5302 | K65: =K41*K$57 -> 0 | L65: =L41*L$57 -> 0 | M65: =M41*M$57 -> 274.89741 | N65: =N41*N$57 -> 93.915908 | ... S65: =S41*S$57 -> 0
F66: 7 | G66: =G42*G$57 -> 0 | H66: =H42*H$57 -> 238.59433 | I66: =I42*I$57 -> 0 | J66: =J42*J$57 -> -239.5302 | K66: =K42*K$57 -> 0 | L66: =L42*L$57 -> 0 | M66: =M42*M$57 -> 274.89741 | N66: =N42*N$57 -> 93.915908 | ... S66: =S42*S$57 -> 0
F67: 8 | G67: =G43*G$57 -> 0 | H67: =H43*H$57 -> 238.59433 | I67: =I43*I$57 -> 0 | J67: =J43*J$57 -> -239.5302 | K67: =K43*K$57 -> 0 | L67: =L43*L$57 -> 0 | M67: =M43*M$57 -> 274.89741 | N67: =N43*N$57 -> 93.915908 | ... S67: =S43*S$57 -> 0
F68: 9 | G68: =G44*G$57 -> 0 | H68: =H44*H$57 -> 238.59433 | I68: =I44*I$57 -> 0 | J68: =J44*J$57 -> -239.5302 | K68: =K44*K$57 -> 0 | L68: =L44*L$57 -> 0 | M68: =M44*M$57 -> 274.89741 | N68: =N44*N$57 -> 93.915908 | ... S68: =S44*S$57 -> 0
F69: 10 | G69: =G45*G$57 -> 0 | H69: =H45*H$57 -> 238.59433 | I69: =I45*I$57 -> 0 | J69: =J45*J$57 -> -239.5302 | K69: =K45*K$57 -> 0 | L69: =L45*L$57 -> 0 | M69: =M45*M$57 -> 274.89741 | N69: =N45*N$57 -> 93.915908 | ... S69: =S45*S$57 -> 0
F70: 11 | G70: =G46*G$57 -> 0 | H70: =H46*H$57 -> 238.59433 | I70: =I46*I$57 -> 0 | J70: =J46*J$57 -> -239.5302 | K70: =K46*K$57 -> 0 | L70: =L46*L$57 -> 0 | M70: =M46*M$57 -> 274.89741 | N70: =N46*N$57 -> 93.915908 | ... S70: =S46*S$57 -> 0
... F79: 20 | G79: =G55*G$57 -> 0 | H79: =H55*H$57 -> 238.59433 | I79: =I55*I$57 -> 0 | J79: =J55*J$57 -> -239.5302 | K79: =K55*K$57 -> 0 | L79: =L55*L$57 -> 0 | M79: =M55*M$57 -> 274.89741 | N79: =N55*N$57 -> 93.915908 | ... S79: =S55*S$57 -> 0

Sheet Gas CCGT
G1: Construction | H1: Maintenence | I1: Elect. (Constr) | J1: Elect.(O&M) | K1: Elec.(Fuel pay) | L1: Fin.(Constr) | M1: Finance | N1: Elec.(Repymnt) | O1: Gas.(Fuel buy) | P1: Electricity Bills a | Q1: Electricity Bills b | R1: Tariff Revenue a | S1: Tariff Revenue b
B2: Generic Power Plant Intervention | D2: Source | G2: GW* | I2: % Equity* | K2: 1/Efficiency* | L2: GW* | M2: GW* | N2: GW* | O2: 1/Efficiency* | P2: -Equity repayment | Q2: -Fuel payment | R2: -Equity repayment | S2: -Fuel payment
B3: Fuel Purchases and imports | G3: CapCost* | H3: O&M Cost | I3: GW* | J3: O&M Cost | K3: Fuel Price | L3: CapCost* | M3: CapCost* | N3: CapCost* | O3: Fuel Price* | P3: -Debt repayment | R3: -Debt repayment
B4: PJ Elc out (PJ) | C4: 1 | G4: LocalContent | I4: CapCost | L4: % Borrowed | M4: % Borrowed* | N4: % Equity* | O4: (1-%Import) | P4: -O&M costs | R4: -O&M costs
B5: Efficiency % | C5: 0.54 | D5: Tunisian utility | M5: PaymentFactorF | N5: PaymentFactorE
B6: Fuel price (MUSD/PJ) | C6: 6.98 | D6: Tunisian utility
B7: % import | C7: 0.6 | D7: Assumed | G7: pp | H7: pp | I7: pp | J7: pp | K7: pp | L7: pp | M7: pp | N7: pp | O7: Gas production | P7: pp | Q7: pp | R7: pp | S7: pp
B8: Capital Cost | G8: In Construction | H8: In Maintenence | I8: Out Equity Payment | J8: Out O&M Payment | K8: Out Fuel Payment | L8: Out Debt Payment | M8: In Debt Repayment | N8: In Equity Repayment | O8: In Domestic Fuel Sales | P8: Out Elec Bills | Q8: Out Elec Bills (fuel component) | R8: In Tariff Revenue | S8: In Tariff Revenue (fuel component)
B9: Cap:Act unit | C9: 31.536 | D9: Calculated | F9: 0 | G9: =C11*C12*C13 -> 3.4906492 | H9: =C17 -> 0.70305612 | I9: =-C24*C11*C12 -> -8.7266229 | J9: =-H9 -> -0.70305612 | K9: =-1/C5*C6 -> -12.925926 | L9: =-C11*C12*C20 -> -26.179869 | M9: =C11*C12*C20*C22 -> 1.703038 | N9: =C24*C11*C12*C26 -> 0.56767935 | O9: =1/C5*C6*(1-C7) -> 5.1703704 | P9: =-(N9+M9-J9) -> -2.9737735 | Q9: =K9 -> -12.925926 | R9: =(N9+M9-J9) -> 2.9737735 | S9: =-K9 -> 12.925926
B10: Load factor % | C10: 0.863 | D10: Tunisian utility | F10: 1 | H10: =H9 -> 0.70305612 | J10: =J9 -> -0.70305612 | K10: =K9 -> -12.925926 | M10: =M9 -> 1.703038 | N10: =N9 -> 0.56767935 | O10: =O9 -> 5.1703704 | P10: =-(N10+M10-J10) -> -2.9737735 | Q10: =K10 -> -12.925926 | R10: =(N10+M10-J10) -> 2.9737735 | S10: =-K10 -> 12.925926
B11: Capacity (GW) | C11: =C4/C10/C9 -> 0.036743676 | D11: Calculated | F11: 2 | H11: =H10 -> 0.70305612 | J11: =J10 -> -0.70305612 | K11: =K10 -> -12.925926 | M11: =M10 -> 1.703038 | N11: =N10 -> 0.56767935 | O11: =O10 -> 5.1703704 | P11: =-(N11+M11-J11) -> -2.9737735 | Q11: =K11 -> -12.925926 | R11: =(N11+M11-J11) -> 2.9737735 | S11: =-K11 -> 12.925926
B12: CapCost (MUSD/GW) | C12: 950 | D12: Tunisian utility | F12: 3 | H12: =H11 -> 0.70305612 | J12: =J11 -> -0.70305612 | K12: =K11 -> -12.925926 | M12: =M11 -> 1.703038 | N12: =N11 -> 0.56767935 | O12: =O11 -> 5.1703704 | P12: =-(N12+M12-J12) -> -2.9737735 | Q12: =K12 -> -12.925926 | R12: =(N12+M12-J12) -> 2.9737735 | S12: =-K12 -> 12.925926
B13: Local content % | C13: 0.1 | D13: Assumed | F13: 4 | H13: =H12 -> 0.70305612 | J13: =J12 -> -0.70305612 | K13: =K12 -> -12.925926 | M13: =M12 -> 1.703038 | N13: =N12 -> 0.56767935 | O13: =O12 -> 5.1703704 | P13: =-(N13+M13-J13) -> -2.9737735 | Q13: =K13 -> -12.925926 | R13: =(N13+M13-J13) -> 2.9737735 | S13: =-K13 -> 12.925926
B14: O&M Costs | F14: 5 | H14: =H13 -> 0.70305612 | J14: =J13 -> -0.70305612 | K14: =K13 -> -12.925926 | M14: =M13 -> 1.703038 | N14: =N13 -> 0.56767935 | O14: =O13 -> 5.1703704 | P14: =-(N14+M14-J14) -> -2.9737735 | Q14: =K14 -> -12.925926 | R14: =(N14+M14-J14) -> 2.9737735 | S14: =-K14 -> 12.925926
B15: Fixed O&M costs (MUSD/GW) | C15: 8.52 | D15: Tunisian utility | F15: 6 | H15: =H14 -> 0.70305612 | J15: =J14 -> -0.70305612 | K15: =K14 -> -12.925926 | M15: =M14 -> 1.703038 | N15: =N14 -> 0.56767935 | O15: =O14 -> 5.1703704 | P15: =-(N15+M15-J15) -> -2.9737735 | Q15: =K15 -> -12.925926 | R15: =(N15+M15-J15) -> 2.9737735 | S15: =-K15 -> 12.925926
B16: Variable O&M costs (MUSD/PJ) | C16: 0.39 | D16: Tunisian utility | F16: 7 | H16: =H15 -> 0.70305612 | J16: =J15 -> -0.70305612 | K16: =K15 -> -12.925926 | M16: =M15 -> 1.703038 | N16: =N15 -> 0.56767935 | O16: =O15 -> 5.1703704 | P16: =-(N16+M16-J16) -> -2.9737735 | Q16: =K16 -> -12.925926 | R16: =(N16+M16-J16) -> 2.9737735 | S16: =-K16 -> 12.925926
B17: Total O&M Costs (MUSD/PJ) | C17: =C16+C15*C11 -> 0.70305612 | D17: Calculated | F17: 8 | H17: =H16 -> 0.70305612 | J17: =J16 -> -0.70305612 | K17: =K16 -> -12.925926 | M17: =M16 -> 1.703038 | N17: =N16 -> 0.56767935 | O17: =O16 -> 5.1703704 | P17: =-(N17+M17-J17) -> -2.9737735 | Q17: =K17 -> -12.925926 | R17: =(N17+M17-J17) -> 2.9737735 | S17: =-K17 -> 12.925926
B18: Repayment - Finance | F18: 9 | H18: =H17 -> 0.70305612 | J18: =J17 -> -0.70305612 | K18: =K17 -> -12.925926 | M18: =M17 -> 1.703038 | N18: =N17 -> 0.56767935 | O18: =O17 -> 5.1703704 | P18: =-(N18+M18-J18) -> -2.9737735 | Q18: =K18 -> -12.925926 | R18: =(N18+M18-J18) -> 2.9737735 | S18: =-K18 -> 12.925926
B19: Econ life (Years) | C19: 30 | D19: Tunisian utility | F19: 10 | H19: =H18 -> 0.70305612 | J19: =J18 -> -0.70305612 | K19: =K18 -> -12.925926 | M19: =M18 -> 1.703038 | N19: =N18 -> 0.56767935 | O19: =O18 -> 5.1703704 | P19: =-(N19+M19-J19) -> -2.9737735 | Q19: =K19 -> -12.925926 | R19: =(N19+M19-J19) -> 2.9737735 | S19: =-K19 -> 12.925926
B20: % borrowed | C20: 0.75 | D20: Assumed | F20: 11 | H20: =H19 -> 0.70305612 | J20: =J19 -> -0.70305612 | K20: =K19 -> -12.925926 | M20: =M19 -> 1.703038 | N20: =N19 -> 0.56767935 | O20: =O19 -> 5.1703704 | P20: =-(N20+M20-J20) -> -2.9737735 | Q20: =K20 -> -12.925926 | R20: =(N20+M20-J20) -> 2.9737735 | S20: =-K20 -> 12.925926
B21: Intereste rate | C21: 0.05 | D21: Assumed | F21: 12 | H21: =H20 -> 0.70305612 | J21: =J20 -> -0.70305612 | K21: =K20 -> -12.925926 | M21: =M20 -> 1.703038 | N21: =N20 -> 0.56767935 | O21: =O20 -> 5.1703704 | P21: =-(N21+M21-J21) -> -2.9737735 | Q21: =K21 -> -12.925926 | R21: =(N21+M21-J21) -> 2.9737735 | S21: =-K21 -> 12.925926
B22: Payment factor F | C22: =-PMT(C21,C$19,1) -> 0.065051435 | D22: Calculated | F22: 13 | H22: =H21 -> 0.70305612 | J22: =J21 -> -0.70305612 | K22: =K21 -> -12.925926 | M22: =M21 -> 1.703038 | N22: =N21 -> 0.56767935 | O22: =O21 -> 5.1703704 | P22: =-(N22+M22-J22) -> -2.9737735 | Q22: =K22 -> -12.925926 | R22: =(N22+M22-J22) -> 2.9737735 | S22: =-K22 -> 12.925926
B23: Repayment - Electricity company | F23: 14 | H23: =H22 -> 0.70305612 | J23: =J22 -> -0.70305612 | K23: =K22 -> -12.925926 | M23: =M22 -> 1.703038 | N23: =N22 -> 0.56767935 | O23: =O22 -> 5.1703704 | P23: =-(N23+M23-J23) -> -2.9737735 | Q23: =K23 -> -12.925926 | R23: =(N23+M23-J23) -> 2.9737735 | S23: =-K23 -> 12.925926
B24: % equity | C24: 0.25 | D24: Assumed | F24: 15 | H24: =H23 -> 0.70305612 | J24: =J23 -> -0.70305612 | K24: =K23 -> -12.925926 | M24: =M23 -> 1.703038 | N24: =N23 -> 0.56767935 | O24: =O23 -> 5.1703704 | P24: =-(N24+M24-J24) -> -2.9737735 | Q24: =K24 -> -12.925926 | R24: =(N24+M24-J24) -> 2.9737735 | S24: =-K24 -> 12.925926
B25: Interest rate | C25: 0.05 | D25: Assumed | F25: 16 | H25: =H24 -> 0.70305612 | J25: =J24 -> -0.70305612 | K25: =K24 -> -12.925926 | M25: =M24 -> 1.703038 | N25: =N24 -> 0.56767935 | O25: =O24 -> 5.1703704 | P25: =-(N25+M25-J25) -> -2.9737735 | Q25: =K25 -> -12.925926 | R25: =(N25+M25-J25) -> 2.9737735 | S25: =-K25 -> 12.925926
B26: Payment factor E | C26: =-PMT(C25,C$19,1) -> 0.065051435 | D26: Assumed | F26: 17 | H26: =H25 -> 0.70305612 | J26: =J25 -> -0.70305612 | K26: =K25 -> -12.925926 | M26: =M25 -> 1.703038 | N26: =N25 -> 0.56767935 | O26: =O25 -> 5.1703704 | P26: =-(N26+M26-J26) -> -2.9737735 | Q26: =K26 -> -12.925926 | R26: =(N26+M26-J26) -> 2.9737735 | S26: =-K26 -> 12.925926
B27: Global Assumptions | F27: 18 | H27: =H26 -> 0.70305612 | J27: =J26 -> -0.70305612 | K27: =K26 -> -12.925926 | M27: =M26 -> 1.703038 | N27: =N26 -> 0.56767935 | O27: =O26 -> 5.1703704 | P27: =-(N27+M27-J27) -> -2.9737735 | Q27: =K27 -> -12.925926 | R27: =(N27+M27-J27) -> 2.9737735 | S27: =-K27 -> 12.925926
